Workbook

Sheet Capa
C1: Ministério da Integração e do Desenvolvimento Regional
C2: Companhia de Desenvolvimento dos Vales do São Francisco e do Parnaíba
A5: FORMULÁRIO PARA MAPEAMENTO/GERENCIAMENTO DOS RISCOS DA CONTRATAÇÃO
A6: Documento desenvolvido com base na Metodologia de Gerenciamento de Riscos e Controles da Codevasf, aprovada por meio da Resolução nº 192, de 7 de fevereiro de 2024 e Deliberação nº 09, de 26 de fevereiro de 2024.
A8: 1. DADOS GERAIS DO OBJETO DA CONTRATAÇÃO
A10: 1.1. IDENTIFICAÇÃO DO OBJETO DA CONTRATAÇÃO
A11: PROCESSO: | C11: 59550.000508/2024-18
A12: OBJETO DA CONTRATAÇÃO: | C12: EXECUÇÃO DAS OBRAS DE PAVIMENTAÇÃO E DRENAGEM, DA RODOVIA DA AL- 485, QUE LIGA O MUNICÍPIO DE SÃO SEBASTIÃO/AL AO DE FEIRA GRANDE/AL.
A13: OBJETIVO DA CONTRATAÇÃO: | C13: A via, que atualmente é caracterizada como estrada vicinal, possui 14 quilômetros de extensão, e quando pavimentada trará inúmeros benefícios, entre eles o fato de encurtar a distância entre as duas cidades. Atualmente, para se deslocar de Feira Grande até São Sebastião por meio de rodovias asfaltadas é necessário trafegar por três rodovias: AL 485 até Arapiraca; a AL 115 dentro de Arapiraca e, por último, a rodovia AL 110 até a entrada de São Sebastião, totalizando 40 quilômetros de distância. Com a pavimentação da estrada vicinal de apenas 14km de extensão, haverá melhoria no escoamento da produção das duas cidades, como também o fortalecimento do livre comércio entre ambas. Além disso, haverá benefício na cidadania da população, uma vez que atualmente o Cartório Eleitoral que atende Feira Grande fica é localizado na cidade vizinha, São Sebastião.
A14: LOCAL DE EXECUÇÃO: | C14: Município de Feira Grande a São Sebastião, no estado de Alagoas.
A15: ÁREA/UNIDADE SUPRIDORA: | C15: Área de Desenvolvimento e Infraestrutura (AD)
A16: ÁREA/UNIDADE DEMANDANTE: | C16: Gerência de Qualificação Viária (AD/GQV)
A17: LOCAL/DATA: | C17: 45433
A19: 1.2. IDENTIFICAÇÃO DOS RESPONSÁVEIS
A20: COORDENADOR DO PROJETO OBJETO DA CONTRATAÇÃO - DEMANDANTE
A21: Nome: | B21: Roberto Hiroshi Barros Kubo | F21: Lotação: | G21: AD/GQV
A22: ANALISTAS RESPONSÁVEIS PELO MAPEAMENTO DOS RISCOS DA CONTRATAÇÃO - DEMANDANTE
A23: Nome: | B23: Ramon Gonçalves de Lima | F23: Lotação: | G23: AD/GQV/UGV
A24: Nome: | B24: Thiago Freitas De Porfírio Sousa | F24: Lotação: | G24: AD/GQV/UIO
A25: Nome: | F25: Lotação:
A26: Nome: | F26: Lotação:
A27: Nome: | F27: Lotação:
A59: LEI 14.133/21 - XXVII - matriz de riscos: cláusula contratual definidora de riscos e de responsabilidades entre as partes e caracterizadora do equilíbrio econômico-financeiro inicial do contrato, em termos de ônus financeiro decorrente de eventos supervenientes à contratação, contendo, no mínimo, as seguintes informações:
A62: chrome-extension://efaidnbmnnnibpcajpcglclefindmkaj/https://www.cge.ms.gov.br/wp-content/uploads/2024/04/CGE-MS_Guia-de-Gestao-de-Riscos-nas-Contratacoes.pdf
A63: https://www.conjur.com.br/2023-mar-31/caio-albuquerque-problemas-matriz-alocacao-riscos-mal-formulada/#:~:text=A%20matriz%20de%20riscos%20%C3%A9,para%20prever%20medidas%20de%20mitiga%C3%A7%C3%A3o.
A64: https://www.jusbrasil.com.br/doutrina/secao/artigo-6-incisos-xxvii-a-xxxviii-capitulo-iii-das-definicoes-lei-de-licitacoes-e-contratos-administrativos-comentada-lei-14133-21/1440739664#:~:text=A%20Lei%20n%C2%BA%2014.133%2F2021,contratante%20e%20contratado%20ou%20compartilhados.

Sheet Dicionário
A1: FORMULÁRIO PARA MAPEAMENTO/GERENCIAMENTO DOS RISCOS DA CONTRATAÇÃO
A2: Planilha Documentadora de Riscos de Contratação Dicionário das Informações
A7: Código Geral
A8: Definição | B8: Código geral de identificação do risco da unidade
A9: Tipo | B9: Critérios/Definições
A11: Sequência numérica | B11: Campo de Fórmula (não editável)
A14: Etapa da Contratação
A15: Definição | B15: Etapas da Contratação para Mapeamento dos Riscos de Contratação
A16: Tipo | B16: Critérios/Definições
A17: Diagnóstico e Formalização da demanda - Planejamento
A18: Fase Preliminar da Contratação - Planejamento | B18: Campo selecionável mas não editável
A19: Seleção de Fornecedor e Contratação
A20: Gestão e Fiscalização do Contrato
A22: Tipo de Risco
A23: Definição | B23: Níveis de risco que influenciam diretamente o resultado do contrato ou o risco que ele está sujeito
A24: Tipo | B24: Critérios/Definições
A25: Risco Institucional | B25: São os riscos inerentes à própria contratação pela Codevasf ou seja, independem do tipo de contrato, porém afetam todos os contratos e podem atingir a Codevasf, caso o risco se materialize.
A26: Risco do Contrato | B26: São riscos relacionados ao tipo de contrato a ser executado e podem afetar à qualquer contrato daquele mesmo tipo. (aquisição de bens, obras ou serviços).
A27: Risco Específico | B27: São os riscos referentes àquele contrato específico que está sendo trabalhado, visto que cada contrato tem a sua especificidade.
A29: Macrofatores de risco
A30: Definição | B30: Origem/fonte que precede uma causa ou fator de risco e gera possível incerteza, podendo ser pessoas, processos, infraestrutura, tecnologia e sistemas e fatores externos.
A31: Tipo | B31: Critérios/Definições
A32: Externos | B32: Eventos ambientais, climáticos, econômicos, políticos, sazonais, sociais.
A33: Infraestrutura | B33: Inadequada, inacessível, ineficiente, precária, insuficiente
A34: Pessoas | B34: Baixa capacitação e motivação ao trabalho; perfil negligente; desvios de conduta e equipes mal dimensionadas.
A35: Processos | B35: Ineficiente, mal estruturado, redundante, imaturo, sem métricas, desalinhado de propósitos.
A36: Tecnologia/Sistemas | B36: Obsoleto, incompatível, não documentado, sem segurança, de alto custo, desalinhado dos requisitos do negócio.
A38: Fator de Risco/Causa (Devido a)
A39: Definição | B39: Fatores internos ou externos que podem originar os eventos de risco na forma de uma vulnerabilidade ou ameaça.
A40: Tipo | B40: Critérios/Definições
A41: Campos livre para edição de texto | B41: Texto livre
A43: Risco/Incerteza (Poderá ocorrer)
A44: Definição | B44: Possibilidade de ocorrer um evento que venha a ter impacto no cumprimento dos objetivos, sendo medido em termos de impacto e de probabilidade / Incapacidade de saber com antecedência a real probabilidade ou impacto de eventos futuros.
A46: Categoria do Risco
A47: Definição | B47: Classificação dos tipos de riscos definidos pela Codevasf que podem afetar o alcance de seus objetivos estratégicos, observadas as características de sua área de atuação e as particularidades do setor público.
A48: Tipo | B48: Critérios/Definições
A49: Estratégico | B49: Eventos que afetam de forma direta o cumprimento de metas estabelecidas para as iniciativas desdobradas dos objetivos estratégicos planejados.
A50: Imagem | B50: Eventos que possam comprometer a imagem institucional da Empresa junto a partes interessadas e a sociedade como um todo, repercutindo na mídia televisada, falada e escrita segundo diferentes graus.
A51: Integridade | B51: Eventos vinculados ao tema da Integridade e seus desdobramentos.
A52: Legal | B52: Eventos associados à conformidade em cumprir normas aplicáveis ao arcabouço legal e regulatório aplicável.
A53: Operacional | B53: Eventos de origem processual na execução de operações.
A54: Orçamentário/Financeiro | B54: Eventos que envolvam riscos de cunho orçamentário e/ou financeiro.
A56: Consequência (Ocasionando)
A57: Definição | B57: Resultado de um evento que afeta positiva ou negativamente os objetivos da Empresa.
A58: Tipo | B58: Critérios/Definições
A59: Campos livre para edição de texto | B59: Texto corrido de acordo com as regras ortográficas brasileiras (letra inicial maiúscula, acentos gráficos, ponto final, etc.).
A61: Responsável pelo risco
A63: Definição | B63: Responsável pelo risco dentro da relação contratual
A64: Tipo | B64: Critérios/Definições
A65: Contratante | B65: Órgão ou entidade da administração pública direta e indireta da União que pactua a execução de programa, projeto, atividade ou evento, por intermédio de instituição financeira federal (mandatária), mediante a celebração de contrato de repasse. (CODEVASF)
A66: Contratada | B66: A parte que executará o serviço (empresa contratada)
A67: Compartilhada | B67: Compartilhar o risco entre a contratante e a contratada
A69: Probabilidade
A71: Definição | B71: Possibilidade de ocorrência de um evento.
A72: Tipo | B72: Peso | C72: Critérios/Definições
A73: Muito Baixa | B73: 1 | C73: Evento pode ocorrer apenas em circunstâncias excepcionais
A74: Baixa | B74: 2 | C74: Evento pode ocorrer em algum momento
A75: Média | B75: 3 | C75: Evento deve ocorrer em algum momento
A76: Alta | B76: 4 | C76: Evento provavelmente ocorra na maioria das circunstâncias
A77: Muito Alta | B77: 5 | C77: Evento esperado que ocorra na maioria das circunstâncias
A79: Impacto
A80: Manutenção dos Projetos, Processos e/ou Ações (MP) | B80: Regulação e Controle (RC) | C80: Imagem da Codevasf (IMG) | D80: Missão Institucional (MI) | E80: Intervenção de Gestão para Atenuação do Impacto (IG) | F80: Orçamentário/ Financeiro (OF)
A81: Potencial impacto em caso de materialização dos riscos na contratação, considerando a dificuldade de normalização. | B81: Potencial impacto da interferência de Órgãos de Regulação ou de Controle Interno e/ou Externo na contratação da Codevasf ou empresa contratada. | C81: Potencial dano à imagem da empresa e à sua reputação. | D81: Potencial prejuízo à missão institucional da Codevasf | E81: Nível de intervenção da gestão para resolução do problema em caso de materialização do risco. | F81: Impacto orçamentários-financeiro resultante da materialização do risco.
A82: Avaliação - 1 a 5 | B82: Avaliação - 1 a 5 | C82: Avaliação - 1 a 5 | D82: Avaliação - 1 a 5 | E82: Avaliação - 1 a 5 | F82: Avaliação - 1 a 5
A85: Manutenção dos Projetos, Processos e/ou Ações (MP)
A86: Definição | B86: Potencial impacto em caso de materialização dos riscos na contratação, considerando a dificuldade de normalização.
A87: Tipo | B87: Peso | C87: Critérios/Definições
A88: Insignificante | B88: 1 | C88: Evento cujo impacto pode ser absorvido por meio de atividades normais ou rotineiras do analista
A89: Pequeno | B89: 2 | C89: Evento adverso cujas consequências podem ser absorvidas internamente pela equipe
A90: Moderado | B90: 3 | C90: Evento significativo, mas que necessita ser gerenciado pela tomada de decisão do gestor
A91: Grande | B91: 4 | C91: Evento crítico, que necessita da intervenção da Alta Gestão, para ser contornado ou resolvido
A92: Muito Grande | B92: 5 | C92: Evento incontornável com potencial para levar o negócio ou serviço ao colapso
A94: Regulação e Controle (RC)
A95: Definição | B95: Potencial impacto da interferência de Órgãos de Regulação ou de Controle Interno e/ou Externo na contratação da Codevasf ou empresa contratada.
A96: Tipo | B96: Peso | C96: Critérios/Definições
A97: Insignificante | B97: 1 | C97: Pouco ou nenhum impacto regulatório de controle
A98: Pequeno | B98: 2 | C98: Determina ações de caráter orientativo
A99: Moderado | B99: 3 | C99: Determina ações de caráter compensatório
A100: Grande | B100: 4 | C100: Determina ações de caráter corretivo, incluindo multas e sanções
A101: Muito Grande | B101: 5 | C101: Determina a suspensão/ interrupção de atividades
A103: Imagem da Codevasf (IMG)
A104: Definição | B104: Potencial dano à imagem da empresa e à sua reputação.
A105: Tipo | B105: Peso | C105: Critérios/Definições
A106: Insignificante | B106: 1 | C106: Impacto limitado apenas à ambiência interna
A107: Pequeno | B107: 2 | C107: Limita-se às partes envolvidas
A108: Moderado | B108: 3 | C108: Destaque negativo na mídia Estadual ou Distrital
A109: Grande | B109: 4 | C109: Destaque negativo na mídia Nacional
A110: Muito Grande | B110: 5 | C110: Destaque negativo na mídia Internacional
A112: Missão Institucional (MI)
A113: Definição | B113: Potencial prejuízo à missão institucional da Codevasf.
A114: Tipo | B114: Peso | C114: Critérios/Definições
A115: Insignificante | B115: 1 | C115: Pouco ou nenhum impacto nas metas operacionais estabelecidas
A116: Pequeno | B116: 2 | C116: Prejudica o alcance das metas operacionais estabelecidas
A117: Moderado | B117: 3 | C117: Prejudica o alcance dos objetivos do Plano Anual de Negócios - PAN
A118: Grande | B118: 4 | C118: Prejudica o alcance dos Objetivos Estratégicos da Codevasf - PEI
A119: Muito Grande | B119: 5 | C119: Prejudica o alcance da missão da Codevasf
A121: Intervenção de Gestão para Atenuação do Impacto (IG)
A122: Definição | B122: Nível de intervenção da gestão para resolução do problema em caso de materialização do risco.
A123: Tipo | B123: Peso | C123: Critérios/Definições
A124: Insignificante | B124: 1 | C124: Pode ser dirimido pelo funcionamento normal das atividades da unidade orgânica
...

Sheet Mapeamento de Riscos
A1: MAPEAMENTO/GERENCIAMENTO DOS RISCOS DA CONTRATAÇÃO
A3: PROCESSO: | D3: =Capa!C11 -> 59550.000508/2024-18
A4: =Capa!A12 -> OBJETO DA CONTRATAÇÃO: | D4: =Capa!C12 -> EXECUÇÃO DAS OBRAS DE PAVIMENTAÇÃO E DRENAGEM, DA RODOVIA DA AL- 485, QUE LIGA O MUNICÍPIO DE SÃO SEBASTIÃO/AL AO DE FEIRA GRANDE/AL.
K5: ocultar | L5: ocultar | S5: ocultar | T5: ocultar | U5: ocultar | W5: ocultar | X5: ocultar | AC5: ocultar | AD5: ocultar | AE5: ocultar | AF5: ocultar
A6: Código | B6: Etapa da Contratação | C6: Tipo de Risco | D6: Macrofatores de risco | E6: Fator de Risco/Causa (devido a) | F6: Evento de Risco/Incerteza (poderá ocorrer...) | G6: Categoria do Risco | H6: Consequência (Ocasionando) | I6: Responsável pelo risco (Alocação) | J6: Probabilidade | K6: PROB | L6: PROB PESO | M6: Impacto | W6: Risco Inerente valor | X6: Risco Inerente Ref. | Y6: Classificação do Risco Inerente | Z6: Controles Existentes | AE6: Risco Residual | AF6: Classificação do Risco Residual | AG6: Nível de Risco Classificação do Risco Residual | AH6: Tratamento
M7: Manutenção dos Projetos, Processos e/ou Ações (MP) | N7: Regulação e Controle (RC) | O7: Imagem da Codevasf (IMG) | P7: Missão Institucional (MI) | Q7: Intervenção de Gestão para Atenuação do Impacto (IG) | R7: Orçamentário/ Financeiro (OF) | S7: Peso | T7: Peso arred | U7: Impacto ref. | V7: Impacto Total | Z7: Controle Preventivo | AA7: Controle Atenuante | AB7: Avaliação do Controle | AC7: Peso | AD7: peso contrl | AH7: Resposta - Tipo de Tratamento | AI7: Tratamento Preventivo | AJ7: Responsável - Tratamento Preventivo | AK7: Tratamento Atenuante | AL7: Responsável - Tratamento Atenuante | AM7: Investimento (R$) | AN7: Perda Esperada (R$) | AO7: Memória de Cálculo da Perda Esperada | AP7: Início Previsto | AQ7: Término previsto
A8: RC001 | B8: Fase preliminar da contratação - Planejamento | C8: Risco do Contrato | D8: Fatores externos | E8: Não obtenção de licenças, permissões e autorizações relativas à execução do contrato e o cumprimento das condicionantes da licença ambiental e/ou dos requisitos técnicos dos órgãos envolvidos (Prefeitura, órgão ambiental, DNIT, IPHAN, DER, etc.) | F8: Poderá ocorrer impossibilidade de início dos serviços | G8: Legal | H8: Inviabilidade na celebração do contrato. | I8: Contratante | J8: 1- Muito baixa | K8: =IF(J8="1- Muito Baixa",1,IF(J8="2- Baixa",2,IF(J8="3- Média",3,IF(J8="4- Alta",4,IF(J8="5- Muito Alta",5,0))))) -> 1 | L8: =ROUNDUP(((K8+5)/2),0) -> 3 | M8: Muito Grande | N8: Muito Grande | O8: Insignificante | P8: Moderado | Q8: Pequeno | R8: Insignificante | S8: =ROUNDUP(((IF(M8="pequeno",2,IF(M8="insignificante",1,IF(M8="moderado",3,IF(M8="Grande",4,IF(M8="Muito Grande",5,0)))))+IF(N8="pequeno",2,IF(N8="insignificante",1,IF(N8="moderado",3,IF(N8="Grande",4,IF(N8="Muito Grande",5,0)))))+IF(O8="pequeno",2,IF(O8="insignificante",1,IF(O8="moderado",3,IF(O8="Grande",4,IF(O8="Muito Grande",5,0)))))+IF(P8="pequeno",2,IF(P8="insignificante",1,IF(P8="moderado",3,IF(P8="Grande",4,IF(P8="Muito Grande",5,0)))))+IF(Q8="pequeno",2,IF(Q8="insignificante",1,IF(Q8="moderado",3,IF(Q8="Grande",4,IF(Q8="Muito Grande",5,0)))))+IF(R8="pequeno",2,IF(R8="insignificante",1,IF(R8="moderado",3,IF(R8="Grande",4,IF(R8="Muito Grande",5,0))))))/6),0) -> 3 | T8: =ROUNDUP(S8,0) -> 3 | U8: =IF(T8=1,"1- Insignificante",IF(T8=2,"2- Pequeno",IF(T8=3,"3- Moderado",IF(T8=4,"4- Grande",IF(T8=5,"5- Muito Grande",""))))) -> 3- Moderado | V8: =U8 -> 3- Moderado | W8: =ROUNDUP((((K8+5)/2)*S8),0) -> 9 | X8: =IF(AND(S8=1,L8=1),"Risco Baixo",IF(AND(S8=1,L8=2),"Risco Baixo",IF(AND(S8=1,L8=3),"Risco Baixo",IF(AND(S8=1,L8=4),"Risco Baixo",IF(AND(S8=1,L8=5),"Risco Moderado",IF(AND(S8=2,L8=1),"Risco Baixo",IF(AND(S8=2,L8=2),"Risco Baixo",IF(AND(S8=2,L8=3),"Risco Moderado",IF(AND(S8=2,L8=4),"Risco Moderado",IF(AND(S8=2,L8=5),"Risco Moderado",IF(AND(S8=3,L8=1),"Risco Baixo",IF(AND(S8=3,L8=2),"Risco Moderado",IF(AND(S8=3,L8=3),"Risco Moderado",IF(AND(S8=3,L8=4),"Risco Alto",IF(AND(S8=3,L8=5),"Risco Alto",IF(AND(S8=4,L8=1),"Risco Baixo",IF(AND(S8=4,L8=2),"Risco Moderado",IF(AND(S8=4,L8=3),"Risco Alto",IF(AND(S8=4,L8=4),"Risco Alto",IF(AND(S8=4,L8=5),"Risco Extremo",IF(AND(S8=5,L8=1),"Risco Moderado",IF(AND(S8=5,L8=2),"Risco Moderado",IF(AND(S8=5,L8=3),"Risco Alto",IF(AND(S8=5,L8=4),"Risco Extremo",IF(AND(S8=5,L8=5),"Risco Extremo",0))))))))))))))))))))))))) -> Risco Moderado | Y8: =IF(X8>0,X8,"") -> Risco Moderado | Z8: 1. Diligências junto às Áreas técnicas da Codevasf e às partes externas para obtenção de licenças, permissões e autorizações relativas à execução do contrato e o cumprimento das condicionantes da licença ambiental e/ou dos requisitos técnicos dos órgãos envolvidos | AA8: Não se dá continuidade à contratação dos serviços | AB8: Forte | AC8: =IF(AB8="Inexistente",5,IF(AB8="Fraco",4,IF(AB8="Mediano",3,IF(AB8="Satisfatório",2,IF(AB8="Forte",1))))) -> 1 | AD8: =ROUNDUP((AVERAGE(K8,AC8)),0) -> 1 | AE8: =(AVERAGE(K8,AC8))*T8 -> 3 | AF8: =IF(AND(S8=1,AD8=1),"Risco Baixo",IF(AND(S8=1, AD8=2),"Risco Baixo",IF(AND(S8=1,AD8=3),"Risco Baixo",IF(AND(S8=1,AD8=4),"Risco Baixo",IF(AND(S8=1,AD8=5),"Risco Moderado",IF(AND(S8=2,AD8=1),"Risco Baixo",IF(AND(S8=2,AD8=2),"Risco Baixo",IF(AND(S8=2,AD8=3),"Risco Moderado",IF(AND(S8=2,AD8=4),"Risco Moderado",IF(AND(S8=2,AD8=5),"Risco Moderado",IF(AND(S8=3,AD8=1),"Risco Baixo",IF(AND(S8=3,AD8=2),"Risco Moderado",IF(AND(S8=3,AD8=3),"Risco Moderado",IF(AND(S8=3,AD8=4),"Risco Alto",IF(AND(S8=3,AD8=5),"Risco Alto",IF(AND(S8=4,AD8=1),"Risco Baixo",IF(AND(S8=4,AD8=2),"Risco Moderado",IF(AND(S8=4,AD8=3),"Risco Alto",IF(AND(S8=4,AD8=4),"Risco Alto",IF(AND(S8=4,AD8=5),"Risco Extremo",IF(AND(S8=5,AD8=1),"Risco Moderado",IF(AND(S8=5,AD8=2),"Risco Moderado",IF(AND(S8=5,AD8=3),"Risco Alto",IF(AND(S8=5,AD8=4),"Risco Extremo",IF(AND(S8=5,AD8=5),"Risco Extremo",0))))))))))))))))))))))))) -> Risco Baixo | AG8: =IF(AND(AF8>0,AB8>0),AF8,"") -> Risco Baixo | AH8: Evitar
A9: RC002 | B9: Gestão e fiscalização do contrato | C9: Risco do Contrato | D9: Fatores externos | E9: Não obtenção de licenças, permissões e autorizações relativas à execução do contrato e o cumprimento das condicionantes da licença ambiental e/ou dos requisitos técnicos dos órgãos envolvidos (Prefeitura, órgão ambiental, DNIT, IPHAN, DER, etc.) | F9: Poderá ocorrer imprevisibilidade na aquisição ou/e entrega de bens e serviços | G9: Legal | H9: Inviabilidade ou atraso na execução da obra. | I9: Contratada | J9: 1- Muito baixa | K9: =IF(J9="1- Muito Baixa",1,IF(J9="2- Baixa",2,IF(J9="3- Média",3,IF(J9="4- Alta",4,IF(J9="5- Muito Alta",5,0))))) -> 1 | L9: =ROUNDUP(((K9+5)/2),0) -> 3 | M9: Muito Grande | N9: Muito Grande | O9: Insignificante | P9: Moderado | Q9: Pequeno | R9: Insignificante | S9: =ROUNDUP(((IF(M9="pequeno",2,IF(M9="insignificante",1,IF(M9="moderado",3,IF(M9="Grande",4,IF(M9="Muito Grande",5,0)))))+IF(N9="pequeno",2,IF(N9="insignificante",1,IF(N9="moderado",3,IF(N9="Grande",4,IF(N9="Muito Grande",5,0)))))+IF(O9="pequeno",2,IF(O9="insignificante",1,IF(O9="moderado",3,IF(O9="Grande",4,IF(O9="Muito Grande",5,0)))))+IF(P9="pequeno",2,IF(P9="insignificante",1,IF(P9="moderado",3,IF(P9="Grande",4,IF(P9="Muito Grande",5,0)))))+IF(Q9="pequeno",2,IF(Q9="insignificante",1,IF(Q9="moderado",3,IF(Q9="Grande",4,IF(Q9="Muito Grande",5,0)))))+IF(R9="pequeno",2,IF(R9="insignificante",1,IF(R9="moderado",3,IF(R9="Grande",4,IF(R9="Muito Grande",5,0))))))/6),0) -> 3 | T9: =ROUNDUP(S9,0) -> 3 | U9: =IF(T9=1,"1- Insignificante",IF(T9=2,"2- Pequeno",IF(T9=3,"3- Moderado",IF(T9=4,"4- Grande",IF(T9=5,"5- Muito Grande",""))))) -> 3- Moderado | V9: =U9 -> 3- Moderado | W9: =ROUNDUP((((K9+5)/2)*S9),0) -> 9 | X9: =IF(AND(T9=1,L9=1),"Risco Baixo",IF(AND(S9=1,L9=2),"Risco Baixo",IF(AND(S9=1,L9=3),"Risco Baixo",IF(AND(S9=1,L9=4),"Risco Baixo",IF(AND(S9=1,L9=5),"Risco Moderado",IF(AND(S9=2,L9=1),"Risco Baixo",IF(AND(S9=2,L9=2),"Risco Baixo",IF(AND(S9=2,L9=3),"Risco Moderado",IF(AND(S9=2,L9=4),"Risco Moderado",IF(AND(S9=2,L9=5),"Risco Moderado",IF(AND(S9=3,L9=1),"Risco Baixo",IF(AND(S9=3,L9=2),"Risco Moderado",IF(AND(S9=3,L9=3),"Risco Moderado",IF(AND(S9=3,L9=4),"Risco Alto",IF(AND(S9=3,L9=5),"Risco Alto",IF(AND(S9=4,L9=1),"Risco Baixo",IF(AND(S9=4,L9=2),"Risco Moderado",IF(AND(S9=4,L9=3),"Risco Alto",IF(AND(S9=4,L9=4),"Risco Alto",IF(AND(S9=4,L9=5),"Risco Extremo",IF(AND(S9=5,L9=1),"Risco Moderado",IF(AND(S9=5,L9=2),"Risco Moderado",IF(AND(S9=5,L9=3),"Risco Alto",IF(AND(S9=5,L9=4),"Risco Extremo",IF(AND(S9=5,L9=5),"Risco Extremo",0))))))))))))))))))))))))) -> Risco Moderado | Y9: =IF(X9>0,X9,"") -> Risco Moderado | Z9: 1. Diligências junto às Áreas técnicas da Codevasf e às partes externas para obtenção de licenças, permissões e autorizações relativas à execução do contrato e o cumprimento das condicionantes da licença ambiental e/ou dos requisitos técnicos dos órgãos envolvidos | AA9: Não se dá continuidade à contratação dos serviços | AB9: Inexistente | AC9: =IF(AB9="Inexistente",5,IF(AB9="Fraco",4,IF(AB9="Mediano",3,IF(AB9="Satisfatório",2,IF(AB9="Forte",1))))) -> 5 | AD9: =ROUNDUP((AVERAGE(K9,AC9)),0) -> 3 | AE9: =(AVERAGE(K9,AC9))*T9 -> 9 | AF9: =IF(AND(S9=1,AD9=1),"Risco Baixo",IF(AND(S9=1, AD9=2),"Risco Baixo",IF(AND(S9=1,AD9=3),"Risco Baixo",IF(AND(S9=1,AD9=4),"Risco Baixo",IF(AND(S9=1,AD9=5),"Risco Moderado",IF(AND(S9=2,AD9=1),"Risco Baixo",IF(AND(S9=2,AD9=2),"Risco Baixo",IF(AND(S9=2,AD9=3),"Risco Moderado",IF(AND(S9=2,AD9=4),"Risco Moderado",IF(AND(S9=2,AD9=5),"Risco Moderado",IF(AND(S9=3,AD9=1),"Risco Baixo",IF(AND(S9=3,AD9=2),"Risco Moderado",IF(AND(S9=3,AD9=3),"Risco Moderado",IF(AND(S9=3,AD9=4),"Risco Alto",IF(AND(S9=3,AD9=5),"Risco Alto",IF(AND(S9=4,AD9=1),"Risco Baixo",IF(AND(S9=4,AD9=2),"Risco Moderado",IF(AND(S9=4,AD9=3),"Risco Alto",IF(AND(S9=4,AD9=4),"Risco Alto",IF(AND(S9=4,AD9=5),"Risco Extremo",IF(AND(S9=5,AD9=1),"Risco Moderado",IF(AND(S9=5,AD9=2),"Risco Moderado",IF(AND(S9=5,AD9=3),"Risco Alto",IF(AND(S9=5,AD9=4),"Risco Extremo",IF(AND(S9=5,AD9=5),"Risco Extremo",0))))))))))))))))))))))))) -> Risco Moderado | AG9: =IF(AND(AF9>0,AB9>0),AF9,"") -> Risco Moderado | AH9: Evitar
A10: RC003 | B10: Gestão e fiscalização do contrato | C10: Risco do Contrato | D10: Fatores externos | E10: Atrasos no cronograma devido à indisponibilidade de insumos necessários ao início ou continuidade da obra. | F10: Poderá ocorrer imprevisibilidade na aquisição ou/e entrega de bens e serviços | G10: Operacional | H10: Atraso na execução da obra. | I10: Contratada | J10: 2- Baixa | K10: =IF(J10="1- Muito Baixa",1,IF(J10="2- Baixa",2,IF(J10="3- Média",3,IF(J10="4- Alta",4,IF(J10="5- Muito Alta",5,0))))) -> 2 | L10: =ROUNDUP(((K10+5)/2),0) -> 4 | M10: Grande | N10: Insignificante | O10: Insignificante | P10: Insignificante | Q10: Pequeno | R10: Moderado | S10: =ROUNDUP(((IF(M10="pequeno",2,IF(M10="insignificante",1,IF(M10="moderado",3,IF(M10="Grande",4,IF(M10="Muito Grande",5,0)))))+IF(N10="pequeno",2,IF(N10="insignificante",1,IF(N10="moderado",3,IF(N10="Grande",4,IF(N10="Muito Grande",5,0)))))+IF(O10="pequeno",2,IF(O10="insignificante",1,IF(O10="moderado",3,IF(O10="Grande",4,IF(O10="Muito Grande",5,0)))))+IF(P10="pequeno",2,IF(P10="insignificante",1,IF(P10="moderado",3,IF(P10="Grande",4,IF(P10="Muito Grande",5,0)))))+IF(Q10="pequeno",2,IF(Q10="insignificante",1,IF(Q10="moderado",3,IF(Q10="Grande",4,IF(Q10="Muito Grande",5,0)))))+IF(R10="pequeno",2,IF(R10="insignificante",1,IF(R10="moderado",3,IF(R10="Grande",4,IF(R10="Muito Grande",5,0))))))/6),0) -> 2 | T10: =ROUNDUP(S10,0) -> 2 | U10: =IF(T10=1,"1- Insignificante",IF(T10=2,"2- Pequeno",IF(T10=3,"3- Moderado",IF(T10=4,"4- Grande",IF(T10=5,"5- Muito Grande",""))))) -> 2- Pequeno | V10: =U10 -> 2- Pequeno | W10: =ROUNDUP((((K10+5)/2)*S10),0) -> 7 | X10: =IF(AND(T10=1,L10=1),"Risco Baixo",IF(AND(S10=1,L10=2),"Risco Baixo",IF(AND(S10=1,L10=3),"Risco Baixo",IF(AND(S10=1,L10=4),"Risco Baixo",IF(AND(S10=1,L10=5),"Risco Moderado",IF(AND(S10=2,L10=1),"Risco Baixo",IF(AND(S10=2,L10=2),"Risco Baixo",IF(AND(S10=2,L10=3),"Risco Moderado",IF(AND(S10=2,L10=4),"Risco Moderado",IF(AND(S10=2,L10=5),"Risco Moderado",IF(AND(S10=3,L10=1),"Risco Baixo",IF(AND(S10=3,L10=2),"Risco Moderado",IF(AND(S10=3,L10=3),"Risco Moderado",IF(AND(S10=3,L10=4),"Risco Alto",IF(AND(S10=3,L10=5),"Risco Alto",IF(AND(S10=4,L10=1),"Risco Baixo",IF(AND(S10=4,L10=2),"Risco Moderado",IF(AND(S10=4,L10=3),"Risco Alto",IF(AND(S10=4,L10=4),"Risco Alto",IF(AND(S10=4,L10=5),"Risco Extremo",IF(AND(S10=5,L10=1),"Risco Moderado",IF(AND(S10=5,L10=2),"Risco Moderado",IF(AND(S10=5,L10=3),"Risco Alto",IF(AND(S10=5,L10=4),"Risco Extremo",IF(AND(S10=5,L10=5),"Risco Extremo",0))))))))))))))))))))))))) -> Risco Moderado | Y10: =IF(X10>0,X10,"") -> Risco Moderado | Z10: Diligência junto à contratada para que ela planeje a aquisição de insumos de modo que a ocorrência de atrasos não impacte no ritmo dos serviços. | AA10: Verificar a necessidade de paralisação dos serviços caso não haja previsão de entrega dos insumos. | AB10: Mediano | AC10: =IF(AB10="Inexistente",5,IF(AB10="Fraco",4,IF(AB10="Mediano",3,IF(AB10="Satisfatório",2,IF(AB10="Forte",1))))) -> 3 | AD10: =ROUNDUP((AVERAGE(K10,AC10)),0) -> 3 | AE10: =(AVERAGE(K10,AC10))*T10 -> 5 | AF10: =IF(AND(S10=1,AD10=1),"Risco Baixo",IF(AND(S10=1, AD10=2),"Risco Baixo",IF(AND(S10=1,AD10=3),"Risco Baixo",IF(AND(S10=1,AD10=4),"Risco Baixo",IF(AND(S10=1,AD10=5),"Risco Moderado",IF(AND(S10=2,AD10=1),"Risco Baixo",IF(AND(S10=2,AD10=2),"Risco Baixo",IF(AND(S10=2,AD10=3),"Risco Moderado",IF(AND(S10=2,AD10=4),"Risco Moderado",IF(AND(S10=2,AD10=5),"Risco Moderado",IF(AND(S10=3,AD10=1),"Risco Baixo",IF(AND(S10=3,AD10=2),"Risco Moderado",IF(AND(S10=3,AD10=3),"Risco Moderado",IF(AND(S10=3,AD10=4),"Risco Alto",IF(AND(S10=3,AD10=5),"Risco Alto",IF(AND(S10=4,AD10=1),"Risco Baixo",IF(AND(S10=4,AD10=2),"Risco Moderado",IF(AND(S10=4,AD10=3),"Risco Alto",IF(AND(S10=4,AD10=4),"Risco Alto",IF(AND(S10=4,AD10=5),"Risco Extremo",IF(AND(S10=5,AD10=1),"Risco Moderado",IF(AND(S10=5,AD10=2),"Risco Moderado",IF(AND(S10=5,AD10=3),"Risco Alto",IF(AND(S10=5,AD10=4),"Risco Extremo",IF(AND(S10=5,AD10=5),"Risco Extremo",0))))))))))))))))))))))))) -> Risco Moderado | AG10: =IF(AND(AF10>0,AB10>0),AF10,"") -> Risco Moderado | AH10: Aceitar
A11: RC004 | B11: Gestão e fiscalização do contrato | C11: Risco do Contrato | D11: Fatores externos | E11: Refazer serviços danificados por chuva ou outro fenômeno da natureza que acarretem atraso no cronograma original e/ou aumento dos custos. | F11: Poderá ocorrer acréscimo dos custos operacionais | G11: Orçamentário/financeiro | H11: Atraso na execução da obra. | I11: Contratada | J11: 2- Baixa | K11: =IF(J11="1- Muito Baixa",1,IF(J11="2- Baixa",2,IF(J11="3- Média",3,IF(J11="4- Alta",4,IF(J11="5- Muito Alta",5,0))))) -> 2 | L11: =ROUNDUP(((K11+5)/2),0) -> 4 | M11: Pequeno | N11: Pequeno | O11: Pequeno | P11: Pequeno | Q11: Pequeno | R11: Pequeno | S11: =ROUNDUP(((IF(M11="pequeno",2,IF(M11="insignificante",1,IF(M11="moderado",3,IF(M11="Grande",4,IF(M11="Muito Grande",5,0)))))+IF(N11="pequeno",2,IF(N11="insignificante",1,IF(N11="moderado",3,IF(N11="Grande",4,IF(N11="Muito Grande",5,0)))))+IF(O11="pequeno",2,IF(O11="insignificante",1,IF(O11="moderado",3,IF(O11="Grande",4,IF(O11="Muito Grande",5,0)))))+IF(P11="pequeno",2,IF(P11="insignificante",1,IF(P11="moderado",3,IF(P11="Grande",4,IF(P11="Muito Grande",5,0)))))+IF(Q11="pequeno",2,IF(Q11="insignificante",1,IF(Q11="moderado",3,IF(Q11="Grande",4,IF(Q11="Muito Grande",5,0)))))+IF(R11="pequeno",2,IF(R11="insignificante",1,IF(R11="moderado",3,IF(R11="Grande",4,IF(R11="Muito Grande",5,0))))))/6),0) -> 2 | T11: =ROUNDUP(S11,0) -> 2 | U11: =IF(T11=1,"1- Insignificante",IF(T11=2,"2- Pequeno",IF(T11=3,"3- Moderado",IF(T11=4,"4- Grande",IF(T11=5,"5- Muito Grande",""))))) -> 2- Pequeno | V11: =U11 -> 2- Pequeno | W11: =ROUNDUP((((K11+5)/2)*S11),0) -> 7 | X11: =IF(AND(T11=1,L11=1),"Risco Baixo",IF(AND(S11=1,L11=2),"Risco Baixo",IF(AND(S11=1,L11=3),"Risco Baixo",IF(AND(S11=1,L11=4),"Risco Baixo",IF(AND(S11=1,L11=5),"Risco Moderado",IF(AND(S11=2,L11=1),"Risco Baixo",IF(AND(S11=2,L11=2),"Risco Baixo",IF(AND(S11=2,L11=3),"Risco Moderado",IF(AND(S11=2,L11=4),"Risco Moderado",IF(AND(S11=2,L11=5),"Risco Moderado",IF(AND(S11=3,L11=1),"Risco Baixo",IF(AND(S11=3,L11=2),"Risco Moderado",IF(AND(S11=3,L11=3),"Risco Moderado",IF(AND(S11=3,L11=4),"Risco Alto",IF(AND(S11=3,L11=5),"Risco Alto",IF(AND(S11=4,L11=1),"Risco Baixo",IF(AND(S11=4,L11=2),"Risco Moderado",IF(AND(S11=4,L11=3),"Risco Alto",IF(AND(S11=4,L11=4),"Risco Alto",IF(AND(S11=4,L11=5),"Risco Extremo",IF(AND(S11=5,L11=1),"Risco Moderado",IF(AND(S11=5,L11=2),"Risco Moderado",IF(AND(S11=5,L11=3),"Risco Alto",IF(AND(S11=5,L11=4),"Risco Extremo",IF(AND(S11=5,L11=5),"Risco Extremo",0))))))))))))))))))))))))) -> Risco Moderado | Y11: =IF(X11>0,X11,"") -> Risco Moderado | Z11: Diligência junto à contratada para que ela planeje a execução dos serviços em período sem ocorrência de chuvas, para que não afete o cronograma nem a qualidade dos serviços | AA11: Exigir da Contratada o refazimento dos serviços para que estes atendam os requisitos de qualidade necessários. | AB11: Satisfatório | AC11: =IF(AB11="Inexistente",5,IF(AB11="Fraco",4,IF(AB11="Mediano",3,IF(AB11="Satisfatório",2,IF(AB11="Forte",1))))) -> 2 | AD11: =ROUNDUP((AVERAGE(K11,AC11)),0) -> 2 | AE11: =(AVERAGE(K11,AC11))*T11 -> 4 | AF11: =IF(AND(S11=1,AD11=1),"Risco Baixo",IF(AND(S11=1, AD11=2),"Risco Baixo",IF(AND(S11=1,AD11=3),"Risco Baixo",IF(AND(S11=1,AD11=4),"Risco Baixo",IF(AND(S11=1,AD11=5),"Risco Moderado",IF(AND(S11=2,AD11=1),"Risco Baixo",IF(AND(S11=2,AD11=2),"Risco Baixo",IF(AND(S11=2,AD11=3),"Risco Moderado",IF(AND(S11=2,AD11=4),"Risco Moderado",IF(AND(S11=2,AD11=5),"Risco Moderado",IF(AND(S11=3,AD11=1),"Risco Baixo",IF(AND(S11=3,AD11=2),"Risco Moderado",IF(AND(S11=3,AD11=3),"Risco Moderado",IF(AND(S11=3,AD11=4),"Risco Alto",IF(AND(S11=3,AD11=5),"Risco Alto",IF(AND(S11=4,AD11=1),"Risco Baixo",IF(AND(S11=4,AD11=2),"Risco Moderado",IF(AND(S11=4,AD11=3),"Risco Alto",IF(AND(S11=4,AD11=4),"Risco Alto",IF(AND(S11=4,AD11=5),"Risco Extremo",IF(AND(S11=5,AD11=1),"Risco Moderado",IF(AND(S11=5,AD11=2),"Risco Moderado",IF(AND(S11=5,AD11=3),"Risco Alto",IF(AND(S11=5,AD11=4),"Risco Extremo",IF(AND(S11=5,AD11=5),"Risco Extremo",0))))))))))))))))))))))))) -> Risco Baixo | AG11: =IF(AND(AF11>0,AB11>0),AF11,"") -> Risco Baixo | AH11: Aceitar
A12: RC005 | B12: Gestão e fiscalização do contrato | C12: Risco Específico | D12: Processos de trabalho | E12: Custos e atrasos decorrentes de pesquisas e descobertas arqueológicas ou outras interferências com o patrimônio histórico, artístico e cultural de quaisquer tipos. | F12: Poderá ocorrer imprevisibilidade na aquisição ou/e entrega de bens e serviços | G12: Operacional | H12: Atraso na execução da obra; Impossibilidade de execução; Aditivo ao contrato. | I12: Contratante | J12: 1- Muito baixa | K12: =IF(J12="1- Muito Baixa",1,IF(J12="2- Baixa",2,IF(J12="3- Média",3,IF(J12="4- Alta",4,IF(J12="5- Muito Alta",5,0))))) -> 1 | L12: =ROUNDUP(((K12+5)/2),0) -> 3 | M12: Grande | N12: Grande | O12: Pequeno | P12: Pequeno | Q12: Moderado | R12: Grande | S12: =ROUNDUP(((IF(M12="pequeno",2,IF(M12="insignificante",1,IF(M12="moderado",3,IF(M12="Grande",4,IF(M12="Muito Grande",5,0)))))+IF(N12="pequeno",2,IF(N12="insignificante",1,IF(N12="moderado",3,IF(N12="Grande",4,IF(N12="Muito Grande",5,0)))))+IF(O12="pequeno",2,IF(O12="insignificante",1,IF(O12="moderado",3,IF(O12="Grande",4,IF(O12="Muito Grande",5,0)))))+IF(P12="pequeno",2,IF(P12="insignificante",1,IF(P12="moderado",3,IF(P12="Grande",4,IF(P12="Muito Grande",5,0)))))+IF(Q12="pequeno",2,IF(Q12="insignificante",1,IF(Q12="moderado",3,IF(Q12="Grande",4,IF(Q12="Muito Grande",5,0)))))+IF(R12="pequeno",2,IF(R12="insignificante",1,IF(R12="moderado",3,IF(R12="Grande",4,IF(R12="Muito Grande",5,0))))))/6),0) -> 4 | T12: =ROUNDUP(S12,0) -> 4 | U12: =IF(T12=1,"1- Insignificante",IF(T12=2,"2- Pequeno",IF(T12=3,"3- Moderado",IF(T12=4,"4- Grande",IF(T12=5,"5- Muito Grande",""))))) -> 4- Grande | V12: =U12 -> 4- Grande | W12: =ROUNDUP((((K12+5)/2)*S12),0) -> 12 | X12: =IF(AND(T12=1,L12=1),"Risco Baixo",IF(AND(S12=1,L12=2),"Risco Baixo",IF(AND(S12=1,L12=3),"Risco Baixo",IF(AND(S12=1,L12=4),"Risco Baixo",IF(AND(S12=1,L12=5),"Risco Moderado",IF(AND(S12=2,L12=1),"Risco Baixo",IF(AND(S12=2,L12=2),"Risco Baixo",IF(AND(S12=2,L12=3),"Risco Moderado",IF(AND(S12=2,L12=4),"Risco Moderado",IF(AND(S12=2,L12=5),"Risco Moderado",IF(AND(S12=3,L12=1),"Risco Baixo",IF(AND(S12=3,L12=2),"Risco Moderado",IF(AND(S12=3,L12=3),"Risco Moderado",IF(AND(S12=3,L12=4),"Risco Alto",IF(AND(S12=3,L12=5),"Risco Alto",IF(AND(S12=4,L12=1),"Risco Baixo",IF(AND(S12=4,L12=2),"Risco Moderado",IF(AND(S12=4,L12=3),"Risco Alto",IF(AND(S12=4,L12=4),"Risco Alto",IF(AND(S12=4,L12=5),"Risco Extremo",IF(AND(S12=5,L12=1),"Risco Moderado",IF(AND(S12=5,L12=2),"Risco Moderado",IF(AND(S12=5,L12=3),"Risco Alto",IF(AND(S12=5,L12=4),"Risco Extremo",IF(AND(S12=5,L12=5),"Risco Extremo",0))))))))))))))))))))))))) -> Risco Alto | Y12: =IF(X12>0,X12,"") -> Risco Alto | Z12: Regularização fundiária prévia à execução da obra. | AA12: Verificação da regularização fundiária com os órgãos competentes | AB12: Mediano | AC12: =IF(AB12="Inexistente",5,IF(AB12="Fraco",4,IF(AB12="Mediano",3,IF(AB12="Satisfatório",2,IF(AB12="Forte",1))))) -> 3 | AD12: =ROUNDUP((AVERAGE(K12,AC12)),0) -> 2 | AE12: =(AVERAGE(K12,AC12))*T12 -> 8 | AF12: =IF(AND(S12=1,AD12=1),"Risco Baixo",IF(AND(S12=1, AD12=2),"Risco Baixo",IF(AND(S12=1,AD12=3),"Risco Baixo",IF(AND(S12=1,AD12=4),"Risco Baixo",IF(AND(S12=1,AD12=5),"Risco Moderado",IF(AND(S12=2,AD12=1),"Risco Baixo",IF(AND(S12=2,AD12=2),"Risco Baixo",IF(AND(S12=2,AD12=3),"Risco Moderado",IF(AND(S12=2,AD12=4),"Risco Moderado",IF(AND(S12=2,AD12=5),"Risco Moderado",IF(AND(S12=3,AD12=1),"Risco Baixo",IF(AND(S12=3,AD12=2),"Risco Moderado",IF(AND(S12=3,AD12=3),"Risco Moderado",IF(AND(S12=3,AD12=4),"Risco Alto",IF(AND(S12=3,AD12=5),"Risco Alto",IF(AND(S12=4,AD12=1),"Risco Baixo",IF(AND(S12=4,AD12=2),"Risco Moderado",IF(AND(S12=4,AD12=3),"Risco Alto",IF(AND(S12=4,AD12=4),"Risco Alto",IF(AND(S12=4,AD12=5),"Risco Extremo",IF(AND(S12=5,AD12=1),"Risco Moderado",IF(AND(S12=5,AD12=2),"Risco Moderado",IF(AND(S12=5,AD12=3),"Risco Alto",IF(AND(S12=5,AD12=4),"Risco Extremo",IF(AND(S12=5,AD12=5),"Risco Extremo",0))))))))))))))))))))))))) -> Risco Moderado | AG12: =IF(AND(AF12>0,AB12>0),AF12,"") -> Risco Moderado | AH12: Aceitar | AI12: Regularização fundiária prévia à execução da obra. | AJ12: Gerência de Implantação de Obras (AD/GIM) | AK12: Possibilidade de alteração contratual (excepcional), novo cronograma físico-financeiro, aditivo de prazo e/ou suspensão temporária do contrato por parte da Contratante. | AL12: Gerência Regional de Desenvolvimento (5ª/GRD)
A13: RC006 | B13: Gestão e fiscalização do contrato | C13: Risco do Contrato | D13: Fatores externos | E13: Atos de vandalismo, roubos e furtos que causem danos às instalações ou aos equipamentos/materiais, antes do recebimento definitivo pela Contratante. | F13: Poderá ocorrer acréscimo dos custos operacionais | G13: Orçamentário/financeiro | H13: Atraso na execução da obra. | I13: Contratada | J13: 2- Baixa | K13: =IF(J13="1- Muito Baixa",1,IF(J13="2- Baixa",2,IF(J13="3- Média",3,IF(J13="4- Alta",4,IF(J13="5- Muito Alta",5,0))))) -> 2 | L13: =ROUNDUP(((K13+5)/2),0) -> 4 | M13: Pequeno | N13: Pequeno | O13: Pequeno | P13: Pequeno | Q13: Pequeno | R13: Pequeno | S13: =ROUNDUP(((IF(M13="pequeno",2,IF(M13="insignificante",1,IF(M13="moderado",3,IF(M13="Grande",4,IF(M13="Muito Grande",5,0)))))+IF(N13="pequeno",2,IF(N13="insignificante",1,IF(N13="moderado",3,IF(N13="Grande",4,IF(N13="Muito Grande",5,0)))))+IF(O13="pequeno",2,IF(O13="insignificante",1,IF(O13="moderado",3,IF(O13="Grande",4,IF(O13="Muito Grande",5,0)))))+IF(P13="pequeno",2,IF(P13="insignificante",1,IF(P13="moderado",3,IF(P13="Grande",4,IF(P13="Muito Grande",5,0)))))+IF(Q13="pequeno",2,IF(Q13="insignificante",1,IF(Q13="moderado",3,IF(Q13="Grande",4,IF(Q13="Muito Grande",5,0)))))+IF(R13="pequeno",2,IF(R13="insignificante",1,IF(R13="moderado",3,IF(R13="Grande",4,IF(R13="Muito Grande",5,0))))))/6),0) -> 2 | T13: =ROUNDUP(S13,0) -> 2 | U13: =IF(T13=1,"1- Insignificante",IF(T13=2,"2- Pequeno",IF(T13=3,"3- Moderado",IF(T13=4,"4- Grande",IF(T13=5,"5- Muito Grande",""))))) -> 2- Pequeno | V13: =U13 -> 2- Pequeno | W13: =ROUNDUP((((K13+5)/2)*S13),0) -> 7 | X13: =IF(AND(T13=1,L13=1),"Risco Baixo",IF(AND(S13=1,L13=2),"Risco Baixo",IF(AND(S13=1,L13=3),"Risco Baixo",IF(AND(S13=1,L13=4),"Risco Baixo",IF(AND(S13=1,L13=5),"Risco Moderado",IF(AND(S13=2,L13=1),"Risco Baixo",IF(AND(S13=2,L13=2),"Risco Baixo",IF(AND(S13=2,L13=3),"Risco Moderado",IF(AND(S13=2,L13=4),"Risco Moderado",IF(AND(S13=2,L13=5),"Risco Moderado",IF(AND(S13=3,L13=1),"Risco Baixo",IF(AND(S13=3,L13=2),"Risco Moderado",IF(AND(S13=3,L13=3),"Risco Moderado",IF(AND(S13=3,L13=4),"Risco Alto",IF(AND(S13=3,L13=5),"Risco Alto",IF(AND(S13=4,L13=1),"Risco Baixo",IF(AND(S13=4,L13=2),"Risco Moderado",IF(AND(S13=4,L13=3),"Risco Alto",IF(AND(S13=4,L13=4),"Risco Alto",IF(AND(S13=4,L13=5),"Risco Extremo",IF(AND(S13=5,L13=1),"Risco Moderado",IF(AND(S13=5,L13=2),"Risco Moderado",IF(AND(S13=5,L13=3),"Risco Alto",IF(AND(S13=5,L13=4),"Risco Extremo",IF(AND(S13=5,L13=5),"Risco Extremo",0))))))))))))))))))))))))) -> Risco Moderado | Y13: =IF(X13>0,X13,"") -> Risco Moderado | AB13: Mediano | AC13: =IF(AB13="Inexistente",5,IF(AB13="Fraco",4,IF(AB13="Mediano",3,IF(AB13="Satisfatório",2,IF(AB13="Forte",1))))) -> 3 | AD13: =ROUNDUP((AVERAGE(K13,AC13)),0) -> 3 | AE13: =(AVERAGE(K13,AC13))*T13 -> 5 | AF13: =IF(AND(S13=1,AD13=1),"Risco Baixo",IF(AND(S13=1, AD13=2),"Risco Baixo",IF(AND(S13=1,AD13=3),"Risco Baixo",IF(AND(S13=1,AD13=4),"Risco Baixo",IF(AND(S13=1,AD13=5),"Risco Moderado",IF(AND(S13=2,AD13=1),"Risco Baixo",IF(AND(S13=2,AD13=2),"Risco Baixo",IF(AND(S13=2,AD13=3),"Risco Moderado",IF(AND(S13=2,AD13=4),"Risco Moderado",IF(AND(S13=2,AD13=5),"Risco Moderado",IF(AND(S13=3,AD13=1),"Risco Baixo",IF(AND(S13=3,AD13=2),"Risco Moderado",IF(AND(S13=3,AD13=3),"Risco Moderado",IF(AND(S13=3,AD13=4),"Risco Alto",IF(AND(S13=3,AD13=5),"Risco Alto",IF(AND(S13=4,AD13=1),"Risco Baixo",IF(AND(S13=4,AD13=2),"Risco Moderado",IF(AND(S13=4,AD13=3),"Risco Alto",IF(AND(S13=4,AD13=4),"Risco Alto",IF(AND(S13=4,AD13=5),"Risco Extremo",IF(AND(S13=5,AD13=1),"Risco Moderado",IF(AND(S13=5,AD13=2),"Risco Moderado",IF(AND(S13=5,AD13=3),"Risco Alto",IF(AND(S13=5,AD13=4),"Risco Extremo",IF(AND(S13=5,AD13=5),"Risco Extremo",0))))))))))))))))))))))))) -> Risco Moderado | AG13: =IF(AND(AF13>0,AB13>0),AF13,"") -> Risco Moderado | AH13: Aceitar
A14: RC007 | B14: Gestão e fiscalização do contrato | C14: Risco do Contrato | D14: Fatores externos | E14: Restrições de horário de trabalho que impactem no cronograma, como a impossibilidade de trabalho noturno, em finais de semana ou outros horários determinados. | F14: Poderá ocorrer atraso na execução do serviço | G14: Operacional | H14: Aumento do prazo necessário para a execução dos serviços | I14: Contratada | J14: 1- Muito baixa | K14: =IF(J14="1- Muito Baixa",1,IF(J14="2- Baixa",2,IF(J14="3- Média",3,IF(J14="4- Alta",4,IF(J14="5- Muito Alta",5,0))))) -> 1 | L14: =ROUNDUP(((K14+5)/2),0) -> 3 | M14: Pequeno | N14: Insignificante | O14: Insignificante | P14: Insignificante | Q14: Insignificante | R14: Pequeno | S14: =ROUNDUP(((IF(M14="pequeno",2,IF(M14="insignificante",1,IF(M14="moderado",3,IF(M14="Grande",4,IF(M14="Muito Grande",5,0)))))+IF(N14="pequeno",2,IF(N14="insignificante",1,IF(N14="moderado",3,IF(N14="Grande",4,IF(N14="Muito Grande",5,0)))))+IF(O14="pequeno",2,IF(O14="insignificante",1,IF(O14="moderado",3,IF(O14="Grande",4,IF(O14="Muito Grande",5,0)))))+IF(P14="pequeno",2,IF(P14="insignificante",1,IF(P14="moderado",3,IF(P14="Grande",4,IF(P14="Muito Grande",5,0)))))+IF(Q14="pequeno",2,IF(Q14="insignificante",1,IF(Q14="moderado",3,IF(Q14="Grande",4,IF(Q14="Muito Grande",5,0)))))+IF(R14="pequeno",2,IF(R14="insignificante",1,IF(R14="moderado",3,IF(R14="Grande",4,IF(R14="Muito Grande",5,0))))))/6),0) -> 2 | T14: =ROUNDUP(S14,0) -> 2 | U14: =IF(T14=1,"1- Insignificante",IF(T14=2,"2- Pequeno",IF(T14=3,"3- Moderado",IF(T14=4,"4- Grande",IF(T14=5,"5- Muito Grande",""))))) -> 2- Pequeno | V14: =U14 -> 2- Pequeno | W14: =ROUNDUP((((K14+5)/2)*S14),0) -> 6 | X14: =IF(AND(T14=1,L14=1),"Risco Baixo",IF(AND(S14=1,L14=2),"Risco Baixo",IF(AND(S14=1,L14=3),"Risco Baixo",IF(AND(S14=1,L14=4),"Risco Baixo",IF(AND(S14=1,L14=5),"Risco Moderado",IF(AND(S14=2,L14=1),"Risco Baixo",IF(AND(S14=2,L14=2),"Risco Baixo",IF(AND(S14=2,L14=3),"Risco Moderado",IF(AND(S14=2,L14=4),"Risco Moderado",IF(AND(S14=2,L14=5),"Risco Moderado",IF(AND(S14=3,L14=1),"Risco Baixo",IF(AND(S14=3,L14=2),"Risco Moderado",IF(AND(S14=3,L14=3),"Risco Moderado",IF(AND(S14=3,L14=4),"Risco Alto",IF(AND(S14=3,L14=5),"Risco Alto",IF(AND(S14=4,L14=1),"Risco Baixo",IF(AND(S14=4,L14=2),"Risco Moderado",IF(AND(S14=4,L14=3),"Risco Alto",IF(AND(S14=4,L14=4),"Risco Alto",IF(AND(S14=4,L14=5),"Risco Extremo",IF(AND(S14=5,L14=1),"Risco Moderado",IF(AND(S14=5,L14=2),"Risco Moderado",IF(AND(S14=5,L14=3),"Risco Alto",IF(AND(S14=5,L14=4),"Risco Extremo",IF(AND(S14=5,L14=5),"Risco Extremo",0))))))))))))))))))))))))) -> Risco Moderado | Y14: =IF(X14>0,X14,"") -> Risco Moderado | Z14: Realizar o planejamento contínuo da execução da obra de maneira a se adaptar às possíveis restrições que possam acontecer. | AB14: Inexistente | AC14: =IF(AB14="Inexistente",5,IF(AB14="Fraco",4,IF(AB14="Mediano",3,IF(AB14="Satisfatório",2,IF(AB14="Forte",1))))) -> 5 | AD14: =ROUNDUP((AVERAGE(K14,AC14)),0) -> 3 | AE14: =(AVERAGE(K14,AC14))*T14 -> 6 | AF14: =IF(AND(S14=1,AD14=1),"Risco Baixo",IF(AND(S14=1, AD14=2),"Risco Baixo",IF(AND(S14=1,AD14=3),"Risco Baixo",IF(AND(S14=1,AD14=4),"Risco Baixo",IF(AND(S14=1,AD14=5),"Risco Moderado",IF(AND(S14=2,AD14=1),"Risco Baixo",IF(AND(S14=2,AD14=2),"Risco Baixo",IF(AND(S14=2,AD14=3),"Risco Moderado",IF(AND(S14=2,AD14=4),"Risco Moderado",IF(AND(S14=2,AD14=5),"Risco Moderado",IF(AND(S14=3,AD14=1),"Risco Baixo",IF(AND(S14=3,AD14=2),"Risco Moderado",IF(AND(S14=3,AD14=3),"Risco Moderado",IF(AND(S14=3,AD14=4),"Risco Alto",IF(AND(S14=3,AD14=5),"Risco Alto",IF(AND(S14=4,AD14=1),"Risco Baixo",IF(AND(S14=4,AD14=2),"Risco Moderado",IF(AND(S14=4,AD14=3),"Risco Alto",IF(AND(S14=4,AD14=4),"Risco Alto",IF(AND(S14=4,AD14=5),"Risco Extremo",IF(AND(S14=5,AD14=1),"Risco Moderado",IF(AND(S14=5,AD14=2),"Risco Moderado",IF(AND(S14=5,AD14=3),"Risco Alto",IF(AND(S14=5,AD14=4),"Risco Extremo",IF(AND(S14=5,AD14=5),"Risco Extremo",0))))))))))))))))))))))))) -> Risco Moderado | AG14: =IF(AND(AF14>0,AB14>0),AF14,"") -> Risco Moderado | AH14: Aceitar
A15: RC008 | B15: Gestão e fiscalização do contrato | C15: Risco do Contrato | D15: Fatores externos | E15: Custos adicionais para manutenção e operação de desvios de tráfego necessários a continuidade do fluxo de veículos na região da realização da pavimentação. | F15: Poderá ocorrer acréscimo dos custos operacionais | G15: Orçamentário/financeiro | H15: Aumento nos custos dos serviços | I15: Contratada | J15: 2- Baixa | K15: =IF(J15="1- Muito Baixa",1,IF(J15="2- Baixa",2,IF(J15="3- Média",3,IF(J15="4- Alta",4,IF(J15="5- Muito Alta",5,0))))) -> 2 | L15: =ROUNDUP(((K15+5)/2),0) -> 4 | M15: Pequeno | N15: Insignificante | O15: Insignificante | P15: Insignificante | Q15: Insignificante | R15: Pequeno | S15: =ROUNDUP(((IF(M15="pequeno",2,IF(M15="insignificante",1,IF(M15="moderado",3,IF(M15="Grande",4,IF(M15="Muito Grande",5,0)))))+IF(N15="pequeno",2,IF(N15="insignificante",1,IF(N15="moderado",3,IF(N15="Grande",4,IF(N15="Muito Grande",5,0)))))+IF(O15="pequeno",2,IF(O15="insignificante",1,IF(O15="moderado",3,IF(O15="Grande",4,IF(O15="Muito Grande",5,0)))))+IF(P15="pequeno",2,IF(P15="insignificante",1,IF(P15="moderado",3,IF(P15="Grande",4,IF(P15="Muito Grande",5,0)))))+IF(Q15="pequeno",2,IF(Q15="insignificante",1,IF(Q15="moderado",3,IF(Q15="Grande",4,IF(Q15="Muito Grande",5,0)))))+IF(R15="pequeno",2,IF(R15="insignificante",1,IF(R15="moderado",3,IF(R15="Grande",4,IF(R15="Muito Grande",5,0))))))/6),0) -> 2 | T15: =ROUNDUP(S15,0) -> 2 | U15: =IF(T15=1,"1- Insignificante",IF(T15=2,"2- Pequeno",IF(T15=3,"3- Moderado",IF(T15=4,"4- Grande",IF(T15=5,"5- Muito Grande",""))))) -> 2- Pequeno | V15: =U15 -> 2- Pequeno | W15: =ROUNDUP((((K15+5)/2)*S15),0) -> 7 | X15: =IF(AND(T15=1,L15=1),"Risco Baixo",IF(AND(S15=1,L15=2),"Risco Baixo",IF(AND(S15=1,L15=3),"Risco Baixo",IF(AND(S15=1,L15=4),"Risco Baixo",IF(AND(S15=1,L15=5),"Risco Moderado",IF(AND(S15=2,L15=1),"Risco Baixo",IF(AND(S15=2,L15=2),"Risco Baixo",IF(AND(S15=2,L15=3),"Risco Moderado",IF(AND(S15=2,L15=4),"Risco Moderado",IF(AND(S15=2,L15=5),"Risco Moderado",IF(AND(S15=3,L15=1),"Risco Baixo",IF(AND(S15=3,L15=2),"Risco Moderado",IF(AND(S15=3,L15=3),"Risco Moderado",IF(AND(S15=3,L15=4),"Risco Alto",IF(AND(S15=3,L15=5),"Risco Alto",IF(AND(S15=4,L15=1),"Risco Baixo",IF(AND(S15=4,L15=2),"Risco Moderado",IF(AND(S15=4,L15=3),"Risco Alto",IF(AND(S15=4,L15=4),"Risco Alto",IF(AND(S15=4,L15=5),"Risco Extremo",IF(AND(S15=5,L15=1),"Risco Moderado",IF(AND(S15=5,L15=2),"Risco Moderado",IF(AND(S15=5,L15=3),"Risco Alto",IF(AND(S15=5,L15=4),"Risco Extremo",IF(AND(S15=5,L15=5),"Risco Extremo",0))))))))))))))))))))))))) -> Risco Moderado | Y15: =IF(X15>0,X15,"") -> Risco Moderado | Z15: Maior rigor quanto ao detalhamento do projeto executivo, possibilitando o planejamento adequado e, por consequência, a correta execução da obra | AB15: Inexistente | AC15: =IF(AB15="Inexistente",5,IF(AB15="Fraco",4,IF(AB15="Mediano",3,IF(AB15="Satisfatório",2,IF(AB15="Forte",1))))) -> 5 | AD15: =ROUNDUP((AVERAGE(K15,AC15)),0) -> 4 | AE15: =(AVERAGE(K15,AC15))*T15 -> 7 | AF15: =IF(AND(S15=1,AD15=1),"Risco Baixo",IF(AND(S15=1, AD15=2),"Risco Baixo",IF(AND(S15=1,AD15=3),"Risco Baixo",IF(AND(S15=1,AD15=4),"Risco Baixo",IF(AND(S15=1,AD15=5),"Risco Moderado",IF(AND(S15=2,AD15=1),"Risco Baixo",IF(AND(S15=2,AD15=2),"Risco Baixo",IF(AND(S15=2,AD15=3),"Risco Moderado",IF(AND(S15=2,AD15=4),"Risco Moderado",IF(AND(S15=2,AD15=5),"Risco Moderado",IF(AND(S15=3,AD15=1),"Risco Baixo",IF(AND(S15=3,AD15=2),"Risco Moderado",IF(AND(S15=3,AD15=3),"Risco Moderado",IF(AND(S15=3,AD15=4),"Risco Alto",IF(AND(S15=3,AD15=5),"Risco Alto",IF(AND(S15=4,AD15=1),"Risco Baixo",IF(AND(S15=4,AD15=2),"Risco Moderado",IF(AND(S15=4,AD15=3),"Risco Alto",IF(AND(S15=4,AD15=4),"Risco Alto",IF(AND(S15=4,AD15=5),"Risco Extremo",IF(AND(S15=5,AD15=1),"Risco Moderado",IF(AND(S15=5,AD15=2),"Risco Moderado",IF(AND(S15=5,AD15=3),"Risco Alto",IF(AND(S15=5,AD15=4),"Risco Extremo",IF(AND(S15=5,AD15=5),"Risco Extremo",0))))))))))))))))))))))))) -> Risco Moderado | AG15: =IF(AND(AF15>0,AB15>0),AF15,"") -> Risco Moderado | AH15: Aceitar
A16: RC009 | B16: Gestão e fiscalização do contrato | C16: Risco do Contrato | D16: Fatores externos | E16: Custos associados ao remanejamento de elementos interferentes, como linhas de energia (redes de alta e baixa tensão) telecomunicações e saneamento, Dutos e Tubulações de Gás ou petróleo. | F16: Poderá ocorrer acréscimo dos custos operacionais | G16: Operacional | H16: Necessidade de celebração de aditivos contratuais | I16: Contratante | J16: 3- Média | K16: =IF(J16="1- Muito Baixa",1,IF(J16="2- Baixa",2,IF(J16="3- Média",3,IF(J16="4- Alta",4,IF(J16="5- Muito Alta",5,0))))) -> 3 | L16: =ROUNDUP(((K16+5)/2),0) -> 4 | M16: Grande | N16: Insignificante | O16: Insignificante | P16: Insignificante | Q16: Pequeno | R16: Grande | S16: =ROUNDUP(((IF(M16="pequeno",2,IF(M16="insignificante",1,IF(M16="moderado",3,IF(M16="Grande",4,IF(M16="Muito Grande",5,0)))))+IF(N16="pequeno",2,IF(N16="insignificante",1,IF(N16="moderado",3,IF(N16="Grande",4,IF(N16="Muito Grande",5,0)))))+IF(O16="pequeno",2,IF(O16="insignificante",1,IF(O16="moderado",3,IF(O16="Grande",4,IF(O16="Muito Grande",5,0)))))+IF(P16="pequeno",2,IF(P16="insignificante",1,IF(P16="moderado",3,IF(P16="Grande",4,IF(P16="Muito Grande",5,0)))))+IF(Q16="pequeno",2,IF(Q16="insignificante",1,IF(Q16="moderado",3,IF(Q16="Grande",4,IF(Q16="Muito Grande",5,0)))))+IF(R16="pequeno",2,IF(R16="insignificante",1,IF(R16="moderado",3,IF(R16="Grande",4,IF(R16="Muito Grande",5,0))))))/6),0) -> 3 | T16: =ROUNDUP(S16,0) -> 3 | U16: =IF(T16=1,"1- Insignificante",IF(T16=2,"2- Pequeno",IF(T16=3,"3- Moderado",IF(T16=4,"4- Grande",IF(T16=5,"5- Muito Grande",""))))) -> 3- Moderado | V16: =U16 -> 3- Moderado | W16: =ROUNDUP((((K16+5)/2)*S16),0) -> 12 | X16: =IF(AND(T16=1,L16=1),"Risco Baixo",IF(AND(S16=1,L16=2),"Risco Baixo",IF(AND(S16=1,L16=3),"Risco Baixo",IF(AND(S16=1,L16=4),"Risco Baixo",IF(AND(S16=1,L16=5),"Risco Moderado",IF(AND(S16=2,L16=1),"Risco Baixo",IF(AND(S16=2,L16=2),"Risco Baixo",IF(AND(S16=2,L16=3),"Risco Moderado",IF(AND(S16=2,L16=4),"Risco Moderado",IF(AND(S16=2,L16=5),"Risco Moderado",IF(AND(S16=3,L16=1),"Risco Baixo",IF(AND(S16=3,L16=2),"Risco Moderado",IF(AND(S16=3,L16=3),"Risco Moderado",IF(AND(S16=3,L16=4),"Risco Alto",IF(AND(S16=3,L16=5),"Risco Alto",IF(AND(S16=4,L16=1),"Risco Baixo",IF(AND(S16=4,L16=2),"Risco Moderado",IF(AND(S16=4,L16=3),"Risco Alto",IF(AND(S16=4,L16=4),"Risco Alto",IF(AND(S16=4,L16=5),"Risco Extremo",IF(AND(S16=5,L16=1),"Risco Moderado",IF(AND(S16=5,L16=2),"Risco Moderado",IF(AND(S16=5,L16=3),"Risco Alto",IF(AND(S16=5,L16=4),"Risco Extremo",IF(AND(S16=5,L16=5),"Risco Extremo",0))))))))))))))))))))))))) -> Risco Alto | Y16: =IF(X16>0,X16,"") -> Risco Alto | Z16: Analisar o projeto executivo e verificar a necessidade de celebração de aditivos contratuais e/ou diligências com órgãos competentes | AB16: Satisfatório | AC16: =IF(AB16="Inexistente",5,IF(AB16="Fraco",4,IF(AB16="Mediano",3,IF(AB16="Satisfatório",2,IF(AB16="Forte",1))))) -> 2 | AD16: =ROUNDUP((AVERAGE(K16,AC16)),0) -> 3 | AE16: =(AVERAGE(K16,AC16))*T16 -> 7.5 | AF16: =IF(AND(S16=1,AD16=1),"Risco Baixo",IF(AND(S16=1, AD16=2),"Risco Baixo",IF(AND(S16=1,AD16=3),"Risco Baixo",IF(AND(S16=1,AD16=4),"Risco Baixo",IF(AND(S16=1,AD16=5),"Risco Moderado",IF(AND(S16=2,AD16=1),"Risco Baixo",IF(AND(S16=2,AD16=2),"Risco Baixo",IF(AND(S16=2,AD16=3),"Risco Moderado",IF(AND(S16=2,AD16=4),"Risco Moderado",IF(AND(S16=2,AD16=5),"Risco Moderado",IF(AND(S16=3,AD16=1),"Risco Baixo",IF(AND(S16=3,AD16=2),"Risco Moderado",IF(AND(S16=3,AD16=3),"Risco Moderado",IF(AND(S16=3,AD16=4),"Risco Alto",IF(AND(S16=3,AD16=5),"Risco Alto",IF(AND(S16=4,AD16=1),"Risco Baixo",IF(AND(S16=4,AD16=2),"Risco Moderado",IF(AND(S16=4,AD16=3),"Risco Alto",IF(AND(S16=4,AD16=4),"Risco Alto",IF(AND(S16=4,AD16=5),"Risco Extremo",IF(AND(S16=5,AD16=1),"Risco Moderado",IF(AND(S16=5,AD16=2),"Risco Moderado",IF(AND(S16=5,AD16=3),"Risco Alto",IF(AND(S16=5,AD16=4),"Risco Extremo",IF(AND(S16=5,AD16=5),"Risco Extremo",0))))))))))))))))))))))))) -> Risco Moderado | AG16: =IF(AND(AF16>0,AB16>0),AF16,"") -> Risco Moderado | AH16: Aceitar
A17: RC010 | B17: Gestão e fiscalização do contrato | C17: Risco do Contrato | D17: Fatores externos | E17: Decisão arbitral, judicial ou administrativa que impeça ou impossibilite a CONTRATADA de executar fielmente suas obrigações contratuais, exceto nos casos em que a CONTRATADA houver dado causa a tal decisão. | F17: Poderá ocorrer descumprimento de instrumentos contratuais | G17: Legal | H17: Impossibilidade do cumprimento contratual, possível paralisação e rescisão contratual, | I17: Contratada | J17: 2- Baixa | K17: =IF(J17="1- Muito Baixa",1,IF(J17="2- Baixa",2,IF(J17="3- Média",3,IF(J17="4- Alta",4,IF(J17="5- Muito Alta",5,0))))) -> 2 | L17: =ROUNDUP(((K17+5)/2),0) -> 4 | M17: Muito Grande | N17: Moderado | O17: Moderado | P17: Moderado | Q17: Pequeno | R17: Moderado | S17: =ROUNDUP(((IF(M17="pequeno",2,IF(M17="insignificante",1,IF(M17="moderado",3,IF(M17="Grande",4,IF(M17="Muito Grande",5,0)))))+IF(N17="pequeno",2,IF(N17="insignificante",1,IF(N17="moderado",3,IF(N17="Grande",4,IF(N17="Muito Grande",5,0)))))+IF(O17="pequeno",2,IF(O17="insignificante",1,IF(O17="moderado",3,IF(O17="Grande",4,IF(O17="Muito Grande",5,0)))))+IF(P17="pequeno",2,IF(P17="insignificante",1,IF(P17="moderado",3,IF(P17="Grande",4,IF(P17="Muito Grande",5,0)))))+IF(Q17="pequeno",2,IF(Q17="insignificante",1,IF(Q17="moderado",3,IF(Q17="Grande",4,IF(Q17="Muito Grande",5,0)))))+IF(R17="pequeno",2,IF(R17="insignificante",1,IF(R17="moderado",3,IF(R17="Grande",4,IF(R17="Muito Grande",5,0))))))/6),0) -> 4 | T17: =ROUNDUP(S17,0) -> 4 | U17: =IF(T17=1,"1- Insignificante",IF(T17=2,"2- Pequeno",IF(T17=3,"3- Moderado",IF(T17=4,"4- Grande",IF(T17=5,"5- Muito Grande",""))))) -> 4- Grande | V17: =U17 -> 4- Grande | W17: =ROUNDUP((((K17+5)/2)*S17),0) -> 14 | X17: =IF(AND(T17=1,L17=1),"Risco Baixo",IF(AND(S17=1,L17=2),"Risco Baixo",IF(AND(S17=1,L17=3),"Risco Baixo",IF(AND(S17=1,L17=4),"Risco Baixo",IF(AND(S17=1,L17=5),"Risco Moderado",IF(AND(S17=2,L17=1),"Risco Baixo",IF(AND(S17=2,L17=2),"Risco Baixo",IF(AND(S17=2,L17=3),"Risco Moderado",IF(AND(S17=2,L17=4),"Risco Moderado",IF(AND(S17=2,L17=5),"Risco Moderado",IF(AND(S17=3,L17=1),"Risco Baixo",IF(AND(S17=3,L17=2),"Risco Moderado",IF(AND(S17=3,L17=3),"Risco Moderado",IF(AND(S17=3,L17=4),"Risco Alto",IF(AND(S17=3,L17=5),"Risco Alto",IF(AND(S17=4,L17=1),"Risco Baixo",IF(AND(S17=4,L17=2),"Risco Moderado",IF(AND(S17=4,L17=3),"Risco Alto",IF(AND(S17=4,L17=4),"Risco Alto",IF(AND(S17=4,L17=5),"Risco Extremo",IF(AND(S17=5,L17=1),"Risco Moderado",IF(AND(S17=5,L17=2),"Risco Moderado",IF(AND(S17=5,L17=3),"Risco Alto",IF(AND(S17=5,L17=4),"Risco Extremo",IF(AND(S17=5,L17=5),"Risco Extremo",0))))))))))))))))))))))))) -> Risco Alto | Y17: =IF(X17>0,X17,"") -> Risco Alto | Z17: Verificar junto à área jurídica os impactos da decisão na execução do instrumento | AB17: Mediano | AC17: =IF(AB17="Inexistente",5,IF(AB17="Fraco",4,IF(AB17="Mediano",3,IF(AB17="Satisfatório",2,IF(AB17="Forte",1))))) -> 3 | AD17: =ROUNDUP((AVERAGE(K17,AC17)),0) -> 3 | AE17: =(AVERAGE(K17,AC17))*T17 -> 10 | AF17: =IF(AND(S17=1,AD17=1),"Risco Baixo",IF(AND(S17=1, AD17=2),"Risco Baixo",IF(AND(S17=1,AD17=3),"Risco Baixo",IF(AND(S17=1,AD17=4),"Risco Baixo",IF(AND(S17=1,AD17=5),"Risco Moderado",IF(AND(S17=2,AD17=1),"Risco Baixo",IF(AND(S17=2,AD17=2),"Risco Baixo",IF(AND(S17=2,AD17=3),"Risco Moderado",IF(AND(S17=2,AD17=4),"Risco Moderado",IF(AND(S17=2,AD17=5),"Risco Moderado",IF(AND(S17=3,AD17=1),"Risco Baixo",IF(AND(S17=3,AD17=2),"Risco Moderado",IF(AND(S17=3,AD17=3),"Risco Moderado",IF(AND(S17=3,AD17=4),"Risco Alto",IF(AND(S17=3,AD17=5),"Risco Alto",IF(AND(S17=4,AD17=1),"Risco Baixo",IF(AND(S17=4,AD17=2),"Risco Moderado",IF(AND(S17=4,AD17=3),"Risco Alto",IF(AND(S17=4,AD17=4),"Risco Alto",IF(AND(S17=4,AD17=5),"Risco Extremo",IF(AND(S17=5,AD17=1),"Risco Moderado",IF(AND(S17=5,AD17=2),"Risco Moderado",IF(AND(S17=5,AD17=3),"Risco Alto",IF(AND(S17=5,AD17=4),"Risco Extremo",IF(AND(S17=5,AD17=5),"Risco Extremo",0))))))))))))))))))))))))) -> Risco Alto | AG17: =IF(AND(AF17>0,AB17>0),AF17,"") -> Risco Alto | AH17: Aceitar
A18: RC011 | B18: Fase preliminar da contratação - Planejamento | C18: Risco Institucional | D18: Fatores externos | E18: Indisponibilidade orçamentária para realização de licitação. | F18: Poderá ocorrer morosidade no processo e/ou atividade | G18: Orçamentário/financeiro | H18: Impossibilidade da contratação; Compromentimento do orçamento com outras contratações e aditivos. | I18: Contratante | J18: 2- Baixa | K18: =IF(J18="1- Muito Baixa",1,IF(J18="2- Baixa",2,IF(J18="3- Média",3,IF(J18="4- Alta",4,IF(J18="5- Muito Alta",5,0))))) -> 2 | L18: =ROUNDUP(((K18+5)/2),0) -> 4 | M18: Grande | N18: Pequeno | O18: Moderado | P18: Pequeno | Q18: Moderado | R18: Moderado | S18: =ROUNDUP(((IF(M18="pequeno",2,IF(M18="insignificante",1,IF(M18="moderado",3,IF(M18="Grande",4,IF(M18="Muito Grande",5,0)))))+IF(N18="pequeno",2,IF(N18="insignificante",1,IF(N18="moderado",3,IF(N18="Grande",4,IF(N18="Muito Grande",5,0)))))+IF(O18="pequeno",2,IF(O18="insignificante",1,IF(O18="moderado",3,IF(O18="Grande",4,IF(O18="Muito Grande",5,0)))))+IF(P18="pequeno",2,IF(P18="insignificante",1,IF(P18="moderado",3,IF(P18="Grande",4,IF(P18="Muito Grande",5,0)))))+IF(Q18="pequeno",2,IF(Q18="insignificante",1,IF(Q18="moderado",3,IF(Q18="Grande",4,IF(Q18="Muito Grande",5,0)))))+IF(R18="pequeno",2,IF(R18="insignificante",1,IF(R18="moderado",3,IF(R18="Grande",4,IF(R18="Muito Grande",5,0))))))/6),0) -> 3 | T18: =ROUNDUP(S18,0) -> 3 | U18: =IF(T18=1,"1- Insignificante",IF(T18=2,"2- Pequeno",IF(T18=3,"3- Moderado",IF(T18=4,"4- Grande",IF(T18=5,"5- Muito Grande",""))))) -> 3- Moderado | V18: =U18 -> 3- Moderado | W18: =ROUNDUP((((K18+5)/2)*S18),0) -> 11 | X18: =IF(AND(T18=1,L18=1),"Risco Baixo",IF(AND(S18=1,L18=2),"Risco Baixo",IF(AND(S18=1,L18=3),"Risco Baixo",IF(AND(S18=1,L18=4),"Risco Baixo",IF(AND(S18=1,L18=5),"Risco Moderado",IF(AND(S18=2,L18=1),"Risco Baixo",IF(AND(S18=2,L18=2),"Risco Baixo",IF(AND(S18=2,L18=3),"Risco Moderado",IF(AND(S18=2,L18=4),"Risco Moderado",IF(AND(S18=2,L18=5),"Risco Moderado",IF(AND(S18=3,L18=1),"Risco Baixo",IF(AND(S18=3,L18=2),"Risco Moderado",IF(AND(S18=3,L18=3),"Risco Moderado",IF(AND(S18=3,L18=4),"Risco Alto",IF(AND(S18=3,L18=5),"Risco Alto",IF(AND(S18=4,L18=1),"Risco Baixo",IF(AND(S18=4,L18=2),"Risco Moderado",IF(AND(S18=4,L18=3),"Risco Alto",IF(AND(S18=4,L18=4),"Risco Alto",IF(AND(S18=4,L18=5),"Risco Extremo",IF(AND(S18=5,L18=1),"Risco Moderado",IF(AND(S18=5,L18=2),"Risco Moderado",IF(AND(S18=5,L18=3),"Risco Alto",IF(AND(S18=5,L18=4),"Risco Extremo",IF(AND(S18=5,L18=5),"Risco Extremo",0))))))))))))))))))))))))) -> Risco Alto | Y18: =IF(X18>0,X18,"") -> Risco Alto | Z18: Acompanhamento dos tetos definidos pelo Orçamento; Repriorização faz contratações; Criação de rotina e de fluxo de identificação de eventos que podem comprometer o cumprimento do orçamento e do cronograma de desembolso da unidade. | AA18: Redução de valor de outros contatos/despesas para viabilizar o remanejamento orçamentário. | AB18: Mediano | AC18: =IF(AB18="Inexistente",5,IF(AB18="Fraco",4,IF(AB18="Mediano",3,IF(AB18="Satisfatório",2,IF(AB18="Forte",1))))) -> 3 | AD18: =ROUNDUP((AVERAGE(K18,AC18)),0) -> 3 | AE18: =(AVERAGE(K18,AC18))*T18 -> 7.5 | AF18: =IF(AND(S18=1,AD18=1),"Risco Baixo",IF(AND(S18=1, AD18=2),"Risco Baixo",IF(AND(S18=1,AD18=3),"Risco Baixo",IF(AND(S18=1,AD18=4),"Risco Baixo",IF(AND(S18=1,AD18=5),"Risco Moderado",IF(AND(S18=2,AD18=1),"Risco Baixo",IF(AND(S18=2,AD18=2),"Risco Baixo",IF(AND(S18=2,AD18=3),"Risco Moderado",IF(AND(S18=2,AD18=4),"Risco Moderado",IF(AND(S18=2,AD18=5),"Risco Moderado",IF(AND(S18=3,AD18=1),"Risco Baixo",IF(AND(S18=3,AD18=2),"Risco Moderado",IF(AND(S18=3,AD18=3),"Risco Moderado",IF(AND(S18=3,AD18=4),"Risco Alto",IF(AND(S18=3,AD18=5),"Risco Alto",IF(AND(S18=4,AD18=1),"Risco Baixo",IF(AND(S18=4,AD18=2),"Risco Moderado",IF(AND(S18=4,AD18=3),"Risco Alto",IF(AND(S18=4,AD18=4),"Risco Alto",IF(AND(S18=4,AD18=5),"Risco Extremo",IF(AND(S18=5,AD18=1),"Risco Moderado",IF(AND(S18=5,AD18=2),"Risco Moderado",IF(AND(S18=5,AD18=3),"Risco Alto",IF(AND(S18=5,AD18=4),"Risco Extremo",IF(AND(S18=5,AD18=5),"Risco Extremo",0))))))))))))))))))))))))) -> Risco Moderado | AG18: =IF(AND(AF18>0,AB18>0),AF18,"") -> Risco Moderado | AH18: Aceitar
A19: RC012 | B19: Gestão e fiscalização do contrato | C19: Risco do Contrato | D19: Fatores externos | E19: Divergências qualitativas inerentes à categoria de solos, verificadas durante a execução dos serviços, que ensejem a alteração na distribuição das estimativas de volumes escavados para cada categoria de solo, sem alteração do volume final escavado. | F19: Poderá ocorrer acréscimo dos custos operacionais | G19: Orçamentário/financeiro | H19: Atraso na execução da obra; Aumento nos custos dos serviços - necessidade de complementação orçamentária; Aditivo ao contrato. | I19: Contratante | J19: 3- Média | K19: =IF(J19="1- Muito Baixa",1,IF(J19="2- Baixa",2,IF(J19="3- Média",3,IF(J19="4- Alta",4,IF(J19="5- Muito Alta",5,0))))) -> 3 | L19: =ROUNDUP(((K19+5)/2),0) -> 4 | M19: Grande | N19: Pequeno | O19: Moderado | P19: Pequeno | Q19: Moderado | R19: Moderado | S19: =ROUNDUP(((IF(M19="pequeno",2,IF(M19="insignificante",1,IF(M19="moderado",3,IF(M19="Grande",4,IF(M19="Muito Grande",5,0)))))+IF(N19="pequeno",2,IF(N19="insignificante",1,IF(N19="moderado",3,IF(N19="Grande",4,IF(N19="Muito Grande",5,0)))))+IF(O19="pequeno",2,IF(O19="insignificante",1,IF(O19="moderado",3,IF(O19="Grande",4,IF(O19="Muito Grande",5,0)))))+IF(P19="pequeno",2,IF(P19="insignificante",1,IF(P19="moderado",3,IF(P19="Grande",4,IF(P19="Muito Grande",5,0)))))+IF(Q19="pequeno",2,IF(Q19="insignificante",1,IF(Q19="moderado",3,IF(Q19="Grande",4,IF(Q19="Muito Grande",5,0)))))+IF(R19="pequeno",2,IF(R19="insignificante",1,IF(R19="moderado",3,IF(R19="Grande",4,IF(R19="Muito Grande",5,0))))))/6),0) -> 3 | T19: =ROUNDUP(S19,0) -> 3 | U19: =IF(T19=1,"1- Insignificante",IF(T19=2,"2- Pequeno",IF(T19=3,"3- Moderado",IF(T19=4,"4- Grande",IF(T19=5,"5- Muito Grande",""))))) -> 3- Moderado | V19: =U19 -> 3- Moderado | W19: =ROUNDUP((((K19+5)/2)*S19),0) -> 12 | X19: =IF(AND(T19=1,L19=1),"Risco Baixo",IF(AND(S19=1,L19=2),"Risco Baixo",IF(AND(S19=1,L19=3),"Risco Baixo",IF(AND(S19=1,L19=4),"Risco Baixo",IF(AND(S19=1,L19=5),"Risco Moderado",IF(AND(S19=2,L19=1),"Risco Baixo",IF(AND(S19=2,L19=2),"Risco Baixo",IF(AND(S19=2,L19=3),"Risco Moderado",IF(AND(S19=2,L19=4),"Risco Moderado",IF(AND(S19=2,L19=5),"Risco Moderado",IF(AND(S19=3,L19=1),"Risco Baixo",IF(AND(S19=3,L19=2),"Risco Moderado",IF(AND(S19=3,L19=3),"Risco Moderado",IF(AND(S19=3,L19=4),"Risco Alto",IF(AND(S19=3,L19=5),"Risco Alto",IF(AND(S19=4,L19=1),"Risco Baixo",IF(AND(S19=4,L19=2),"Risco Moderado",IF(AND(S19=4,L19=3),"Risco Alto",IF(AND(S19=4,L19=4),"Risco Alto",IF(AND(S19=4,L19=5),"Risco Extremo",IF(AND(S19=5,L19=1),"Risco Moderado",IF(AND(S19=5,L19=2),"Risco Moderado",IF(AND(S19=5,L19=3),"Risco Alto",IF(AND(S19=5,L19=4),"Risco Extremo",IF(AND(S19=5,L19=5),"Risco Extremo",0))))))))))))))))))))))))) -> Risco Alto | Y19: =IF(X19>0,X19,"") -> Risco Alto | Z19: Exigência de ART - Projetista. Análise e aprovação do projeto. | AA19: Empresa projetista realiza ajustes necessários. | AB19: Mediano | AC19: =IF(AB19="Inexistente",5,IF(AB19="Fraco",4,IF(AB19="Mediano",3,IF(AB19="Satisfatório",2,IF(AB19="Forte",1))))) -> 3 | AD19: =ROUNDUP((AVERAGE(K19,AC19)),0) -> 3 | AE19: =(AVERAGE(K19,AC19))*T19 -> 9 | AF19: =IF(AND(S19=1,AD19=1),"Risco Baixo",IF(AND(S19=1, AD19=2),"Risco Baixo",IF(AND(S19=1,AD19=3),"Risco Baixo",IF(AND(S19=1,AD19=4),"Risco Baixo",IF(AND(S19=1,AD19=5),"Risco Moderado",IF(AND(S19=2,AD19=1),"Risco Baixo",IF(AND(S19=2,AD19=2),"Risco Baixo",IF(AND(S19=2,AD19=3),"Risco Moderado",IF(AND(S19=2,AD19=4),"Risco Moderado",IF(AND(S19=2,AD19=5),"Risco Moderado",IF(AND(S19=3,AD19=1),"Risco Baixo",IF(AND(S19=3,AD19=2),"Risco Moderado",IF(AND(S19=3,AD19=3),"Risco Moderado",IF(AND(S19=3,AD19=4),"Risco Alto",IF(AND(S19=3,AD19=5),"Risco Alto",IF(AND(S19=4,AD19=1),"Risco Baixo",IF(AND(S19=4,AD19=2),"Risco Moderado",IF(AND(S19=4,AD19=3),"Risco Alto",IF(AND(S19=4,AD19=4),"Risco Alto",IF(AND(S19=4,AD19=5),"Risco Extremo",IF(AND(S19=5,AD19=1),"Risco Moderado",IF(AND(S19=5,AD19=2),"Risco Moderado",IF(AND(S19=5,AD19=3),"Risco Alto",IF(AND(S19=5,AD19=4),"Risco Extremo",IF(AND(S19=5,AD19=5),"Risco Extremo",0))))))))))))))))))))))))) -> Risco Moderado | AG19: =IF(AND(AF19>0,AB19>0),AF19,"") -> Risco Moderado | AH19: Aceitar
A20: RC013 | B20: Gestão e fiscalização do contrato | C20: Risco do Contrato | D20: Fatores externos | E20: Divergências no transporte e bota-fora de materiais escavados (solos). | F20: Poderá ocorrer imprevisibilidade na aquisição ou/e entrega de bens e serviços | G20: Operacional | H20: Aumento nos custos dos serviços - necessidade de complementação orçamentária; Aditivo ao contrato. | I20: Contratada | J20: 3- Média | K20: =IF(J20="1- Muito Baixa",1,IF(J20="2- Baixa",2,IF(J20="3- Média",3,IF(J20="4- Alta",4,IF(J20="5- Muito Alta",5,0))))) -> 3 | L20: =ROUNDUP(((K20+5)/2),0) -> 4 | M20: Moderado | N20: Pequeno | O20: Insignificante | P20: Insignificante | Q20: Pequeno | R20: Moderado | S20: =ROUNDUP(((IF(M20="pequeno",2,IF(M20="insignificante",1,IF(M20="moderado",3,IF(M20="Grande",4,IF(M20="Muito Grande",5,0)))))+IF(N20="pequeno",2,IF(N20="insignificante",1,IF(N20="moderado",3,IF(N20="Grande",4,IF(N20="Muito Grande",5,0)))))+IF(O20="pequeno",2,IF(O20="insignificante",1,IF(O20="moderado",3,IF(O20="Grande",4,IF(O20="Muito Grande",5,0)))))+IF(P20="pequeno",2,IF(P20="insignificante",1,IF(P20="moderado",3,IF(P20="Grande",4,IF(P20="Muito Grande",5,0)))))+IF(Q20="pequeno",2,IF(Q20="insignificante",1,IF(Q20="moderado",3,IF(Q20="Grande",4,IF(Q20="Muito Grande",5,0)))))+IF(R20="pequeno",2,IF(R20="insignificante",1,IF(R20="moderado",3,IF(R20="Grande",4,IF(R20="Muito Grande",5,0))))))/6),0) -> 2 | T20: =ROUNDUP(S20,0) -> 2 | U20: =IF(T20=1,"1- Insignificante",IF(T20=2,"2- Pequeno",IF(T20=3,"3- Moderado",IF(T20=4,"4- Grande",IF(T20=5,"5- Muito Grande",""))))) -> 2- Pequeno | V20: =U20 -> 2- Pequeno | W20: =ROUNDUP((((K20+5)/2)*S20),0) -> 8 | X20: =IF(AND(T20=1,L20=1),"Risco Baixo",IF(AND(S20=1,L20=2),"Risco Baixo",IF(AND(S20=1,L20=3),"Risco Baixo",IF(AND(S20=1,L20=4),"Risco Baixo",IF(AND(S20=1,L20=5),"Risco Moderado",IF(AND(S20=2,L20=1),"Risco Baixo",IF(AND(S20=2,L20=2),"Risco Baixo",IF(AND(S20=2,L20=3),"Risco Moderado",IF(AND(S20=2,L20=4),"Risco Moderado",IF(AND(S20=2,L20=5),"Risco Moderado",IF(AND(S20=3,L20=1),"Risco Baixo",IF(AND(S20=3,L20=2),"Risco Moderado",IF(AND(S20=3,L20=3),"Risco Moderado",IF(AND(S20=3,L20=4),"Risco Alto",IF(AND(S20=3,L20=5),"Risco Alto",IF(AND(S20=4,L20=1),"Risco Baixo",IF(AND(S20=4,L20=2),"Risco Moderado",IF(AND(S20=4,L20=3),"Risco Alto",IF(AND(S20=4,L20=4),"Risco Alto",IF(AND(S20=4,L20=5),"Risco Extremo",IF(AND(S20=5,L20=1),"Risco Moderado",IF(AND(S20=5,L20=2),"Risco Moderado",IF(AND(S20=5,L20=3),"Risco Alto",IF(AND(S20=5,L20=4),"Risco Extremo",IF(AND(S20=5,L20=5),"Risco Extremo",0))))))))))))))))))))))))) -> Risco Moderado | Y20: =IF(X20>0,X20,"") -> Risco Moderado | Z20: Exigência de ART. Análise e aprovação do projeto. Exigência de declaração de conhecimento do local das obras. | AA20: Empresa executora apresenta proposta de volume e DMT (distância média de transporte) | AB20: Mediano | AC20: =IF(AB20="Inexistente",5,IF(AB20="Fraco",4,IF(AB20="Mediano",3,IF(AB20="Satisfatório",2,IF(AB20="Forte",1))))) -> 3 | AD20: =ROUNDUP((AVERAGE(K20,AC20)),0) -> 3 | AE20: =(AVERAGE(K20,AC20))*T20 -> 6 | AF20: =IF(AND(S20=1,AD20=1),"Risco Baixo",IF(AND(S20=1, AD20=2),"Risco Baixo",IF(AND(S20=1,AD20=3),"Risco Baixo",IF(AND(S20=1,AD20=4),"Risco Baixo",IF(AND(S20=1,AD20=5),"Risco Moderado",IF(AND(S20=2,AD20=1),"Risco Baixo",IF(AND(S20=2,AD20=2),"Risco Baixo",IF(AND(S20=2,AD20=3),"Risco Moderado",IF(AND(S20=2,AD20=4),"Risco Moderado",IF(AND(S20=2,AD20=5),"Risco Moderado",IF(AND(S20=3,AD20=1),"Risco Baixo",IF(AND(S20=3,AD20=2),"Risco Moderado",IF(AND(S20=3,AD20=3),"Risco Moderado",IF(AND(S20=3,AD20=4),"Risco Alto",IF(AND(S20=3,AD20=5),"Risco Alto",IF(AND(S20=4,AD20=1),"Risco Baixo",IF(AND(S20=4,AD20=2),"Risco Moderado",IF(AND(S20=4,AD20=3),"Risco Alto",IF(AND(S20=4,AD20=4),"Risco Alto",IF(AND(S20=4,AD20=5),"Risco Extremo",IF(AND(S20=5,AD20=1),"Risco Moderado",IF(AND(S20=5,AD20=2),"Risco Moderado",IF(AND(S20=5,AD20=3),"Risco Alto",IF(AND(S20=5,AD20=4),"Risco Extremo",IF(AND(S20=5,AD20=5),"Risco Extremo",0))))))))))))))))))))))))) -> Risco Moderado | AG20: =IF(AND(AF20>0,AB20>0),AF20,"") -> Risco Moderado | AH20: Aceitar
A21: RC014 | B21: Gestão e fiscalização do contrato | C21: Risco do Contrato | D21: Fatores externos | E21: Divergências nos quantitativos estimados inerentes às distâncias médias de transporte entre jazidas, bota-foras e/ou áreas de depósito de materiais escavados (solos). | F21: Poderá ocorrer acréscimo dos custos operacionais | G21: Orçamentário/financeiro | H21: Aumento nos custos dos serviços - necessidade de complementação orçamentária; Aditivo ao contrato. | I21: Contratante | J21: 3- Média | K21: =IF(J21="1- Muito Baixa",1,IF(J21="2- Baixa",2,IF(J21="3- Média",3,IF(J21="4- Alta",4,IF(J21="5- Muito Alta",5,0))))) -> 3 | L21: =ROUNDUP(((K21+5)/2),0) -> 4 | M21: Moderado | N21: Pequeno | O21: Insignificante | P21: Insignificante | Q21: Pequeno | R21: Moderado | S21: =ROUNDUP(((IF(M21="pequeno",2,IF(M21="insignificante",1,IF(M21="moderado",3,IF(M21="Grande",4,IF(M21="Muito Grande",5,0)))))+IF(N21="pequeno",2,IF(N21="insignificante",1,IF(N21="moderado",3,IF(N21="Grande",4,IF(N21="Muito Grande",5,0)))))+IF(O21="pequeno",2,IF(O21="insignificante",1,IF(O21="moderado",3,IF(O21="Grande",4,IF(O21="Muito Grande",5,0)))))+IF(P21="pequeno",2,IF(P21="insignificante",1,IF(P21="moderado",3,IF(P21="Grande",4,IF(P21="Muito Grande",5,0)))))+IF(Q21="pequeno",2,IF(Q21="insignificante",1,IF(Q21="moderado",3,IF(Q21="Grande",4,IF(Q21="Muito Grande",5,0)))))+IF(R21="pequeno",2,IF(R21="insignificante",1,IF(R21="moderado",3,IF(R21="Grande",4,IF(R21="Muito Grande",5,0))))))/6),0) -> 2 | T21: =ROUNDUP(S21,0) -> 2 | U21: =IF(T21=1,"1- Insignificante",IF(T21=2,"2- Pequeno",IF(T21=3,"3- Moderado",IF(T21=4,"4- Grande",IF(T21=5,"5- Muito Grande",""))))) -> 2- Pequeno | V21: =U21 -> 2- Pequeno | W21: =ROUNDUP((((K21+5)/2)*S21),0) -> 8 | X21: =IF(AND(T21=1,L21=1),"Risco Baixo",IF(AND(S21=1,L21=2),"Risco Baixo",IF(AND(S21=1,L21=3),"Risco Baixo",IF(AND(S21=1,L21=4),"Risco Baixo",IF(AND(S21=1,L21=5),"Risco Moderado",IF(AND(S21=2,L21=1),"Risco Baixo",IF(AND(S21=2,L21=2),"Risco Baixo",IF(AND(S21=2,L21=3),"Risco Moderado",IF(AND(S21=2,L21=4),"Risco Moderado",IF(AND(S21=2,L21=5),"Risco Moderado",IF(AND(S21=3,L21=1),"Risco Baixo",IF(AND(S21=3,L21=2),"Risco Moderado",IF(AND(S21=3,L21=3),"Risco Moderado",IF(AND(S21=3,L21=4),"Risco Alto",IF(AND(S21=3,L21=5),"Risco Alto",IF(AND(S21=4,L21=1),"Risco Baixo",IF(AND(S21=4,L21=2),"Risco Moderado",IF(AND(S21=4,L21=3),"Risco Alto",IF(AND(S21=4,L21=4),"Risco Alto",IF(AND(S21=4,L21=5),"Risco Extremo",IF(AND(S21=5,L21=1),"Risco Moderado",IF(AND(S21=5,L21=2),"Risco Moderado",IF(AND(S21=5,L21=3),"Risco Alto",IF(AND(S21=5,L21=4),"Risco Extremo",IF(AND(S21=5,L21=5),"Risco Extremo",0))))))))))))))))))))))))) -> Risco Moderado | Y21: =IF(X21>0,X21,"") -> Risco Moderado | Z21: Exigência de ART. Análise e aprovação do projeto. Exigência de declaração de conhecimento do local das obras. | AA21: Empresa executora apresenta proposta de volume e DMT (distância média de transporte) | AB21: Mediano | AC21: =IF(AB21="Inexistente",5,IF(AB21="Fraco",4,IF(AB21="Mediano",3,IF(AB21="Satisfatório",2,IF(AB21="Forte",1))))) -> 3 | AD21: =ROUNDUP((AVERAGE(K21,AC21)),0) -> 3 | AE21: =(AVERAGE(K21,AC21))*T21 -> 6 | AF21: =IF(AND(S21=1,AD21=1),"Risco Baixo",IF(AND(S21=1, AD21=2),"Risco Baixo",IF(AND(S21=1,AD21=3),"Risco Baixo",IF(AND(S21=1,AD21=4),"Risco Baixo",IF(AND(S21=1,AD21=5),"Risco Moderado",IF(AND(S21=2,AD21=1),"Risco Baixo",IF(AND(S21=2,AD21=2),"Risco Baixo",IF(AND(S21=2,AD21=3),"Risco Moderado",IF(AND(S21=2,AD21=4),"Risco Moderado",IF(AND(S21=2,AD21=5),"Risco Moderado",IF(AND(S21=3,AD21=1),"Risco Baixo",IF(AND(S21=3,AD21=2),"Risco Moderado",IF(AND(S21=3,AD21=3),"Risco Moderado",IF(AND(S21=3,AD21=4),"Risco Alto",IF(AND(S21=3,AD21=5),"Risco Alto",IF(AND(S21=4,AD21=1),"Risco Baixo",IF(AND(S21=4,AD21=2),"Risco Moderado",IF(AND(S21=4,AD21=3),"Risco Alto",IF(AND(S21=4,AD21=4),"Risco Alto",IF(AND(S21=4,AD21=5),"Risco Extremo",IF(AND(S21=5,AD21=1),"Risco Moderado",IF(AND(S21=5,AD21=2),"Risco Moderado",IF(AND(S21=5,AD21=3),"Risco Alto",IF(AND(S21=5,AD21=4),"Risco Extremo",IF(AND(S21=5,AD21=5),"Risco Extremo",0))))))))))))))))))))))))) -> Risco Moderado | AG21: =IF(AND(AF21>0,AB21>0),AF21,"") -> Risco Moderado | AH21: Aceitar
A22: RC015 | B22: Fase preliminar da contratação - Planejamento | C22: Risco Específico | D22: Fatores externos | E22: Revisão de normas técnicas que gerem alterações nas estimativas de custo do(s) serviço(s). | F22: Poderá ocorrer acréscimo dos custos operacionais | G22: Orçamentário/financeiro | H22: Aumento nos custos dos serviços - necessidade de complementação orçamentária; Aditivo ao contrato. | I22: Contratante | J22: 1- Muito baixa | K22: =IF(J22="1- Muito Baixa",1,IF(J22="2- Baixa",2,IF(J22="3- Média",3,IF(J22="4- Alta",4,IF(J22="5- Muito Alta",5,0))))) -> 1 | L22: =ROUNDUP(((K22+5)/2),0) -> 3 | M22: Pequeno | N22: Pequeno | O22: Insignificante | P22: Insignificante | Q22: Pequeno | R22: Moderado | S22: =ROUNDUP(((IF(M22="pequeno",2,IF(M22="insignificante",1,IF(M22="moderado",3,IF(M22="Grande",4,IF(M22="Muito Grande",5,0)))))+IF(N22="pequeno",2,IF(N22="insignificante",1,IF(N22="moderado",3,IF(N22="Grande",4,IF(N22="Muito Grande",5,0)))))+IF(O22="pequeno",2,IF(O22="insignificante",1,IF(O22="moderado",3,IF(O22="Grande",4,IF(O22="Muito Grande",5,0)))))+IF(P22="pequeno",2,IF(P22="insignificante",1,IF(P22="moderado",3,IF(P22="Grande",4,IF(P22="Muito Grande",5,0)))))+IF(Q22="pequeno",2,IF(Q22="insignificante",1,IF(Q22="moderado",3,IF(Q22="Grande",4,IF(Q22="Muito Grande",5,0)))))+IF(R22="pequeno",2,IF(R22="insignificante",1,IF(R22="moderado",3,IF(R22="Grande",4,IF(R22="Muito Grande",5,0))))))/6),0) -> 2 | T22: =ROUNDUP(S22,0) -> 2 | U22: =IF(T22=1,"1- Insignificante",IF(T22=2,"2- Pequeno",IF(T22=3,"3- Moderado",IF(T22=4,"4- Grande",IF(T22=5,"5- Muito Grande",""))))) -> 2- Pequeno | V22: =U22 -> 2- Pequeno | W22: =ROUNDUP((((K22+5)/2)*S22),0) -> 6 | X22: =IF(AND(T22=1,L22=1),"Risco Baixo",IF(AND(S22=1,L22=2),"Risco Baixo",IF(AND(S22=1,L22=3),"Risco Baixo",IF(AND(S22=1,L22=4),"Risco Baixo",IF(AND(S22=1,L22=5),"Risco Moderado",IF(AND(S22=2,L22=1),"Risco Baixo",IF(AND(S22=2,L22=2),"Risco Baixo",IF(AND(S22=2,L22=3),"Risco Moderado",IF(AND(S22=2,L22=4),"Risco Moderado",IF(AND(S22=2,L22=5),"Risco Moderado",IF(AND(S22=3,L22=1),"Risco Baixo",IF(AND(S22=3,L22=2),"Risco Moderado",IF(AND(S22=3,L22=3),"Risco Moderado",IF(AND(S22=3,L22=4),"Risco Alto",IF(AND(S22=3,L22=5),"Risco Alto",IF(AND(S22=4,L22=1),"Risco Baixo",IF(AND(S22=4,L22=2),"Risco Moderado",IF(AND(S22=4,L22=3),"Risco Alto",IF(AND(S22=4,L22=4),"Risco Alto",IF(AND(S22=4,L22=5),"Risco Extremo",IF(AND(S22=5,L22=1),"Risco Moderado",IF(AND(S22=5,L22=2),"Risco Moderado",IF(AND(S22=5,L22=3),"Risco Alto",IF(AND(S22=5,L22=4),"Risco Extremo",IF(AND(S22=5,L22=5),"Risco Extremo",0))))))))))))))))))))))))) -> Risco Moderado | Y22: =IF(X22>0,X22,"") -> Risco Moderado | Z22: Observar as normas vigentes | AA22: Empresa projetista realiza ajustes necessários. | AB22: Mediano | AC22: =IF(AB22="Inexistente",5,IF(AB22="Fraco",4,IF(AB22="Mediano",3,IF(AB22="Satisfatório",2,IF(AB22="Forte",1))))) -> 3 | AD22: =ROUNDUP((AVERAGE(K22,AC22)),0) -> 2 | AE22: =(AVERAGE(K22,AC22))*T22 -> 4 | AF22: =IF(AND(S22=1,AD22=1),"Risco Baixo",IF(AND(S22=1, AD22=2),"Risco Baixo",IF(AND(S22=1,AD22=3),"Risco Baixo",IF(AND(S22=1,AD22=4),"Risco Baixo",IF(AND(S22=1,AD22=5),"Risco Moderado",IF(AND(S22=2,AD22=1),"Risco Baixo",IF(AND(S22=2,AD22=2),"Risco Baixo",IF(AND(S22=2,AD22=3),"Risco Moderado",IF(AND(S22=2,AD22=4),"Risco Moderado",IF(AND(S22=2,AD22=5),"Risco Moderado",IF(AND(S22=3,AD22=1),"Risco Baixo",IF(AND(S22=3,AD22=2),"Risco Moderado",IF(AND(S22=3,AD22=3),"Risco Moderado",IF(AND(S22=3,AD22=4),"Risco Alto",IF(AND(S22=3,AD22=5),"Risco Alto",IF(AND(S22=4,AD22=1),"Risco Baixo",IF(AND(S22=4,AD22=2),"Risco Moderado",IF(AND(S22=4,AD22=3),"Risco Alto",IF(AND(S22=4,AD22=4),"Risco Alto",IF(AND(S22=4,AD22=5),"Risco Extremo",IF(AND(S22=5,AD22=1),"Risco Moderado",IF(AND(S22=5,AD22=2),"Risco Moderado",IF(AND(S22=5,AD22=3),"Risco Alto",IF(AND(S22=5,AD22=4),"Risco Extremo",IF(AND(S22=5,AD22=5),"Risco Extremo",0))))))))))))))))))))))))) -> Risco Baixo | AG22: =IF(AND(AF22>0,AB22>0),AF22,"") -> Risco Baixo | AH22: Aceitar
A23: RC016 | B23: Seleção de fornecedores e contratação | C23: Risco do Contrato | D23: Fatores externos | E23: Não atendimento das condições de aceitação dos serviços ou irregularidade cometida nos casos de subcontratação de serviços. | F23: Poderá ocorrer atraso na execução do serviço | G23: Operacional | H23: Possibilidade de não aceite e não medição do serviço pela Contratante. Atraso na execução da obra; Aditivo ao contrato. | I23: Contratada | J23: 4- Alta | K23: =IF(J23="1- Muito Baixa",1,IF(J23="2- Baixa",2,IF(J23="3- Média",3,IF(J23="4- Alta",4,IF(J23="5- Muito Alta",5,0))))) -> 4 | L23: =ROUNDUP(((K23+5)/2),0) -> 5 | M23: Moderado | N23: Moderado | O23: Pequeno | P23: Pequeno | Q23: Moderado | R23: Moderado | S23: =ROUNDUP(((IF(M23="pequeno",2,IF(M23="insignificante",1,IF(M23="moderado",3,IF(M23="Grande",4,IF(M23="Muito Grande",5,0)))))+IF(N23="pequeno",2,IF(N23="insignificante",1,IF(N23="moderado",3,IF(N23="Grande",4,IF(N23="Muito Grande",5,0)))))+IF(O23="pequeno",2,IF(O23="insignificante",1,IF(O23="moderado",3,IF(O23="Grande",4,IF(O23="Muito Grande",5,0)))))+IF(P23="pequeno",2,IF(P23="insignificante",1,IF(P23="moderado",3,IF(P23="Grande",4,IF(P23="Muito Grande",5,0)))))+IF(Q23="pequeno",2,IF(Q23="insignificante",1,IF(Q23="moderado",3,IF(Q23="Grande",4,IF(Q23="Muito Grande",5,0)))))+IF(R23="pequeno",2,IF(R23="insignificante",1,IF(R23="moderado",3,IF(R23="Grande",4,IF(R23="Muito Grande",5,0))))))/6),0) -> 3 | T23: =ROUNDUP(S23,0) -> 3 | U23: =IF(T23=1,"1- Insignificante",IF(T23=2,"2- Pequeno",IF(T23=3,"3- Moderado",IF(T23=4,"4- Grande",IF(T23=5,"5- Muito Grande",""))))) -> 3- Moderado | V23: =U23 -> 3- Moderado | W23: =ROUNDUP((((K23+5)/2)*S23),0) -> 14 | X23: =IF(AND(T23=1,L23=1),"Risco Baixo",IF(AND(S23=1,L23=2),"Risco Baixo",IF(AND(S23=1,L23=3),"Risco Baixo",IF(AND(S23=1,L23=4),"Risco Baixo",IF(AND(S23=1,L23=5),"Risco Moderado",IF(AND(S23=2,L23=1),"Risco Baixo",IF(AND(S23=2,L23=2),"Risco Baixo",IF(AND(S23=2,L23=3),"Risco Moderado",IF(AND(S23=2,L23=4),"Risco Moderado",IF(AND(S23=2,L23=5),"Risco Moderado",IF(AND(S23=3,L23=1),"Risco Baixo",IF(AND(S23=3,L23=2),"Risco Moderado",IF(AND(S23=3,L23=3),"Risco Moderado",IF(AND(S23=3,L23=4),"Risco Alto",IF(AND(S23=3,L23=5),"Risco Alto",IF(AND(S23=4,L23=1),"Risco Baixo",IF(AND(S23=4,L23=2),"Risco Moderado",IF(AND(S23=4,L23=3),"Risco Alto",IF(AND(S23=4,L23=4),"Risco Alto",IF(AND(S23=4,L23=5),"Risco Extremo",IF(AND(S23=5,L23=1),"Risco Moderado",IF(AND(S23=5,L23=2),"Risco Moderado",IF(AND(S23=5,L23=3),"Risco Alto",IF(AND(S23=5,L23=4),"Risco Extremo",IF(AND(S23=5,L23=5),"Risco Extremo",0))))))))))))))))))))))))) -> Risco Alto | Y23: =IF(X23>0,X23,"") -> Risco Alto | Z23: Análise a documentação da empresa subcontratada | AA23: Exigir a apresentação de Garantia Contratual pela Contratada. | AB23: Mediano | AC23: =IF(AB23="Inexistente",5,IF(AB23="Fraco",4,IF(AB23="Mediano",3,IF(AB23="Satisfatório",2,IF(AB23="Forte",1))))) -> 3 | AD23: =ROUNDUP((AVERAGE(K23,AC23)),0) -> 4 | AE23: =(AVERAGE(K23,AC23))*T23 -> 10.5 | AF23: =IF(AND(S23=1,AD23=1),"Risco Baixo",IF(AND(S23=1, AD23=2),"Risco Baixo",IF(AND(S23=1,AD23=3),"Risco Baixo",IF(AND(S23=1,AD23=4),"Risco Baixo",IF(AND(S23=1,AD23=5),"Risco Moderado",IF(AND(S23=2,AD23=1),"Risco Baixo",IF(AND(S23=2,AD23=2),"Risco Baixo",IF(AND(S23=2,AD23=3),"Risco Moderado",IF(AND(S23=2,AD23=4),"Risco Moderado",IF(AND(S23=2,AD23=5),"Risco Moderado",IF(AND(S23=3,AD23=1),"Risco Baixo",IF(AND(S23=3,AD23=2),"Risco Moderado",IF(AND(S23=3,AD23=3),"Risco Moderado",IF(AND(S23=3,AD23=4),"Risco Alto",IF(AND(S23=3,AD23=5),"Risco Alto",IF(AND(S23=4,AD23=1),"Risco Baixo",IF(AND(S23=4,AD23=2),"Risco Moderado",IF(AND(S23=4,AD23=3),"Risco Alto",IF(AND(S23=4,AD23=4),"Risco Alto",IF(AND(S23=4,AD23=5),"Risco Extremo",IF(AND(S23=5,AD23=1),"Risco Moderado",IF(AND(S23=5,AD23=2),"Risco Moderado",IF(AND(S23=5,AD23=3),"Risco Alto",IF(AND(S23=5,AD23=4),"Risco Extremo",IF(AND(S23=5,AD23=5),"Risco Extremo",0))))))))))))))))))))))))) -> Risco Alto | AG23: =IF(AND(AF23>0,AB23>0),AF23,"") -> Risco Alto | AH23: Mitigar | AI23: Contratar equipes de apoio à fiscalização | AJ23: Gerência de Qualificação Viária | AK23: A contratada assumirá os custos inerentes e garantirá a correta execução dos serviços. Possibilidade de aplicação de penalidades previstas no contrato. | AL23: Gerência Regional de Desenvolvimento (5ª/GRD)
A24: RC017 | B24: Gestão e fiscalização do contrato | C24: Risco do Contrato | D24: Fatores externos | E24: Vícios ocultos nos insumos e equipamentos utilizados na execução da obra, sem prejuízo do direito de regresso contra fornecedores durante a execução. | F24: Poderá ocorrer atraso na execução do serviço | G24: Operacional | H24: Atraso na execução da obra; Aditivo ao contrato. | I24: Contratada | J24: 3- Média | K24: =IF(J24="1- Muito Baixa",1,IF(J24="2- Baixa",2,IF(J24="3- Média",3,IF(J24="4- Alta",4,IF(J24="5- Muito Alta",5,0))))) -> 3 | L24: =ROUNDUP(((K24+5)/2),0) -> 4 | M24: Moderado | N24: Pequeno | O24: Insignificante | P24: Insignificante | Q24: Pequeno | R24: Pequeno | S24: =ROUNDUP(((IF(M24="pequeno",2,IF(M24="insignificante",1,IF(M24="moderado",3,IF(M24="Grande",4,IF(M24="Muito Grande",5,0)))))+IF(N24="pequeno",2,IF(N24="insignificante",1,IF(N24="moderado",3,IF(N24="Grande",4,IF(N24="Muito Grande",5,0)))))+IF(O24="pequeno",2,IF(O24="insignificante",1,IF(O24="moderado",3,IF(O24="Grande",4,IF(O24="Muito Grande",5,0)))))+IF(P24="pequeno",2,IF(P24="insignificante",1,IF(P24="moderado",3,IF(P24="Grande",4,IF(P24="Muito Grande",5,0)))))+IF(Q24="pequeno",2,IF(Q24="insignificante",1,IF(Q24="moderado",3,IF(Q24="Grande",4,IF(Q24="Muito Grande",5,0)))))+IF(R24="pequeno",2,IF(R24="insignificante",1,IF(R24="moderado",3,IF(R24="Grande",4,IF(R24="Muito Grande",5,0))))))/6),0) -> 2 | T24: =ROUNDUP(S24,0) -> 2 | U24: =IF(T24=1,"1- Insignificante",IF(T24=2,"2- Pequeno",IF(T24=3,"3- Moderado",IF(T24=4,"4- Grande",IF(T24=5,"5- Muito Grande",""))))) -> 2- Pequeno | V24: =U24 -> 2- Pequeno | W24: =ROUNDUP((((K24+5)/2)*S24),0) -> 8 | X24: =IF(AND(T24=1,L24=1),"Risco Baixo",IF(AND(S24=1,L24=2),"Risco Baixo",IF(AND(S24=1,L24=3),"Risco Baixo",IF(AND(S24=1,L24=4),"Risco Baixo",IF(AND(S24=1,L24=5),"Risco Moderado",IF(AND(S24=2,L24=1),"Risco Baixo",IF(AND(S24=2,L24=2),"Risco Baixo",IF(AND(S24=2,L24=3),"Risco Moderado",IF(AND(S24=2,L24=4),"Risco Moderado",IF(AND(S24=2,L24=5),"Risco Moderado",IF(AND(S24=3,L24=1),"Risco Baixo",IF(AND(S24=3,L24=2),"Risco Moderado",IF(AND(S24=3,L24=3),"Risco Moderado",IF(AND(S24=3,L24=4),"Risco Alto",IF(AND(S24=3,L24=5),"Risco Alto",IF(AND(S24=4,L24=1),"Risco Baixo",IF(AND(S24=4,L24=2),"Risco Moderado",IF(AND(S24=4,L24=3),"Risco Alto",IF(AND(S24=4,L24=4),"Risco Alto",IF(AND(S24=4,L24=5),"Risco Extremo",IF(AND(S24=5,L24=1),"Risco Moderado",IF(AND(S24=5,L24=2),"Risco Moderado",IF(AND(S24=5,L24=3),"Risco Alto",IF(AND(S24=5,L24=4),"Risco Extremo",IF(AND(S24=5,L24=5),"Risco Extremo",0))))))))))))))))))))))))) -> Risco Moderado | Y24: =IF(X24>0,X24,"") -> Risco Moderado | Z24: Requerer a mobilização de recursos para fazer frente aos riscos verificados. | AA24: Requerer a apresentação de garantia contratual pela Contratada. Exigir a apresentação de ajustes no Plano de Ataque de Obras e Cronograma, respeitando o prazo de execução do contrato. | AB24: Mediano | AC24: =IF(AB24="Inexistente",5,IF(AB24="Fraco",4,IF(AB24="Mediano",3,IF(AB24="Satisfatório",2,IF(AB24="Forte",1))))) -> 3 | AD24: =ROUNDUP((AVERAGE(K24,AC24)),0) -> 3 | AE24: =(AVERAGE(K24,AC24))*T24 -> 6 | AF24: =IF(AND(S24=1,AD24=1),"Risco Baixo",IF(AND(S24=1, AD24=2),"Risco Baixo",IF(AND(S24=1,AD24=3),"Risco Baixo",IF(AND(S24=1,AD24=4),"Risco Baixo",IF(AND(S24=1,AD24=5),"Risco Moderado",IF(AND(S24=2,AD24=1),"Risco Baixo",IF(AND(S24=2,AD24=2),"Risco Baixo",IF(AND(S24=2,AD24=3),"Risco Moderado",IF(AND(S24=2,AD24=4),"Risco Moderado",IF(AND(S24=2,AD24=5),"Risco Moderado",IF(AND(S24=3,AD24=1),"Risco Baixo",IF(AND(S24=3,AD24=2),"Risco Moderado",IF(AND(S24=3,AD24=3),"Risco Moderado",IF(AND(S24=3,AD24=4),"Risco Alto",IF(AND(S24=3,AD24=5),"Risco Alto",IF(AND(S24=4,AD24=1),"Risco Baixo",IF(AND(S24=4,AD24=2),"Risco Moderado",IF(AND(S24=4,AD24=3),"Risco Alto",IF(AND(S24=4,AD24=4),"Risco Alto",IF(AND(S24=4,AD24=5),"Risco Extremo",IF(AND(S24=5,AD24=1),"Risco Moderado",IF(AND(S24=5,AD24=2),"Risco Moderado",IF(AND(S24=5,AD24=3),"Risco Alto",IF(AND(S24=5,AD24=4),"Risco Extremo",IF(AND(S24=5,AD24=5),"Risco Extremo",0))))))))))))))))))))))))) -> Risco Moderado | AG24: =IF(AND(AF24>0,AB24>0),AF24,"") -> Risco Moderado | AH24: Aceitar
A25: RC018 | B25: Fase preliminar da contratação - Planejamento | C25: Risco do Contrato | D25: Processos de trabalho | E25: Atrasos/falhas na regularização fundiária e/ou atrasos nas liberações das áreas para execução dos serviços, desde que não haja responsabilidade da Contratada. | F25: Poderá ocorrer atraso na execução do serviço | G25: Operacional | H25: Dificuldade na regularização fundiária; Alterações no projeto | I25: Contratante | J25: 4- Alta | K25: =IF(J25="1- Muito Baixa",1,IF(J25="2- Baixa",2,IF(J25="3- Média",3,IF(J25="4- Alta",4,IF(J25="5- Muito Alta",5,0))))) -> 4 | L25: =ROUNDUP(((K25+5)/2),0) -> 5 | M25: Grande | N25: Moderado | O25: Moderado | P25: Moderado | Q25: Moderado | R25: Grande | S25: =ROUNDUP(((IF(M25="pequeno",2,IF(M25="insignificante",1,IF(M25="moderado",3,IF(M25="Grande",4,IF(M25="Muito Grande",5,0)))))+IF(N25="pequeno",2,IF(N25="insignificante",1,IF(N25="moderado",3,IF(N25="Grande",4,IF(N25="Muito Grande",5,0)))))+IF(O25="pequeno",2,IF(O25="insignificante",1,IF(O25="moderado",3,IF(O25="Grande",4,IF(O25="Muito Grande",5,0)))))+IF(P25="pequeno",2,IF(P25="insignificante",1,IF(P25="moderado",3,IF(P25="Grande",4,IF(P25="Muito Grande",5,0)))))+IF(Q25="pequeno",2,IF(Q25="insignificante",1,IF(Q25="moderado",3,IF(Q25="Grande",4,IF(Q25="Muito Grande",5,0)))))+IF(R25="pequeno",2,IF(R25="insignificante",1,IF(R25="moderado",3,IF(R25="Grande",4,IF(R25="Muito Grande",5,0))))))/6),0) -> 4 | T25: =ROUNDUP(S25,0) -> 4 | U25: =IF(T25=1,"1- Insignificante",IF(T25=2,"2- Pequeno",IF(T25=3,"3- Moderado",IF(T25=4,"4- Grande",IF(T25=5,"5- Muito Grande",""))))) -> 4- Grande | V25: =U25 -> 4- Grande | W25: =ROUNDUP((((K25+5)/2)*S25),0) -> 18 | X25: =IF(AND(T25=1,L25=1),"Risco Baixo",IF(AND(S25=1,L25=2),"Risco Baixo",IF(AND(S25=1,L25=3),"Risco Baixo",IF(AND(S25=1,L25=4),"Risco Baixo",IF(AND(S25=1,L25=5),"Risco Moderado",IF(AND(S25=2,L25=1),"Risco Baixo",IF(AND(S25=2,L25=2),"Risco Baixo",IF(AND(S25=2,L25=3),"Risco Moderado",IF(AND(S25=2,L25=4),"Risco Moderado",IF(AND(S25=2,L25=5),"Risco Moderado",IF(AND(S25=3,L25=1),"Risco Baixo",IF(AND(S25=3,L25=2),"Risco Moderado",IF(AND(S25=3,L25=3),"Risco Moderado",IF(AND(S25=3,L25=4),"Risco Alto",IF(AND(S25=3,L25=5),"Risco Alto",IF(AND(S25=4,L25=1),"Risco Baixo",IF(AND(S25=4,L25=2),"Risco Moderado",IF(AND(S25=4,L25=3),"Risco Alto",IF(AND(S25=4,L25=4),"Risco Alto",IF(AND(S25=4,L25=5),"Risco Extremo",IF(AND(S25=5,L25=1),"Risco Moderado",IF(AND(S25=5,L25=2),"Risco Moderado",IF(AND(S25=5,L25=3),"Risco Alto",IF(AND(S25=5,L25=4),"Risco Extremo",IF(AND(S25=5,L25=5),"Risco Extremo",0))))))))))))))))))))))))) -> Risco Extremo | Y25: =IF(X25>0,X25,"") -> Risco Extremo | Z25: Regularização fundiária prévia à execução da obra. | AA25: Verificação da regularização fundiária com os órgãos competentes | AB25: Mediano | AC25: =IF(AB25="Inexistente",5,IF(AB25="Fraco",4,IF(AB25="Mediano",3,IF(AB25="Satisfatório",2,IF(AB25="Forte",1))))) -> 3 | AD25: =ROUNDUP((AVERAGE(K25,AC25)),0) -> 4 | AE25: =(AVERAGE(K25,AC25))*T25 -> 14 | AF25: =IF(AND(S25=1,AD25=1),"Risco Baixo",IF(AND(S25=1, AD25=2),"Risco Baixo",IF(AND(S25=1,AD25=3),"Risco Baixo",IF(AND(S25=1,AD25=4),"Risco Baixo",IF(AND(S25=1,AD25=5),"Risco Moderado",IF(AND(S25=2,AD25=1),"Risco Baixo",IF(AND(S25=2,AD25=2),"Risco Baixo",IF(AND(S25=2,AD25=3),"Risco Moderado",IF(AND(S25=2,AD25=4),"Risco Moderado",IF(AND(S25=2,AD25=5),"Risco Moderado",IF(AND(S25=3,AD25=1),"Risco Baixo",IF(AND(S25=3,AD25=2),"Risco Moderado",IF(AND(S25=3,AD25=3),"Risco Moderado",IF(AND(S25=3,AD25=4),"Risco Alto",IF(AND(S25=3,AD25=5),"Risco Alto",IF(AND(S25=4,AD25=1),"Risco Baixo",IF(AND(S25=4,AD25=2),"Risco Moderado",IF(AND(S25=4,AD25=3),"Risco Alto",IF(AND(S25=4,AD25=4),"Risco Alto",IF(AND(S25=4,AD25=5),"Risco Extremo",IF(AND(S25=5,AD25=1),"Risco Moderado",IF(AND(S25=5,AD25=2),"Risco Moderado",IF(AND(S25=5,AD25=3),"Risco Alto",IF(AND(S25=5,AD25=4),"Risco Extremo",IF(AND(S25=5,AD25=5),"Risco Extremo",0))))))))))))))))))))))))) -> Risco Alto | AG25: =IF(AND(AF25>0,AB25>0),AF25,"") -> Risco Alto | AH25: Mitigar | AI25: Regularização fundiária prévia à execução da obra. | AJ25: Gerência de Qualificação Viária | AK25: Possibilidade de alteração contratual (excepcional), novo cronograma físico-financeiro, aditivo de prazo e/ou suspensão temporária do contrato por parte da Contratante. | AL25: Gerência Regional de Desenvolvimento (5ª/GRD)
A26: RC019 | B26: Gestão e fiscalização do contrato | C26: Risco do Contrato | D26: Fatores externos | E26: Ocorrência de precipitações médias mensais que excedam em mais de 20% média mensal dos últimos 5 anos | F26: Poderá ocorrer atraso na execução do serviço | G26: Operacional | H26: Atraso na execução da obra; Aditivo ao contrato. | I26: Contratante | J26: 4- Alta | K26: =IF(J26="1- Muito Baixa",1,IF(J26="2- Baixa",2,IF(J26="3- Média",3,IF(J26="4- Alta",4,IF(J26="5- Muito Alta",5,0))))) -> 4 | L26: =ROUNDUP(((K26+5)/2),0) -> 5 | M26: Moderado | N26: Moderado | O26: Pequeno | P26: Pequeno | Q26: Moderado | R26: Moderado | S26: =ROUNDUP(((IF(M26="pequeno",2,IF(M26="insignificante",1,IF(M26="moderado",3,IF(M26="Grande",4,IF(M26="Muito Grande",5,0)))))+IF(N26="pequeno",2,IF(N26="insignificante",1,IF(N26="moderado",3,IF(N26="Grande",4,IF(N26="Muito Grande",5,0)))))+IF(O26="pequeno",2,IF(O26="insignificante",1,IF(O26="moderado",3,IF(O26="Grande",4,IF(O26="Muito Grande",5,0)))))+IF(P26="pequeno",2,IF(P26="insignificante",1,IF(P26="moderado",3,IF(P26="Grande",4,IF(P26="Muito Grande",5,0)))))+IF(Q26="pequeno",2,IF(Q26="insignificante",1,IF(Q26="moderado",3,IF(Q26="Grande",4,IF(Q26="Muito Grande",5,0)))))+IF(R26="pequeno",2,IF(R26="insignificante",1,IF(R26="moderado",3,IF(R26="Grande",4,IF(R26="Muito Grande",5,0))))))/6),0) -> 3 | T26: =ROUNDUP(S26,0) -> 3 | U26: =IF(T26=1,"1- Insignificante",IF(T26=2,"2- Pequeno",IF(T26=3,"3- Moderado",IF(T26=4,"4- Grande",IF(T26=5,"5- Muito Grande",""))))) -> 3- Moderado | V26: =U26 -> 3- Moderado | W26: =ROUNDUP((((K26+5)/2)*S26),0) -> 14 | X26: =IF(AND(T26=1,L26=1),"Risco Baixo",IF(AND(S26=1,L26=2),"Risco Baixo",IF(AND(S26=1,L26=3),"Risco Baixo",IF(AND(S26=1,L26=4),"Risco Baixo",IF(AND(S26=1,L26=5),"Risco Moderado",IF(AND(S26=2,L26=1),"Risco Baixo",IF(AND(S26=2,L26=2),"Risco Baixo",IF(AND(S26=2,L26=3),"Risco Moderado",IF(AND(S26=2,L26=4),"Risco Moderado",IF(AND(S26=2,L26=5),"Risco Moderado",IF(AND(S26=3,L26=1),"Risco Baixo",IF(AND(S26=3,L26=2),"Risco Moderado",IF(AND(S26=3,L26=3),"Risco Moderado",IF(AND(S26=3,L26=4),"Risco Alto",IF(AND(S26=3,L26=5),"Risco Alto",IF(AND(S26=4,L26=1),"Risco Baixo",IF(AND(S26=4,L26=2),"Risco Moderado",IF(AND(S26=4,L26=3),"Risco Alto",IF(AND(S26=4,L26=4),"Risco Alto",IF(AND(S26=4,L26=5),"Risco Extremo",IF(AND(S26=5,L26=1),"Risco Moderado",IF(AND(S26=5,L26=2),"Risco Moderado",IF(AND(S26=5,L26=3),"Risco Alto",IF(AND(S26=5,L26=4),"Risco Extremo",IF(AND(S26=5,L26=5),"Risco Extremo",0))))))))))))))))))))))))) -> Risco Alto | Y26: =IF(X26>0,X26,"") -> Risco Alto | Z26: Maior rigor quanto ao detalhamento do projeto executivo, possibilitando o planejamento adequado e, por consequência, a correta execução da obra no período disponível | AA26: Acompanhamento no ritmo de execução da obra | AB26: Mediano | AC26: =IF(AB26="Inexistente",5,IF(AB26="Fraco",4,IF(AB26="Mediano",3,IF(AB26="Satisfatório",2,IF(AB26="Forte",1))))) -> 3 | AD26: =ROUNDUP((AVERAGE(K26,AC26)),0) -> 4 | AE26: =(AVERAGE(K26,AC26))*T26 -> 10.5 | AF26: =IF(AND(S26=1,AD26=1),"Risco Baixo",IF(AND(S26=1, AD26=2),"Risco Baixo",IF(AND(S26=1,AD26=3),"Risco Baixo",IF(AND(S26=1,AD26=4),"Risco Baixo",IF(AND(S26=1,AD26=5),"Risco Moderado",IF(AND(S26=2,AD26=1),"Risco Baixo",IF(AND(S26=2,AD26=2),"Risco Baixo",IF(AND(S26=2,AD26=3),"Risco Moderado",IF(AND(S26=2,AD26=4),"Risco Moderado",IF(AND(S26=2,AD26=5),"Risco Moderado",IF(AND(S26=3,AD26=1),"Risco Baixo",IF(AND(S26=3,AD26=2),"Risco Moderado",IF(AND(S26=3,AD26=3),"Risco Moderado",IF(AND(S26=3,AD26=4),"Risco Alto",IF(AND(S26=3,AD26=5),"Risco Alto",IF(AND(S26=4,AD26=1),"Risco Baixo",IF(AND(S26=4,AD26=2),"Risco Moderado",IF(AND(S26=4,AD26=3),"Risco Alto",IF(AND(S26=4,AD26=4),"Risco Alto",IF(AND(S26=4,AD26=5),"Risco Extremo",IF(AND(S26=5,AD26=1),"Risco Moderado",IF(AND(S26=5,AD26=2),"Risco Moderado",IF(AND(S26=5,AD26=3),"Risco Alto",IF(AND(S26=5,AD26=4),"Risco Extremo",IF(AND(S26=5,AD26=5),"Risco Extremo",0))))))))))))))))))))))))) -> Risco Alto | AG26: =IF(AND(AF26>0,AB26>0),AF26,"") -> Risco Alto | AH26: Mitigar
A27: RC020 | B27: Gestão e fiscalização do contrato | C27: Risco do Contrato | D27: Fatores externos | E27: Ocorrência de precipitações médias mensais até 20% acima da média mensal dos últimos 5 anos | F27: Poderá ocorrer atraso na execução do serviço | G27: Operacional | H27: Atraso na execução da obra; Aditivo ao contrato. | I27: Contratada | J27: 3- Média | K27: =IF(J27="1- Muito Baixa",1,IF(J27="2- Baixa",2,IF(J27="3- Média",3,IF(J27="4- Alta",4,IF(J27="5- Muito Alta",5,0))))) -> 3 | L27: =ROUNDUP(((K27+5)/2),0) -> 4 | M27: Moderado | N27: Pequeno | O27: Pequeno | P27: Pequeno | Q27: Moderado | R27: Moderado | S27: =ROUNDUP(((IF(M27="pequeno",2,IF(M27="insignificante",1,IF(M27="moderado",3,IF(M27="Grande",4,IF(M27="Muito Grande",5,0)))))+IF(N27="pequeno",2,IF(N27="insignificante",1,IF(N27="moderado",3,IF(N27="Grande",4,IF(N27="Muito Grande",5,0)))))+IF(O27="pequeno",2,IF(O27="insignificante",1,IF(O27="moderado",3,IF(O27="Grande",4,IF(O27="Muito Grande",5,0)))))+IF(P27="pequeno",2,IF(P27="insignificante",1,IF(P27="moderado",3,IF(P27="Grande",4,IF(P27="Muito Grande",5,0)))))+IF(Q27="pequeno",2,IF(Q27="insignificante",1,IF(Q27="moderado",3,IF(Q27="Grande",4,IF(Q27="Muito Grande",5,0)))))+IF(R27="pequeno",2,IF(R27="insignificante",1,IF(R27="moderado",3,IF(R27="Grande",4,IF(R27="Muito Grande",5,0))))))/6),0) -> 3 | T27: =ROUNDUP(S27,0) -> 3 | U27: =IF(T27=1,"1- Insignificante",IF(T27=2,"2- Pequeno",IF(T27=3,"3- Moderado",IF(T27=4,"4- Grande",IF(T27=5,"5- Muito Grande",""))))) -> 3- Moderado | V27: =U27 -> 3- Moderado | W27: =ROUNDUP((((K27+5)/2)*S27),0) -> 12 | X27: =IF(AND(T27=1,L27=1),"Risco Baixo",IF(AND(S27=1,L27=2),"Risco Baixo",IF(AND(S27=1,L27=3),"Risco Baixo",IF(AND(S27=1,L27=4),"Risco Baixo",IF(AND(S27=1,L27=5),"Risco Moderado",IF(AND(S27=2,L27=1),"Risco Baixo",IF(AND(S27=2,L27=2),"Risco Baixo",IF(AND(S27=2,L27=3),"Risco Moderado",IF(AND(S27=2,L27=4),"Risco Moderado",IF(AND(S27=2,L27=5),"Risco Moderado",IF(AND(S27=3,L27=1),"Risco Baixo",IF(AND(S27=3,L27=2),"Risco Moderado",IF(AND(S27=3,L27=3),"Risco Moderado",IF(AND(S27=3,L27=4),"Risco Alto",IF(AND(S27=3,L27=5),"Risco Alto",IF(AND(S27=4,L27=1),"Risco Baixo",IF(AND(S27=4,L27=2),"Risco Moderado",IF(AND(S27=4,L27=3),"Risco Alto",IF(AND(S27=4,L27=4),"Risco Alto",IF(AND(S27=4,L27=5),"Risco Extremo",IF(AND(S27=5,L27=1),"Risco Moderado",IF(AND(S27=5,L27=2),"Risco Moderado",IF(AND(S27=5,L27=3),"Risco Alto",IF(AND(S27=5,L27=4),"Risco Extremo",IF(AND(S27=5,L27=5),"Risco Extremo",0))))))))))))))))))))))))) -> Risco Alto | Y27: =IF(X27>0,X27,"") -> Risco Alto | Z27: Maior rigor quanto ao detalhamento do projeto executivo, possibilitando o planejamento adequado e, por consequência, a correta execução da obra no período disponível | AA27: Acompanhamento no ritmo de execução da obra | AB27: Mediano | AC27: =IF(AB27="Inexistente",5,IF(AB27="Fraco",4,IF(AB27="Mediano",3,IF(AB27="Satisfatório",2,IF(AB27="Forte",1))))) -> 3 | AD27: =ROUNDUP((AVERAGE(K27,AC27)),0) -> 3 | AE27: =(AVERAGE(K27,AC27))*T27 -> 9 | AF27: =IF(AND(S27=1,AD27=1),"Risco Baixo",IF(AND(S27=1, AD27=2),"Risco Baixo",IF(AND(S27=1,AD27=3),"Risco Baixo",IF(AND(S27=1,AD27=4),"Risco Baixo",IF(AND(S27=1,AD27=5),"Risco Moderado",IF(AND(S27=2,AD27=1),"Risco Baixo",IF(AND(S27=2,AD27=2),"Risco Baixo",IF(AND(S27=2,AD27=3),"Risco Moderado",IF(AND(S27=2,AD27=4),"Risco Moderado",IF(AND(S27=2,AD27=5),"Risco Moderado",IF(AND(S27=3,AD27=1),"Risco Baixo",IF(AND(S27=3,AD27=2),"Risco Moderado",IF(AND(S27=3,AD27=3),"Risco Moderado",IF(AND(S27=3,AD27=4),"Risco Alto",IF(AND(S27=3,AD27=5),"Risco Alto",IF(AND(S27=4,AD27=1),"Risco Baixo",IF(AND(S27=4,AD27=2),"Risco Moderado",IF(AND(S27=4,AD27=3),"Risco Alto",IF(AND(S27=4,AD27=4),"Risco Alto",IF(AND(S27=4,AD27=5),"Risco Extremo",IF(AND(S27=5,AD27=1),"Risco Moderado",IF(AND(S27=5,AD27=2),"Risco Moderado",IF(AND(S27=5,AD27=3),"Risco Alto",IF(AND(S27=5,AD27=4),"Risco Extremo",IF(AND(S27=5,AD27=5),"Risco Extremo",0))))))))))))))))))))))))) -> Risco Moderado | AG27: =IF(AND(AF27>0,AB27>0),AF27,"") -> Risco Moderado | AH27: Aceitar
A28: RC021 | B28: Seleção de fornecedores e contratação | C28: Risco do Contrato | D28: Fatores externos | E28: Ocorrência de eventos relacionados à saúde financeira da Contratada. | F28: Poderá ocorrer imprevisibilidade na aquisição ou/e entrega de bens e serviços | G28: Operacional | H28: Atraso na execução da obra; Impossibilidade de execução; Aditivo ao contrato. | I28: Contratada | J28: 1- Muito baixa | K28: =IF(J28="1- Muito Baixa",1,IF(J28="2- Baixa",2,IF(J28="3- Média",3,IF(J28="4- Alta",4,IF(J28="5- Muito Alta",5,0))))) -> 1 | L28: =ROUNDUP(((K28+5)/2),0) -> 3 | M28: Moderado | N28: Moderado | O28: Pequeno | P28: Pequeno | Q28: Moderado | R28: Moderado | S28: =ROUNDUP(((IF(M28="pequeno",2,IF(M28="insignificante",1,IF(M28="moderado",3,IF(M28="Grande",4,IF(M28="Muito Grande",5,0)))))+IF(N28="pequeno",2,IF(N28="insignificante",1,IF(N28="moderado",3,IF(N28="Grande",4,IF(N28="Muito Grande",5,0)))))+IF(O28="pequeno",2,IF(O28="insignificante",1,IF(O28="moderado",3,IF(O28="Grande",4,IF(O28="Muito Grande",5,0)))))+IF(P28="pequeno",2,IF(P28="insignificante",1,IF(P28="moderado",3,IF(P28="Grande",4,IF(P28="Muito Grande",5,0)))))+IF(Q28="pequeno",2,IF(Q28="insignificante",1,IF(Q28="moderado",3,IF(Q28="Grande",4,IF(Q28="Muito Grande",5,0)))))+IF(R28="pequeno",2,IF(R28="insignificante",1,IF(R28="moderado",3,IF(R28="Grande",4,IF(R28="Muito Grande",5,0))))))/6),0) -> 3 | T28: =ROUNDUP(S28,0) -> 3 | U28: =IF(T28=1,"1- Insignificante",IF(T28=2,"2- Pequeno",IF(T28=3,"3- Moderado",IF(T28=4,"4- Grande",IF(T28=5,"5- Muito Grande",""))))) -> 3- Moderado | V28: =U28 -> 3- Moderado | W28: =ROUNDUP((((K28+5)/2)*S28),0) -> 9 | X28: =IF(AND(T28=1,L28=1),"Risco Baixo",IF(AND(S28=1,L28=2),"Risco Baixo",IF(AND(S28=1,L28=3),"Risco Baixo",IF(AND(S28=1,L28=4),"Risco Baixo",IF(AND(S28=1,L28=5),"Risco Moderado",IF(AND(S28=2,L28=1),"Risco Baixo",IF(AND(S28=2,L28=2),"Risco Baixo",IF(AND(S28=2,L28=3),"Risco Moderado",IF(AND(S28=2,L28=4),"Risco Moderado",IF(AND(S28=2,L28=5),"Risco Moderado",IF(AND(S28=3,L28=1),"Risco Baixo",IF(AND(S28=3,L28=2),"Risco Moderado",IF(AND(S28=3,L28=3),"Risco Moderado",IF(AND(S28=3,L28=4),"Risco Alto",IF(AND(S28=3,L28=5),"Risco Alto",IF(AND(S28=4,L28=1),"Risco Baixo",IF(AND(S28=4,L28=2),"Risco Moderado",IF(AND(S28=4,L28=3),"Risco Alto",IF(AND(S28=4,L28=4),"Risco Alto",IF(AND(S28=4,L28=5),"Risco Extremo",IF(AND(S28=5,L28=1),"Risco Moderado",IF(AND(S28=5,L28=2),"Risco Moderado",IF(AND(S28=5,L28=3),"Risco Alto",IF(AND(S28=5,L28=4),"Risco Extremo",IF(AND(S28=5,L28=5),"Risco Extremo",0))))))))))))))))))))))))) -> Risco Moderado | Y28: =IF(X28>0,X28,"") -> Risco Moderado | Z28: Análise dos balanços financeiros da empresa | AA28: Acompanhamento da documentação da empresa | AB28: Mediano | AC28: =IF(AB28="Inexistente",5,IF(AB28="Fraco",4,IF(AB28="Mediano",3,IF(AB28="Satisfatório",2,IF(AB28="Forte",1))))) -> 3 | AD28: =ROUNDUP((AVERAGE(K28,AC28)),0) -> 2 | AE28: =(AVERAGE(K28,AC28))*T28 -> 6 | AF28: =IF(AND(S28=1,AD28=1),"Risco Baixo",IF(AND(S28=1, AD28=2),"Risco Baixo",IF(AND(S28=1,AD28=3),"Risco Baixo",IF(AND(S28=1,AD28=4),"Risco Baixo",IF(AND(S28=1,AD28=5),"Risco Moderado",IF(AND(S28=2,AD28=1),"Risco Baixo",IF(AND(S28=2,AD28=2),"Risco Baixo",IF(AND(S28=2,AD28=3),"Risco Moderado",IF(AND(S28=2,AD28=4),"Risco Moderado",IF(AND(S28=2,AD28=5),"Risco Moderado",IF(AND(S28=3,AD28=1),"Risco Baixo",IF(AND(S28=3,AD28=2),"Risco Moderado",IF(AND(S28=3,AD28=3),"Risco Moderado",IF(AND(S28=3,AD28=4),"Risco Alto",IF(AND(S28=3,AD28=5),"Risco Alto",IF(AND(S28=4,AD28=1),"Risco Baixo",IF(AND(S28=4,AD28=2),"Risco Moderado",IF(AND(S28=4,AD28=3),"Risco Alto",IF(AND(S28=4,AD28=4),"Risco Alto",IF(AND(S28=4,AD28=5),"Risco Extremo",IF(AND(S28=5,AD28=1),"Risco Moderado",IF(AND(S28=5,AD28=2),"Risco Moderado",IF(AND(S28=5,AD28=3),"Risco Alto",IF(AND(S28=5,AD28=4),"Risco Extremo",IF(AND(S28=5,AD28=5),"Risco Extremo",0))))))))))))))))))))))))) -> Risco Moderado | AG28: =IF(AND(AF28>0,AB28>0),AF28,"") -> Risco Moderado | AH28: Aceitar
A29: RC022 | B29: Gestão e fiscalização do contrato | C29: Risco Institucional | D29: Fatores externos | E29: Ocorrência de epidemia/pandemia durante a execução contratual que ocasionem impactos ao andamento do(s) serviço(s) devidamente comprovados. | F29: Poderá ocorrer imprevisibilidade na aquisição ou/e entrega de bens e serviços | G29: Operacional | H29: Atraso na execução da obra; Impossibilidade de execução; Aditivo ao contrato. | I29: Contratante | J29: 2- Baixa | K29: =IF(J29="1- Muito Baixa",1,IF(J29="2- Baixa",2,IF(J29="3- Média",3,IF(J29="4- Alta",4,IF(J29="5- Muito Alta",5,0))))) -> 2 | L29: =ROUNDUP(((K29+5)/2),0) -> 4 | M29: Grande | N29: Moderado | O29: Pequeno | P29: Pequeno | Q29: Moderado | R29: Grande | S29: =ROUNDUP(((IF(M29="pequeno",2,IF(M29="insignificante",1,IF(M29="moderado",3,IF(M29="Grande",4,IF(M29="Muito Grande",5,0)))))+IF(N29="pequeno",2,IF(N29="insignificante",1,IF(N29="moderado",3,IF(N29="Grande",4,IF(N29="Muito Grande",5,0)))))+IF(O29="pequeno",2,IF(O29="insignificante",1,IF(O29="moderado",3,IF(O29="Grande",4,IF(O29="Muito Grande",5,0)))))+IF(P29="pequeno",2,IF(P29="insignificante",1,IF(P29="moderado",3,IF(P29="Grande",4,IF(P29="Muito Grande",5,0)))))+IF(Q29="pequeno",2,IF(Q29="insignificante",1,IF(Q29="moderado",3,IF(Q29="Grande",4,IF(Q29="Muito Grande",5,0)))))+IF(R29="pequeno",2,IF(R29="insignificante",1,IF(R29="moderado",3,IF(R29="Grande",4,IF(R29="Muito Grande",5,0))))))/6),0) -> 3 | T29: =ROUNDUP(S29,0) -> 3 | U29: =IF(T29=1,"1- Insignificante",IF(T29=2,"2- Pequeno",IF(T29=3,"3- Moderado",IF(T29=4,"4- Grande",IF(T29=5,"5- Muito Grande",""))))) -> 3- Moderado | V29: =U29 -> 3- Moderado | W29: =ROUNDUP((((K29+5)/2)*S29),0) -> 11 | X29: =IF(AND(T29=1,L29=1),"Risco Baixo",IF(AND(S29=1,L29=2),"Risco Baixo",IF(AND(S29=1,L29=3),"Risco Baixo",IF(AND(S29=1,L29=4),"Risco Baixo",IF(AND(S29=1,L29=5),"Risco Moderado",IF(AND(S29=2,L29=1),"Risco Baixo",IF(AND(S29=2,L29=2),"Risco Baixo",IF(AND(S29=2,L29=3),"Risco Moderado",IF(AND(S29=2,L29=4),"Risco Moderado",IF(AND(S29=2,L29=5),"Risco Moderado",IF(AND(S29=3,L29=1),"Risco Baixo",IF(AND(S29=3,L29=2),"Risco Moderado",IF(AND(S29=3,L29=3),"Risco Moderado",IF(AND(S29=3,L29=4),"Risco Alto",IF(AND(S29=3,L29=5),"Risco Alto",IF(AND(S29=4,L29=1),"Risco Baixo",IF(AND(S29=4,L29=2),"Risco Moderado",IF(AND(S29=4,L29=3),"Risco Alto",IF(AND(S29=4,L29=4),"Risco Alto",IF(AND(S29=4,L29=5),"Risco Extremo",IF(AND(S29=5,L29=1),"Risco Moderado",IF(AND(S29=5,L29=2),"Risco Moderado",IF(AND(S29=5,L29=3),"Risco Alto",IF(AND(S29=5,L29=4),"Risco Extremo",IF(AND(S29=5,L29=5),"Risco Extremo",0))))))))))))))))))))))))) -> Risco Alto | Y29: =IF(X29>0,X29,"") -> Risco Alto | AB29: Mediano | AC29: =IF(AB29="Inexistente",5,IF(AB29="Fraco",4,IF(AB29="Mediano",3,IF(AB29="Satisfatório",2,IF(AB29="Forte",1))))) -> 3 | AD29: =ROUNDUP((AVERAGE(K29,AC29)),0) -> 3 | AE29: =(AVERAGE(K29,AC29))*T29 -> 7.5 | AF29: =IF(AND(S29=1,AD29=1),"Risco Baixo",IF(AND(S29=1, AD29=2),"Risco Baixo",IF(AND(S29=1,AD29=3),"Risco Baixo",IF(AND(S29=1,AD29=4),"Risco Baixo",IF(AND(S29=1,AD29=5),"Risco Moderado",IF(AND(S29=2,AD29=1),"Risco Baixo",IF(AND(S29=2,AD29=2),"Risco Baixo",IF(AND(S29=2,AD29=3),"Risco Moderado",IF(AND(S29=2,AD29=4),"Risco Moderado",IF(AND(S29=2,AD29=5),"Risco Moderado",IF(AND(S29=3,AD29=1),"Risco Baixo",IF(AND(S29=3,AD29=2),"Risco Moderado",IF(AND(S29=3,AD29=3),"Risco Moderado",IF(AND(S29=3,AD29=4),"Risco Alto",IF(AND(S29=3,AD29=5),"Risco Alto",IF(AND(S29=4,AD29=1),"Risco Baixo",IF(AND(S29=4,AD29=2),"Risco Moderado",IF(AND(S29=4,AD29=3),"Risco Alto",IF(AND(S29=4,AD29=4),"Risco Alto",IF(AND(S29=4,AD29=5),"Risco Extremo",IF(AND(S29=5,AD29=1),"Risco Moderado",IF(AND(S29=5,AD29=2),"Risco Moderado",IF(AND(S29=5,AD29=3),"Risco Alto",IF(AND(S29=5,AD29=4),"Risco Extremo",IF(AND(S29=5,AD29=5),"Risco Extremo",0))))))))))))))))))))))))) -> Risco Moderado | AG29: =IF(AND(AF29>0,AB29>0),AF29,"") -> Risco Moderado | AH29: Mitigar | AI29: Não há. | AJ29: Gerência de Qualificação Viária | AK29: Possibilidade de aditivo de prazo e/ou suspensão temporária do contrato. Possibilidade de revisão contratual mediante a apresentação de justificativas e documentos comprobatórios. | AL29: Gerência Regional de Desenvolvimento (5ª/GRD)
A30: RC023 | S30: =ROUNDUP(((IF(M30="pequeno",2,IF(M30="insignificante",1,IF(M30="moderado",3,IF(M30="Grande",4,IF(M30="Muito Grande",5,0)))))+IF(N30="pequeno",2,IF(N30="insignificante",1,IF(N30="moderado",3,IF(N30="Grande",4,IF(N30="Muito Grande",5,0)))))+IF(O30="pequeno",2,IF(O30="insignificante",1,IF(O30="moderado",3,IF(O30="Grande",4,IF(O30="Muito Grande",5,0)))))+IF(P30="pequeno",2,IF(P30="insignificante",1,IF(P30="moderado",3,IF(P30="Grande",4,IF(P30="Muito Grande",5,0)))))+IF(Q30="pequeno",2,IF(Q30="insignificante",1,IF(Q30="moderado",3,IF(Q30="Grande",4,IF(Q30="Muito Grande",5,0)))))+IF(R30="pequeno",2,IF(R30="insignificante",1,IF(R30="moderado",3,IF(R30="Grande",4,IF(R30="Muito Grande",5,0))))))/6),0) -> 0 | T30: =ROUNDUP(S30,0) -> 0 | U30: =IF(T30=1,"1- Insignificante",IF(T30=2,"2- Pequeno",IF(T30=3,"3- Moderado",IF(T30=4,"4- Grande",IF(T30=5,"5- Muito Grande",""))))) | V30: =U30 | W30: =ROUNDUP((((K30+5)/2)*S30),0) -> 0 | X30: =IF(AND(T30=1,L30=1),"Risco Baixo",IF(AND(S30=1,L30=2),"Risco Baixo",IF(AND(S30=1,L30=3),"Risco Baixo",IF(AND(S30=1,L30=4),"Risco Baixo",IF(AND(S30=1,L30=5),"Risco Moderado",IF(AND(S30=2,L30=1),"Risco Baixo",IF(AND(S30=2,L30=2),"Risco Baixo",IF(AND(S30=2,L30=3),"Risco Moderado",IF(AND(S30=2,L30=4),"Risco Moderado",IF(AND(S30=2,L30=5),"Risco Moderado",IF(AND(S30=3,L30=1),"Risco Baixo",IF(AND(S30=3,L30=2),"Risco Moderado",IF(AND(S30=3,L30=3),"Risco Moderado",IF(AND(S30=3,L30=4),"Risco Alto",IF(AND(S30=3,L30=5),"Risco Alto",IF(AND(S30=4,L30=1),"Risco Baixo",IF(AND(S30=4,L30=2),"Risco Moderado",IF(AND(S30=4,L30=3),"Risco Alto",IF(AND(S30=4,L30=4),"Risco Alto",IF(AND(S30=4,L30=5),"Risco Extremo",IF(AND(S30=5,L30=1),"Risco Moderado",IF(AND(S30=5,L30=2),"Risco Moderado",IF(AND(S30=5,L30=3),"Risco Alto",IF(AND(S30=5,L30=4),"Risco Extremo",IF(AND(S30=5,L30=5),"Risco Extremo",0))))))))))))))))))))))))) -> 0 | Y30: =IF(X30>0,X30,"") | AC30: =IF(AB30="Inexistente",5,IF(AB30="Fraco",4,IF(AB30="Mediano",3,IF(AB30="Satisfatório",2,IF(AB30="Forte",1))))) -> FALSE | AD30: =ROUNDUP((AVERAGE(K30,AC30)),0) -> #DIV/0! | AE30: =(AVERAGE(K30,AC30))*T30 -> #DIV/0! | AF30: =IF(AND(S30=1,AD30=1),"Risco Baixo",IF(AND(S30=1, AD30=2),"Risco Baixo",IF(AND(S30=1,AD30=3),"Risco Baixo",IF(AND(S30=1,AD30=4),"Risco Baixo",IF(AND(S30=1,AD30=5),"Risco Moderado",IF(AND(S30=2,AD30=1),"Risco Baixo",IF(AND(S30=2,AD30=2),"Risco Baixo",IF(AND(S30=2,AD30=3),"Risco Moderado",IF(AND(S30=2,AD30=4),"Risco Moderado",IF(AND(S30=2,AD30=5),"Risco Moderado",IF(AND(S30=3,AD30=1),"Risco Baixo",IF(AND(S30=3,AD30=2),"Risco Moderado",IF(AND(S30=3,AD30=3),"Risco Moderado",IF(AND(S30=3,AD30=4),"Risco Alto",IF(AND(S30=3,AD30=5),"Risco Alto",IF(AND(S30=4,AD30=1),"Risco Baixo",IF(AND(S30=4,AD30=2),"Risco Moderado",IF(AND(S30=4,AD30=3),"Risco Alto",IF(AND(S30=4,AD30=4),"Risco Alto",IF(AND(S30=4,AD30=5),"Risco Extremo",IF(AND(S30=5,AD30=1),"Risco Moderado",IF(AND(S30=5,AD30=2),"Risco Moderado",IF(AND(S30=5,AD30=3),"Risco Alto",IF(AND(S30=5,AD30=4),"Risco Extremo",IF(AND(S30=5,AD30=5),"Risco Extremo",0))))))))))))))))))))))))) -> #DIV/0! | AG30: =IF(AND(AF30>0,AB30>0),AF30,"") -> #DIV/0!
A31: RC024 | S31: =ROUNDUP(((IF(M31="pequeno",2,IF(M31="insignificante",1,IF(M31="moderado",3,IF(M31="Grande",4,IF(M31="Muito Grande",5,0)))))+IF(N31="pequeno",2,IF(N31="insignificante",1,IF(N31="moderado",3,IF(N31="Grande",4,IF(N31="Muito Grande",5,0)))))+IF(O31="pequeno",2,IF(O31="insignificante",1,IF(O31="moderado",3,IF(O31="Grande",4,IF(O31="Muito Grande",5,0)))))+IF(P31="pequeno",2,IF(P31="insignificante",1,IF(P31="moderado",3,IF(P31="Grande",4,IF(P31="Muito Grande",5,0)))))+IF(Q31="pequeno",2,IF(Q31="insignificante",1,IF(Q31="moderado",3,IF(Q31="Grande",4,IF(Q31="Muito Grande",5,0)))))+IF(R31="pequeno",2,IF(R31="insignificante",1,IF(R31="moderado",3,IF(R31="Grande",4,IF(R31="Muito Grande",5,0))))))/6),0) -> 0 | T31: =ROUNDUP(S31,0) -> 0 | U31: =IF(T31=1,"1- Insignificante",IF(T31=2,"2- Pequeno",IF(T31=3,"3- Moderado",IF(T31=4,"4- Grande",IF(T31=5,"5- Muito Grande",""))))) | V31: =U31 | W31: =ROUNDUP((((K31+5)/2)*S31),0) -> 0 | X31: =IF(AND(T31=1,L31=1),"Risco Baixo",IF(AND(S31=1,L31=2),"Risco Baixo",IF(AND(S31=1,L31=3),"Risco Baixo",IF(AND(S31=1,L31=4),"Risco Baixo",IF(AND(S31=1,L31=5),"Risco Moderado",IF(AND(S31=2,L31=1),"Risco Baixo",IF(AND(S31=2,L31=2),"Risco Baixo",IF(AND(S31=2,L31=3),"Risco Moderado",IF(AND(S31=2,L31=4),"Risco Moderado",IF(AND(S31=2,L31=5),"Risco Moderado",IF(AND(S31=3,L31=1),"Risco Baixo",IF(AND(S31=3,L31=2),"Risco Moderado",IF(AND(S31=3,L31=3),"Risco Moderado",IF(AND(S31=3,L31=4),"Risco Alto",IF(AND(S31=3,L31=5),"Risco Alto",IF(AND(S31=4,L31=1),"Risco Baixo",IF(AND(S31=4,L31=2),"Risco Moderado",IF(AND(S31=4,L31=3),"Risco Alto",IF(AND(S31=4,L31=4),"Risco Alto",IF(AND(S31=4,L31=5),"Risco Extremo",IF(AND(S31=5,L31=1),"Risco Moderado",IF(AND(S31=5,L31=2),"Risco Moderado",IF(AND(S31=5,L31=3),"Risco Alto",IF(AND(S31=5,L31=4),"Risco Extremo",IF(AND(S31=5,L31=5),"Risco Extremo",0))))))))))))))))))))))))) -> 0 | Y31: =IF(X31>0,X31,"") | AC31: =IF(AB31="Inexistente",5,IF(AB31="Fraco",4,IF(AB31="Mediano",3,IF(AB31="Satisfatório",2,IF(AB31="Forte",1))))) -> FALSE | AD31: =ROUNDUP((AVERAGE(K31,AC31)),0) -> #DIV/0! | AE31: =(AVERAGE(K31,AC31))*T31 -> #DIV/0! | AF31: =IF(AND(S31=1,AD31=1),"Risco Baixo",IF(AND(S31=1, AD31=2),"Risco Baixo",IF(AND(S31=1,AD31=3),"Risco Baixo",IF(AND(S31=1,AD31=4),"Risco Baixo",IF(AND(S31=1,AD31=5),"Risco Moderado",IF(AND(S31=2,AD31=1),"Risco Baixo",IF(AND(S31=2,AD31=2),"Risco Baixo",IF(AND(S31=2,AD31=3),"Risco Moderado",IF(AND(S31=2,AD31=4),"Risco Moderado",IF(AND(S31=2,AD31=5),"Risco Moderado",IF(AND(S31=3,AD31=1),"Risco Baixo",IF(AND(S31=3,AD31=2),"Risco Moderado",IF(AND(S31=3,AD31=3),"Risco Moderado",IF(AND(S31=3,AD31=4),"Risco Alto",IF(AND(S31=3,AD31=5),"Risco Alto",IF(AND(S31=4,AD31=1),"Risco Baixo",IF(AND(S31=4,AD31=2),"Risco Moderado",IF(AND(S31=4,AD31=3),"Risco Alto",IF(AND(S31=4,AD31=4),"Risco Alto",IF(AND(S31=4,AD31=5),"Risco Extremo",IF(AND(S31=5,AD31=1),"Risco Moderado",IF(AND(S31=5,AD31=2),"Risco Moderado",IF(AND(S31=5,AD31=3),"Risco Alto",IF(AND(S31=5,AD31=4),"Risco Extremo",IF(AND(S31=5,AD31=5),"Risco Extremo",0))))))))))))))))))))))))) -> #DIV/0! | AG31: =IF(AND(AF31>0,AB31>0),AF31,"") -> #DIV/0!
A32: RC025 | K32: =IF(J32="1- Muito Baixa",1,IF(J32="2- Baixa",2,IF(J32="3- Média",3,IF(J32="4- Alta",4,IF(J32="5- Muito Alta",5,0))))) -> 0 | L32: =ROUNDUP(((K32+5)/2),0) -> 3 | S32: =ROUNDUP(((IF(M32="pequeno",2,IF(M32="insignificante",1,IF(M32="moderado",3,IF(M32="Grande",4,IF(M32="Muito Grande",5,0)))))+IF(N32="pequeno",2,IF(N32="insignificante",1,IF(N32="moderado",3,IF(N32="Grande",4,IF(N32="Muito Grande",5,0)))))+IF(O32="pequeno",2,IF(O32="insignificante",1,IF(O32="moderado",3,IF(O32="Grande",4,IF(O32="Muito Grande",5,0)))))+IF(P32="pequeno",2,IF(P32="insignificante",1,IF(P32="moderado",3,IF(P32="Grande",4,IF(P32="Muito Grande",5,0)))))+IF(Q32="pequeno",2,IF(Q32="insignificante",1,IF(Q32="moderado",3,IF(Q32="Grande",4,IF(Q32="Muito Grande",5,0)))))+IF(R32="pequeno",2,IF(R32="insignificante",1,IF(R32="moderado",3,IF(R32="Grande",4,IF(R32="Muito Grande",5,0))))))/6),0) -> 0 | T32: =ROUNDUP(S32,0) -> 0 | U32: =IF(T32=1,"1- Insignificante",IF(T32=2,"2- Pequeno",IF(T32=3,"3- Moderado",IF(T32=4,"4- Grande",IF(T32=5,"5- Muito Grande",""))))) | V32: =U32 | W32: =ROUNDUP((((K32+5)/2)*S32),0) -> 0 | X32: =IF(AND(T32=1,L32=1),"Risco Baixo",IF(AND(S32=1,L32=2),"Risco Baixo",IF(AND(S32=1,L32=3),"Risco Baixo",IF(AND(S32=1,L32=4),"Risco Baixo",IF(AND(S32=1,L32=5),"Risco Moderado",IF(AND(S32=2,L32=1),"Risco Baixo",IF(AND(S32=2,L32=2),"Risco Baixo",IF(AND(S32=2,L32=3),"Risco Moderado",IF(AND(S32=2,L32=4),"Risco Moderado",IF(AND(S32=2,L32=5),"Risco Moderado",IF(AND(S32=3,L32=1),"Risco Baixo",IF(AND(S32=3,L32=2),"Risco Moderado",IF(AND(S32=3,L32=3),"Risco Moderado",IF(AND(S32=3,L32=4),"Risco Alto",IF(AND(S32=3,L32=5),"Risco Alto",IF(AND(S32=4,L32=1),"Risco Baixo",IF(AND(S32=4,L32=2),"Risco Moderado",IF(AND(S32=4,L32=3),"Risco Alto",IF(AND(S32=4,L32=4),"Risco Alto",IF(AND(S32=4,L32=5),"Risco Extremo",IF(AND(S32=5,L32=1),"Risco Moderado",IF(AND(S32=5,L32=2),"Risco Moderado",IF(AND(S32=5,L32=3),"Risco Alto",IF(AND(S32=5,L32=4),"Risco Extremo",IF(AND(S32=5,L32=5),"Risco Extremo",0))))))))))))))))))))))))) -> 0 | Y32: =IF(X32>0,X32,"") | AC32: =IF(AB32="Inexistente",5,IF(AB32="Fraco",4,IF(AB32="Mediano",3,IF(AB32="Satisfatório",2,IF(AB32="Forte",1))))) -> FALSE | AD32: =ROUNDUP((AVERAGE(K32,AC32)),0) -> 0 | AE32: =(AVERAGE(K32,AC32))*T32 -> 0 | AF32: =IF(AND(S32=1,AD32=1),"Risco Baixo",IF(AND(S32=1, AD32=2),"Risco Baixo",IF(AND(S32=1,AD32=3),"Risco Baixo",IF(AND(S32=1,AD32=4),"Risco Baixo",IF(AND(S32=1,AD32=5),"Risco Moderado",IF(AND(S32=2,AD32=1),"Risco Baixo",IF(AND(S32=2,AD32=2),"Risco Baixo",IF(AND(S32=2,AD32=3),"Risco Moderado",IF(AND(S32=2,AD32=4),"Risco Moderado",IF(AND(S32=2,AD32=5),"Risco Moderado",IF(AND(S32=3,AD32=1),"Risco Baixo",IF(AND(S32=3,AD32=2),"Risco Moderado",IF(AND(S32=3,AD32=3),"Risco Moderado",IF(AND(S32=3,AD32=4),"Risco Alto",IF(AND(S32=3,AD32=5),"Risco Alto",IF(AND(S32=4,AD32=1),"Risco Baixo",IF(AND(S32=4,AD32=2),"Risco Moderado",IF(AND(S32=4,AD32=3),"Risco Alto",IF(AND(S32=4,AD32=4),"Risco Alto",IF(AND(S32=4,AD32=5),"Risco Extremo",IF(AND(S32=5,AD32=1),"Risco Moderado",IF(AND(S32=5,AD32=2),"Risco Moderado",IF(AND(S32=5,AD32=3),"Risco Alto",IF(AND(S32=5,AD32=4),"Risco Extremo",IF(AND(S32=5,AD32=5),"Risco Extremo",0))))))))))))))))))))))))) -> 0 | AG32: =IF(AND(AF32>0,AB32>0),AF32,"")
A33: RC026 | K33: =IF(J33="1- Muito Baixa",1,IF(J33="2- Baixa",2,IF(J33="3- Média",3,IF(J33="4- Alta",4,IF(J33="5- Muito Alta",5,0))))) -> 0 | L33: =ROUNDUP(((K33+5)/2),0) -> 3 | S33: =ROUNDUP(((IF(M33="pequeno",2,IF(M33="insignificante",1,IF(M33="moderado",3,IF(M33="Grande",4,IF(M33="Muito Grande",5,0)))))+IF(N33="pequeno",2,IF(N33="insignificante",1,IF(N33="moderado",3,IF(N33="Grande",4,IF(N33="Muito Grande",5,0)))))+IF(O33="pequeno",2,IF(O33="insignificante",1,IF(O33="moderado",3,IF(O33="Grande",4,IF(O33="Muito Grande",5,0)))))+IF(P33="pequeno",2,IF(P33="insignificante",1,IF(P33="moderado",3,IF(P33="Grande",4,IF(P33="Muito Grande",5,0)))))+IF(Q33="pequeno",2,IF(Q33="insignificante",1,IF(Q33="moderado",3,IF(Q33="Grande",4,IF(Q33="Muito Grande",5,0)))))+IF(R33="pequeno",2,IF(R33="insignificante",1,IF(R33="moderado",3,IF(R33="Grande",4,IF(R33="Muito Grande",5,0))))))/6),0) -> 0 | T33: =ROUNDUP(S33,0) -> 0 | U33: =IF(T33=1,"1- Insignificante",IF(T33=2,"2- Pequeno",IF(T33=3,"3- Moderado",IF(T33=4,"4- Grande",IF(T33=5,"5- Muito Grande",""))))) | V33: =U33 | W33: =ROUNDUP((((K33+5)/2)*S33),0) -> 0 | X33: =IF(AND(T33=1,L33=1),"Risco Baixo",IF(AND(S33=1,L33=2),"Risco Baixo",IF(AND(S33=1,L33=3),"Risco Baixo",IF(AND(S33=1,L33=4),"Risco Baixo",IF(AND(S33=1,L33=5),"Risco Moderado",IF(AND(S33=2,L33=1),"Risco Baixo",IF(AND(S33=2,L33=2),"Risco Baixo",IF(AND(S33=2,L33=3),"Risco Moderado",IF(AND(S33=2,L33=4),"Risco Moderado",IF(AND(S33=2,L33=5),"Risco Moderado",IF(AND(S33=3,L33=1),"Risco Baixo",IF(AND(S33=3,L33=2),"Risco Moderado",IF(AND(S33=3,L33=3),"Risco Moderado",IF(AND(S33=3,L33=4),"Risco Alto",IF(AND(S33=3,L33=5),"Risco Alto",IF(AND(S33=4,L33=1),"Risco Baixo",IF(AND(S33=4,L33=2),"Risco Moderado",IF(AND(S33=4,L33=3),"Risco Alto",IF(AND(S33=4,L33=4),"Risco Alto",IF(AND(S33=4,L33=5),"Risco Extremo",IF(AND(S33=5,L33=1),"Risco Moderado",IF(AND(S33=5,L33=2),"Risco Moderado",IF(AND(S33=5,L33=3),"Risco Alto",IF(AND(S33=5,L33=4),"Risco Extremo",IF(AND(S33=5,L33=5),"Risco Extremo",0))))))))))))))))))))))))) -> 0 | Y33: =IF(X33>0,X33,"") | AC33: =IF(AB33="Inexistente",5,IF(AB33="Fraco",4,IF(AB33="Mediano",3,IF(AB33="Satisfatório",2,IF(AB33="Forte",1))))) -> FALSE | AD33: =ROUNDUP((AVERAGE(K33,AC33)),0) -> 0 | AE33: =(AVERAGE(K33,AC33))*T33 -> 0 | AF33: =IF(AND(S33=1,AD33=1),"Risco Baixo",IF(AND(S33=1, AD33=2),"Risco Baixo",IF(AND(S33=1,AD33=3),"Risco Baixo",IF(AND(S33=1,AD33=4),"Risco Baixo",IF(AND(S33=1,AD33=5),"Risco Moderado",IF(AND(S33=2,AD33=1),"Risco Baixo",IF(AND(S33=2,AD33=2),"Risco Baixo",IF(AND(S33=2,AD33=3),"Risco Moderado",IF(AND(S33=2,AD33=4),"Risco Moderado",IF(AND(S33=2,AD33=5),"Risco Moderado",IF(AND(S33=3,AD33=1),"Risco Baixo",IF(AND(S33=3,AD33=2),"Risco Moderado",IF(AND(S33=3,AD33=3),"Risco Moderado",IF(AND(S33=3,AD33=4),"Risco Alto",IF(AND(S33=3,AD33=5),"Risco Alto",IF(AND(S33=4,AD33=1),"Risco Baixo",IF(AND(S33=4,AD33=2),"Risco Moderado",IF(AND(S33=4,AD33=3),"Risco Alto",IF(AND(S33=4,AD33=4),"Risco Alto",IF(AND(S33=4,AD33=5),"Risco Extremo",IF(AND(S33=5,AD33=1),"Risco Moderado",IF(AND(S33=5,AD33=2),"Risco Moderado",IF(AND(S33=5,AD33=3),"Risco Alto",IF(AND(S33=5,AD33=4),"Risco Extremo",IF(AND(S33=5,AD33=5),"Risco Extremo",0))))))))))))))))))))))))) -> 0 | AG33: =IF(AND(AF33>0,AB33>0),AF33,"")
A34: RC027 | K34: =IF(J34="1- Muito Baixa",1,IF(J34="2- Baixa",2,IF(J34="3- Média",3,IF(J34="4- Alta",4,IF(J34="5- Muito Alta",5,0))))) -> 0 | L34: =ROUNDUP(((K34+5)/2),0) -> 3 | S34: =ROUNDUP(((IF(M34="pequeno",2,IF(M34="insignificante",1,IF(M34="moderado",3,IF(M34="Grande",4,IF(M34="Muito Grande",5,0)))))+IF(N34="pequeno",2,IF(N34="insignificante",1,IF(N34="moderado",3,IF(N34="Grande",4,IF(N34="Muito Grande",5,0)))))+IF(O34="pequeno",2,IF(O34="insignificante",1,IF(O34="moderado",3,IF(O34="Grande",4,IF(O34="Muito Grande",5,0)))))+IF(P34="pequeno",2,IF(P34="insignificante",1,IF(P34="moderado",3,IF(P34="Grande",4,IF(P34="Muito Grande",5,0)))))+IF(Q34="pequeno",2,IF(Q34="insignificante",1,IF(Q34="moderado",3,IF(Q34="Grande",4,IF(Q34="Muito Grande",5,0)))))+IF(R34="pequeno",2,IF(R34="insignificante",1,IF(R34="moderado",3,IF(R34="Grande",4,IF(R34="Muito Grande",5,0))))))/6),0) -> 0 | T34: =ROUNDUP(S34,0) -> 0 | U34: =IF(T34=1,"1- Insignificante",IF(T34=2,"2- Pequeno",IF(T34=3,"3- Moderado",IF(T34=4,"4- Grande",IF(T34=5,"5- Muito Grande",""))))) | V34: =U34 | W34: =ROUNDUP((((K34+5)/2)*S34),0) -> 0 | X34: =IF(AND(T34=1,L34=1),"Risco Baixo",IF(AND(S34=1,L34=2),"Risco Baixo",IF(AND(S34=1,L34=3),"Risco Baixo",IF(AND(S34=1,L34=4),"Risco Baixo",IF(AND(S34=1,L34=5),"Risco Moderado",IF(AND(S34=2,L34=1),"Risco Baixo",IF(AND(S34=2,L34=2),"Risco Baixo",IF(AND(S34=2,L34=3),"Risco Moderado",IF(AND(S34=2,L34=4),"Risco Moderado",IF(AND(S34=2,L34=5),"Risco Moderado",IF(AND(S34=3,L34=1),"Risco Baixo",IF(AND(S34=3,L34=2),"Risco Moderado",IF(AND(S34=3,L34=3),"Risco Moderado",IF(AND(S34=3,L34=4),"Risco Alto",IF(AND(S34=3,L34=5),"Risco Alto",IF(AND(S34=4,L34=1),"Risco Baixo",IF(AND(S34=4,L34=2),"Risco Moderado",IF(AND(S34=4,L34=3),"Risco Alto",IF(AND(S34=4,L34=4),"Risco Alto",IF(AND(S34=4,L34=5),"Risco Extremo",IF(AND(S34=5,L34=1),"Risco Moderado",IF(AND(S34=5,L34=2),"Risco Moderado",IF(AND(S34=5,L34=3),"Risco Alto",IF(AND(S34=5,L34=4),"Risco Extremo",IF(AND(S34=5,L34=5),"Risco Extremo",0))))))))))))))))))))))))) -> 0 | Y34: =IF(X34>0,X34,"") | AC34: =IF(AB34="Inexistente",5,IF(AB34="Fraco",4,IF(AB34="Mediano",3,IF(AB34="Satisfatório",2,IF(AB34="Forte",1))))) -> FALSE | AD34: =ROUNDUP((AVERAGE(K34,AC34)),0) -> 0 | AE34: =(AVERAGE(K34,AC34))*T34 -> 0 | AF34: =IF(AND(S34=1,AD34=1),"Risco Baixo",IF(AND(S34=1, AD34=2),"Risco Baixo",IF(AND(S34=1,AD34=3),"Risco Baixo",IF(AND(S34=1,AD34=4),"Risco Baixo",IF(AND(S34=1,AD34=5),"Risco Moderado",IF(AND(S34=2,AD34=1),"Risco Baixo",IF(AND(S34=2,AD34=2),"Risco Baixo",IF(AND(S34=2,AD34=3),"Risco Moderado",IF(AND(S34=2,AD34=4),"Risco Moderado",IF(AND(S34=2,AD34=5),"Risco Moderado",IF(AND(S34=3,AD34=1),"Risco Baixo",IF(AND(S34=3,AD34=2),"Risco Moderado",IF(AND(S34=3,AD34=3),"Risco Moderado",IF(AND(S34=3,AD34=4),"Risco Alto",IF(AND(S34=3,AD34=5),"Risco Alto",IF(AND(S34=4,AD34=1),"Risco Baixo",IF(AND(S34=4,AD34=2),"Risco Moderado",IF(AND(S34=4,AD34=3),"Risco Alto",IF(AND(S34=4,AD34=4),"Risco Alto",IF(AND(S34=4,AD34=5),"Risco Extremo",IF(AND(S34=5,AD34=1),"Risco Moderado",IF(AND(S34=5,AD34=2),"Risco Moderado",IF(AND(S34=5,AD34=3),"Risco Alto",IF(AND(S34=5,AD34=4),"Risco Extremo",IF(AND(S34=5,AD34=5),"Risco Extremo",0))))))))))))))))))))))))) -> 0 | AG34: =IF(AND(AF34>0,AB34>0),AF34,"")
A35: RC028 | K35: =IF(J35="1- Muito Baixa",1,IF(J35="2- Baixa",2,IF(J35="3- Média",3,IF(J35="4- Alta",4,IF(J35="5- Muito Alta",5,0))))) -> 0 | L35: =ROUNDUP(((K35+5)/2),0) -> 3 | S35: =ROUNDUP(((IF(M35="pequeno",2,IF(M35="insignificante",1,IF(M35="moderado",3,IF(M35="Grande",4,IF(M35="Muito Grande",5,0)))))+IF(N35="pequeno",2,IF(N35="insignificante",1,IF(N35="moderado",3,IF(N35="Grande",4,IF(N35="Muito Grande",5,0)))))+IF(O35="pequeno",2,IF(O35="insignificante",1,IF(O35="moderado",3,IF(O35="Grande",4,IF(O35="Muito Grande",5,0)))))+IF(P35="pequeno",2,IF(P35="insignificante",1,IF(P35="moderado",3,IF(P35="Grande",4,IF(P35="Muito Grande",5,0)))))+IF(Q35="pequeno",2,IF(Q35="insignificante",1,IF(Q35="moderado",3,IF(Q35="Grande",4,IF(Q35="Muito Grande",5,0)))))+IF(R35="pequeno",2,IF(R35="insignificante",1,IF(R35="moderado",3,IF(R35="Grande",4,IF(R35="Muito Grande",5,0))))))/6),0) -> 0 | T35: =ROUNDUP(S35,0) -> 0 | U35: =IF(T35=1,"1- Insignificante",IF(T35=2,"2- Pequeno",IF(T35=3,"3- Moderado",IF(T35=4,"4- Grande",IF(T35=5,"5- Muito Grande",""))))) | V35: =U35 | W35: =ROUNDUP((((K35+5)/2)*S35),0) -> 0 | X35: =IF(AND(T35=1,L35=1),"Risco Baixo",IF(AND(S35=1,L35=2),"Risco Baixo",IF(AND(S35=1,L35=3),"Risco Baixo",IF(AND(S35=1,L35=4),"Risco Baixo",IF(AND(S35=1,L35=5),"Risco Moderado",IF(AND(S35=2,L35=1),"Risco Baixo",IF(AND(S35=2,L35=2),"Risco Baixo",IF(AND(S35=2,L35=3),"Risco Moderado",IF(AND(S35=2,L35=4),"Risco Moderado",IF(AND(S35=2,L35=5),"Risco Moderado",IF(AND(S35=3,L35=1),"Risco Baixo",IF(AND(S35=3,L35=2),"Risco Moderado",IF(AND(S35=3,L35=3),"Risco Moderado",IF(AND(S35=3,L35=4),"Risco Alto",IF(AND(S35=3,L35=5),"Risco Alto",IF(AND(S35=4,L35=1),"Risco Baixo",IF(AND(S35=4,L35=2),"Risco Moderado",IF(AND(S35=4,L35=3),"Risco Alto",IF(AND(S35=4,L35=4),"Risco Alto",IF(AND(S35=4,L35=5),"Risco Extremo",IF(AND(S35=5,L35=1),"Risco Moderado",IF(AND(S35=5,L35=2),"Risco Moderado",IF(AND(S35=5,L35=3),"Risco Alto",IF(AND(S35=5,L35=4),"Risco Extremo",IF(AND(S35=5,L35=5),"Risco Extremo",0))))))))))))))))))))))))) -> 0 | Y35: =IF(X35>0,X35,"") | AC35: =IF(AB35="Inexistente",5,IF(AB35="Fraco",4,IF(AB35="Mediano",3,IF(AB35="Satisfatório",2,IF(AB35="Forte",1))))) -> FALSE | AD35: =ROUNDUP((AVERAGE(K35,AC35)),0) -> 0 | AE35: =(AVERAGE(K35,AC35))*T35 -> 0 | AF35: =IF(AND(S35=1,AD35=1),"Risco Baixo",IF(AND(S35=1, AD35=2),"Risco Baixo",IF(AND(S35=1,AD35=3),"Risco Baixo",IF(AND(S35=1,AD35=4),"Risco Baixo",IF(AND(S35=1,AD35=5),"Risco Moderado",IF(AND(S35=2,AD35=1),"Risco Baixo",IF(AND(S35=2,AD35=2),"Risco Baixo",IF(AND(S35=2,AD35=3),"Risco Moderado",IF(AND(S35=2,AD35=4),"Risco Moderado",IF(AND(S35=2,AD35=5),"Risco Moderado",IF(AND(S35=3,AD35=1),"Risco Baixo",IF(AND(S35=3,AD35=2),"Risco Moderado",IF(AND(S35=3,AD35=3),"Risco Moderado",IF(AND(S35=3,AD35=4),"Risco Alto",IF(AND(S35=3,AD35=5),"Risco Alto",IF(AND(S35=4,AD35=1),"Risco Baixo",IF(AND(S35=4,AD35=2),"Risco Moderado",IF(AND(S35=4,AD35=3),"Risco Alto",IF(AND(S35=4,AD35=4),"Risco Alto",IF(AND(S35=4,AD35=5),"Risco Extremo",IF(AND(S35=5,AD35=1),"Risco Moderado",IF(AND(S35=5,AD35=2),"Risco Moderado",IF(AND(S35=5,AD35=3),"Risco Alto",IF(AND(S35=5,AD35=4),"Risco Extremo",IF(AND(S35=5,AD35=5),"Risco Extremo",0))))))))))))))))))))))))) -> 0 | AG35: =IF(AND(AF35>0,AB35>0),AF35,"")
A36: RC029 | K36: =IF(J36="1- Muito Baixa",1,IF(J36="2- Baixa",2,IF(J36="3- Média",3,IF(J36="4- Alta",4,IF(J36="5- Muito Alta",5,0))))) -> 0 | L36: =ROUNDUP(((K36+5)/2),0) -> 3 | S36: =ROUNDUP(((IF(M36="pequeno",2,IF(M36="insignificante",1,IF(M36="moderado",3,IF(M36="Grande",4,IF(M36="Muito Grande",5,0)))))+IF(N36="pequeno",2,IF(N36="insignificante",1,IF(N36="moderado",3,IF(N36="Grande",4,IF(N36="Muito Grande",5,0)))))+IF(O36="pequeno",2,IF(O36="insignificante",1,IF(O36="moderado",3,IF(O36="Grande",4,IF(O36="Muito Grande",5,0)))))+IF(P36="pequeno",2,IF(P36="insignificante",1,IF(P36="moderado",3,IF(P36="Grande",4,IF(P36="Muito Grande",5,0)))))+IF(Q36="pequeno",2,IF(Q36="insignificante",1,IF(Q36="moderado",3,IF(Q36="Grande",4,IF(Q36="Muito Grande",5,0)))))+IF(R36="pequeno",2,IF(R36="insignificante",1,IF(R36="moderado",3,IF(R36="Grande",4,IF(R36="Muito Grande",5,0))))))/6),0) -> 0 | T36: =ROUNDUP(S36,0) -> 0 | U36: =IF(T36=1,"1- Insignificante",IF(T36=2,"2- Pequeno",IF(T36=3,"3- Moderado",IF(T36=4,"4- Grande",IF(T36=5,"5- Muito Grande",""))))) | V36: =U36 | W36: =ROUNDUP((((K36+5)/2)*S36),0) -> 0 | X36: =IF(AND(T36=1,L36=1),"Risco Baixo",IF(AND(S36=1,L36=2),"Risco Baixo",IF(AND(S36=1,L36=3),"Risco Baixo",IF(AND(S36=1,L36=4),"Risco Baixo",IF(AND(S36=1,L36=5),"Risco Moderado",IF(AND(S36=2,L36=1),"Risco Baixo",IF(AND(S36=2,L36=2),"Risco Baixo",IF(AND(S36=2,L36=3),"Risco Moderado",IF(AND(S36=2,L36=4),"Risco Moderado",IF(AND(S36=2,L36=5),"Risco Moderado",IF(AND(S36=3,L36=1),"Risco Baixo",IF(AND(S36=3,L36=2),"Risco Moderado",IF(AND(S36=3,L36=3),"Risco Moderado",IF(AND(S36=3,L36=4),"Risco Alto",IF(AND(S36=3,L36=5),"Risco Alto",IF(AND(S36=4,L36=1),"Risco Baixo",IF(AND(S36=4,L36=2),"Risco Moderado",IF(AND(S36=4,L36=3),"Risco Alto",IF(AND(S36=4,L36=4),"Risco Alto",IF(AND(S36=4,L36=5),"Risco Extremo",IF(AND(S36=5,L36=1),"Risco Moderado",IF(AND(S36=5,L36=2),"Risco Moderado",IF(AND(S36=5,L36=3),"Risco Alto",IF(AND(S36=5,L36=4),"Risco Extremo",IF(AND(S36=5,L36=5),"Risco Extremo",0))))))))))))))))))))))))) -> 0 | Y36: =IF(X36>0,X36,"") | AC36: =IF(AB36="Inexistente",5,IF(AB36="Fraco",4,IF(AB36="Mediano",3,IF(AB36="Satisfatório",2,IF(AB36="Forte",1))))) -> FALSE | AD36: =ROUNDUP((AVERAGE(K36,AC36)),0) -> 0 | AE36: =(AVERAGE(K36,AC36))*T36 -> 0 | AF36: =IF(AND(S36=1,AD36=1),"Risco Baixo",IF(AND(S36=1, AD36=2),"Risco Baixo",IF(AND(S36=1,AD36=3),"Risco Baixo",IF(AND(S36=1,AD36=4),"Risco Baixo",IF(AND(S36=1,AD36=5),"Risco Moderado",IF(AND(S36=2,AD36=1),"Risco Baixo",IF(AND(S36=2,AD36=2),"Risco Baixo",IF(AND(S36=2,AD36=3),"Risco Moderado",IF(AND(S36=2,AD36=4),"Risco Moderado",IF(AND(S36=2,AD36=5),"Risco Moderado",IF(AND(S36=3,AD36=1),"Risco Baixo",IF(AND(S36=3,AD36=2),"Risco Moderado",IF(AND(S36=3,AD36=3),"Risco Moderado",IF(AND(S36=3,AD36=4),"Risco Alto",IF(AND(S36=3,AD36=5),"Risco Alto",IF(AND(S36=4,AD36=1),"Risco Baixo",IF(AND(S36=4,AD36=2),"Risco Moderado",IF(AND(S36=4,AD36=3),"Risco Alto",IF(AND(S36=4,AD36=4),"Risco Alto",IF(AND(S36=4,AD36=5),"Risco Extremo",IF(AND(S36=5,AD36=1),"Risco Moderado",IF(AND(S36=5,AD36=2),"Risco Moderado",IF(AND(S36=5,AD36=3),"Risco Alto",IF(AND(S36=5,AD36=4),"Risco Extremo",IF(AND(S36=5,AD36=5),"Risco Extremo",0))))))))))))))))))))))))) -> 0 | AG36: =IF(AND(AF36>0,AB36>0),AF36,"")
A37: RC030 | K37: =IF(J37="1- Muito Baixa",1,IF(J37="2- Baixa",2,IF(J37="3- Média",3,IF(J37="4- Alta",4,IF(J37="5- Muito Alta",5,0))))) -> 0 | L37: =ROUNDUP(((K37+5)/2),0) -> 3 | S37: =ROUNDUP(((IF(M37="pequeno",2,IF(M37="insignificante",1,IF(M37="moderado",3,IF(M37="Grande",4,IF(M37="Muito Grande",5,0)))))+IF(N37="pequeno",2,IF(N37="insignificante",1,IF(N37="moderado",3,IF(N37="Grande",4,IF(N37="Muito Grande",5,0)))))+IF(O37="pequeno",2,IF(O37="insignificante",1,IF(O37="moderado",3,IF(O37="Grande",4,IF(O37="Muito Grande",5,0)))))+IF(P37="pequeno",2,IF(P37="insignificante",1,IF(P37="moderado",3,IF(P37="Grande",4,IF(P37="Muito Grande",5,0)))))+IF(Q37="pequeno",2,IF(Q37="insignificante",1,IF(Q37="moderado",3,IF(Q37="Grande",4,IF(Q37="Muito Grande",5,0)))))+IF(R37="pequeno",2,IF(R37="insignificante",1,IF(R37="moderado",3,IF(R37="Grande",4,IF(R37="Muito Grande",5,0))))))/6),0) -> 0 | T37: =ROUNDUP(S37,0) -> 0 | U37: =IF(T37=1,"1- Insignificante",IF(T37=2,"2- Pequeno",IF(T37=3,"3- Moderado",IF(T37=4,"4- Grande",IF(T37=5,"5- Muito Grande",""))))) | V37: =U37 | W37: =ROUNDUP((((K37+5)/2)*S37),0) -> 0 | X37: =IF(AND(T37=1,L37=1),"Risco Baixo",IF(AND(S37=1,L37=2),"Risco Baixo",IF(AND(S37=1,L37=3),"Risco Baixo",IF(AND(S37=1,L37=4),"Risco Baixo",IF(AND(S37=1,L37=5),"Risco Moderado",IF(AND(S37=2,L37=1),"Risco Baixo",IF(AND(S37=2,L37=2),"Risco Baixo",IF(AND(S37=2,L37=3),"Risco Moderado",IF(AND(S37=2,L37=4),"Risco Moderado",IF(AND(S37=2,L37=5),"Risco Moderado",IF(AND(S37=3,L37=1),"Risco Baixo",IF(AND(S37=3,L37=2),"Risco Moderado",IF(AND(S37=3,L37=3),"Risco Moderado",IF(AND(S37=3,L37=4),"Risco Alto",IF(AND(S37=3,L37=5),"Risco Alto",IF(AND(S37=4,L37=1),"Risco Baixo",IF(AND(S37=4,L37=2),"Risco Moderado",IF(AND(S37=4,L37=3),"Risco Alto",IF(AND(S37=4,L37=4),"Risco Alto",IF(AND(S37=4,L37=5),"Risco Extremo",IF(AND(S37=5,L37=1),"Risco Moderado",IF(AND(S37=5,L37=2),"Risco Moderado",IF(AND(S37=5,L37=3),"Risco Alto",IF(AND(S37=5,L37=4),"Risco Extremo",IF(AND(S37=5,L37=5),"Risco Extremo",0))))))))))))))))))))))))) -> 0 | Y37: =IF(X37>0,X37,"") | AC37: =IF(AB37="Inexistente",5,IF(AB37="Fraco",4,IF(AB37="Mediano",3,IF(AB37="Satisfatório",2,IF(AB37="Forte",1))))) -> FALSE | AD37: =ROUNDUP((AVERAGE(K37,AC37)),0) -> 0 | AE37: =(AVERAGE(K37,AC37))*T37 -> 0 | AF37: =IF(AND(S37=1,AD37=1),"Risco Baixo",IF(AND(S37=1, AD37=2),"Risco Baixo",IF(AND(S37=1,AD37=3),"Risco Baixo",IF(AND(S37=1,AD37=4),"Risco Baixo",IF(AND(S37=1,AD37=5),"Risco Moderado",IF(AND(S37=2,AD37=1),"Risco Baixo",IF(AND(S37=2,AD37=2),"Risco Baixo",IF(AND(S37=2,AD37=3),"Risco Moderado",IF(AND(S37=2,AD37=4),"Risco Moderado",IF(AND(S37=2,AD37=5),"Risco Moderado",IF(AND(S37=3,AD37=1),"Risco Baixo",IF(AND(S37=3,AD37=2),"Risco Moderado",IF(AND(S37=3,AD37=3),"Risco Moderado",IF(AND(S37=3,AD37=4),"Risco Alto",IF(AND(S37=3,AD37=5),"Risco Alto",IF(AND(S37=4,AD37=1),"Risco Baixo",IF(AND(S37=4,AD37=2),"Risco Moderado",IF(AND(S37=4,AD37=3),"Risco Alto",IF(AND(S37=4,AD37=4),"Risco Alto",IF(AND(S37=4,AD37=5),"Risco Extremo",IF(AND(S37=5,AD37=1),"Risco Moderado",IF(AND(S37=5,AD37=2),"Risco Moderado",IF(AND(S37=5,AD37=3),"Risco Alto",IF(AND(S37=5,AD37=4),"Risco Extremo",IF(AND(S37=5,AD37=5),"Risco Extremo",0))))))))))))))))))))))))) -> 0 | AG37: =IF(AND(AF37>0,AB37>0),AF37,"")
A38: RC031 | K38: =IF(J38="1- Muito Baixa",1,IF(J38="2- Baixa",2,IF(J38="3- Média",3,IF(J38="4- Alta",4,IF(J38="5- Muito Alta",5,0))))) -> 0 | L38: =ROUNDUP(((K38+5)/2),0) -> 3 | S38: =ROUNDUP(((IF(M38="pequeno",2,IF(M38="insignificante",1,IF(M38="moderado",3,IF(M38="Grande",4,IF(M38="Muito Grande",5,0)))))+IF(N38="pequeno",2,IF(N38="insignificante",1,IF(N38="moderado",3,IF(N38="Grande",4,IF(N38="Muito Grande",5,0)))))+IF(O38="pequeno",2,IF(O38="insignificante",1,IF(O38="moderado",3,IF(O38="Grande",4,IF(O38="Muito Grande",5,0)))))+IF(P38="pequeno",2,IF(P38="insignificante",1,IF(P38="moderado",3,IF(P38="Grande",4,IF(P38="Muito Grande",5,0)))))+IF(Q38="pequeno",2,IF(Q38="insignificante",1,IF(Q38="moderado",3,IF(Q38="Grande",4,IF(Q38="Muito Grande",5,0)))))+IF(R38="pequeno",2,IF(R38="insignificante",1,IF(R38="moderado",3,IF(R38="Grande",4,IF(R38="Muito Grande",5,0))))))/6),0) -> 0 | T38: =ROUNDUP(S38,0) -> 0 | U38: =IF(T38=1,"1- Insignificante",IF(T38=2,"2- Pequeno",IF(T38=3,"3- Moderado",IF(T38=4,"4- Grande",IF(T38=5,"5- Muito Grande",""))))) | V38: =U38 | W38: =ROUNDUP((((K38+5)/2)*S38),0) -> 0 | X38: =IF(AND(T38=1,L38=1),"Risco Baixo",IF(AND(S38=1,L38=2),"Risco Baixo",IF(AND(S38=1,L38=3),"Risco Baixo",IF(AND(S38=1,L38=4),"Risco Baixo",IF(AND(S38=1,L38=5),"Risco Moderado",IF(AND(S38=2,L38=1),"Risco Baixo",IF(AND(S38=2,L38=2),"Risco Baixo",IF(AND(S38=2,L38=3),"Risco Moderado",IF(AND(S38=2,L38=4),"Risco Moderado",IF(AND(S38=2,L38=5),"Risco Moderado",IF(AND(S38=3,L38=1),"Risco Baixo",IF(AND(S38=3,L38=2),"Risco Moderado",IF(AND(S38=3,L38=3),"Risco Moderado",IF(AND(S38=3,L38=4),"Risco Alto",IF(AND(S38=3,L38=5),"Risco Alto",IF(AND(S38=4,L38=1),"Risco Baixo",IF(AND(S38=4,L38=2),"Risco Moderado",IF(AND(S38=4,L38=3),"Risco Alto",IF(AND(S38=4,L38=4),"Risco Alto",IF(AND(S38=4,L38=5),"Risco Extremo",IF(AND(S38=5,L38=1),"Risco Moderado",IF(AND(S38=5,L38=2),"Risco Moderado",IF(AND(S38=5,L38=3),"Risco Alto",IF(AND(S38=5,L38=4),"Risco Extremo",IF(AND(S38=5,L38=5),"Risco Extremo",0))))))))))))))))))))))))) -> 0 | Y38: =IF(X38>0,X38,"") | AC38: =IF(AB38="Inexistente",5,IF(AB38="Fraco",4,IF(AB38="Mediano",3,IF(AB38="Satisfatório",2,IF(AB38="Forte",1))))) -> FALSE | AD38: =ROUNDUP((AVERAGE(K38,AC38)),0) -> 0 | AE38: =(AVERAGE(K38,AC38))*T38 -> 0 | AF38: =IF(AND(S38=1,AD38=1),"Risco Baixo",IF(AND(S38=1, AD38=2),"Risco Baixo",IF(AND(S38=1,AD38=3),"Risco Baixo",IF(AND(S38=1,AD38=4),"Risco Baixo",IF(AND(S38=1,AD38=5),"Risco Moderado",IF(AND(S38=2,AD38=1),"Risco Baixo",IF(AND(S38=2,AD38=2),"Risco Baixo",IF(AND(S38=2,AD38=3),"Risco Moderado",IF(AND(S38=2,AD38=4),"Risco Moderado",IF(AND(S38=2,AD38=5),"Risco Moderado",IF(AND(S38=3,AD38=1),"Risco Baixo",IF(AND(S38=3,AD38=2),"Risco Moderado",IF(AND(S38=3,AD38=3),"Risco Moderado",IF(AND(S38=3,AD38=4),"Risco Alto",IF(AND(S38=3,AD38=5),"Risco Alto",IF(AND(S38=4,AD38=1),"Risco Baixo",IF(AND(S38=4,AD38=2),"Risco Moderado",IF(AND(S38=4,AD38=3),"Risco Alto",IF(AND(S38=4,AD38=4),"Risco Alto",IF(AND(S38=4,AD38=5),"Risco Extremo",IF(AND(S38=5,AD38=1),"Risco Moderado",IF(AND(S38=5,AD38=2),"Risco Moderado",IF(AND(S38=5,AD38=3),"Risco Alto",IF(AND(S38=5,AD38=4),"Risco Extremo",IF(AND(S38=5,AD38=5),"Risco Extremo",0))))))))))))))))))))))))) -> 0 | AG38: =IF(AND(AF38>0,AB38>0),AF38,"")
A39: RC032 | K39: =IF(J39="1- Muito Baixa",1,IF(J39="2- Baixa",2,IF(J39="3- Média",3,IF(J39="4- Alta",4,IF(J39="5- Muito Alta",5,0))))) -> 0 | L39: =ROUNDUP(((K39+5)/2),0) -> 3 | S39: =ROUNDUP(((IF(M39="pequeno",2,IF(M39="insignificante",1,IF(M39="moderado",3,IF(M39="Grande",4,IF(M39="Muito Grande",5,0)))))+IF(N39="pequeno",2,IF(N39="insignificante",1,IF(N39="moderado",3,IF(N39="Grande",4,IF(N39="Muito Grande",5,0)))))+IF(O39="pequeno",2,IF(O39="insignificante",1,IF(O39="moderado",3,IF(O39="Grande",4,IF(O39="Muito Grande",5,0)))))+IF(P39="pequeno",2,IF(P39="insignificante",1,IF(P39="moderado",3,IF(P39="Grande",4,IF(P39="Muito Grande",5,0)))))+IF(Q39="pequeno",2,IF(Q39="insignificante",1,IF(Q39="moderado",3,IF(Q39="Grande",4,IF(Q39="Muito Grande",5,0)))))+IF(R39="pequeno",2,IF(R39="insignificante",1,IF(R39="moderado",3,IF(R39="Grande",4,IF(R39="Muito Grande",5,0))))))/6),0) -> 0 | T39: =ROUNDUP(S39,0) -> 0 | U39: =IF(T39=1,"1- Insignificante",IF(T39=2,"2- Pequeno",IF(T39=3,"3- Moderado",IF(T39=4,"4- Grande",IF(T39=5,"5- Muito Grande",""))))) | V39: =U39 | W39: =ROUNDUP((((K39+5)/2)*S39),0) -> 0 | X39: =IF(AND(T39=1,L39=1),"Risco Baixo",IF(AND(S39=1,L39=2),"Risco Baixo",IF(AND(S39=1,L39=3),"Risco Baixo",IF(AND(S39=1,L39=4),"Risco Baixo",IF(AND(S39=1,L39=5),"Risco Moderado",IF(AND(S39=2,L39=1),"Risco Baixo",IF(AND(S39=2,L39=2),"Risco Baixo",IF(AND(S39=2,L39=3),"Risco Moderado",IF(AND(S39=2,L39=4),"Risco Moderado",IF(AND(S39=2,L39=5),"Risco Moderado",IF(AND(S39=3,L39=1),"Risco Baixo",IF(AND(S39=3,L39=2),"Risco Moderado",IF(AND(S39=3,L39=3),"Risco Moderado",IF(AND(S39=3,L39=4),"Risco Alto",IF(AND(S39=3,L39=5),"Risco Alto",IF(AND(S39=4,L39=1),"Risco Baixo",IF(AND(S39=4,L39=2),"Risco Moderado",IF(AND(S39=4,L39=3),"Risco Alto",IF(AND(S39=4,L39=4),"Risco Alto",IF(AND(S39=4,L39=5),"Risco Extremo",IF(AND(S39=5,L39=1),"Risco Moderado",IF(AND(S39=5,L39=2),"Risco Moderado",IF(AND(S39=5,L39=3),"Risco Alto",IF(AND(S39=5,L39=4),"Risco Extremo",IF(AND(S39=5,L39=5),"Risco Extremo",0))))))))))))))))))))))))) -> 0 | Y39: =IF(X39>0,X39,"") | AC39: =IF(AB39="Inexistente",5,IF(AB39="Fraco",4,IF(AB39="Mediano",3,IF(AB39="Satisfatório",2,IF(AB39="Forte",1))))) -> FALSE | AD39: =ROUNDUP((AVERAGE(K39,AC39)),0) -> 0 | AE39: =(AVERAGE(K39,AC39))*T39 -> 0 | AF39: =IF(AND(S39=1,AD39=1),"Risco Baixo",IF(AND(S39=1, AD39=2),"Risco Baixo",IF(AND(S39=1,AD39=3),"Risco Baixo",IF(AND(S39=1,AD39=4),"Risco Baixo",IF(AND(S39=1,AD39=5),"Risco Moderado",IF(AND(S39=2,AD39=1),"Risco Baixo",IF(AND(S39=2,AD39=2),"Risco Baixo",IF(AND(S39=2,AD39=3),"Risco Moderado",IF(AND(S39=2,AD39=4),"Risco Moderado",IF(AND(S39=2,AD39=5),"Risco Moderado",IF(AND(S39=3,AD39=1),"Risco Baixo",IF(AND(S39=3,AD39=2),"Risco Moderado",IF(AND(S39=3,AD39=3),"Risco Moderado",IF(AND(S39=3,AD39=4),"Risco Alto",IF(AND(S39=3,AD39=5),"Risco Alto",IF(AND(S39=4,AD39=1),"Risco Baixo",IF(AND(S39=4,AD39=2),"Risco Moderado",IF(AND(S39=4,AD39=3),"Risco Alto",IF(AND(S39=4,AD39=4),"Risco Alto",IF(AND(S39=4,AD39=5),"Risco Extremo",IF(AND(S39=5,AD39=1),"Risco Moderado",IF(AND(S39=5,AD39=2),"Risco Moderado",IF(AND(S39=5,AD39=3),"Risco Alto",IF(AND(S39=5,AD39=4),"Risco Extremo",IF(AND(S39=5,AD39=5),"Risco Extremo",0))))))))))))))))))))))))) -> 0 | AG39: =IF(AND(AF39>0,AB39>0),AF39,"")
A40: RC033 | K40: =IF(J40="1- Muito Baixa",1,IF(J40="2- Baixa",2,IF(J40="3- Média",3,IF(J40="4- Alta",4,IF(J40="5- Muito Alta",5,0))))) -> 0 | L40: =ROUNDUP(((K40+5)/2),0) -> 3 | S40: =ROUNDUP(((IF(M40="pequeno",2,IF(M40="insignificante",1,IF(M40="moderado",3,IF(M40="Grande",4,IF(M40="Muito Grande",5,0)))))+IF(N40="pequeno",2,IF(N40="insignificante",1,IF(N40="moderado",3,IF(N40="Grande",4,IF(N40="Muito Grande",5,0)))))+IF(O40="pequeno",2,IF(O40="insignificante",1,IF(O40="moderado",3,IF(O40="Grande",4,IF(O40="Muito Grande",5,0)))))+IF(P40="pequeno",2,IF(P40="insignificante",1,IF(P40="moderado",3,IF(P40="Grande",4,IF(P40="Muito Grande",5,0)))))+IF(Q40="pequeno",2,IF(Q40="insignificante",1,IF(Q40="moderado",3,IF(Q40="Grande",4,IF(Q40="Muito Grande",5,0)))))+IF(R40="pequeno",2,IF(R40="insignificante",1,IF(R40="moderado",3,IF(R40="Grande",4,IF(R40="Muito Grande",5,0))))))/6),0) -> 0 | T40: =ROUNDUP(S40,0) -> 0 | U40: =IF(T40=1,"1- Insignificante",IF(T40=2,"2- Pequeno",IF(T40=3,"3- Moderado",IF(T40=4,"4- Grande",IF(T40=5,"5- Muito Grande",""))))) | V40: =U40 | W40: =ROUNDUP((((K40+5)/2)*S40),0) -> 0 | X40: =IF(AND(T40=1,L40=1),"Risco Baixo",IF(AND(S40=1,L40=2),"Risco Baixo",IF(AND(S40=1,L40=3),"Risco Baixo",IF(AND(S40=1,L40=4),"Risco Baixo",IF(AND(S40=1,L40=5),"Risco Moderado",IF(AND(S40=2,L40=1),"Risco Baixo",IF(AND(S40=2,L40=2),"Risco Baixo",IF(AND(S40=2,L40=3),"Risco Moderado",IF(AND(S40=2,L40=4),"Risco Moderado",IF(AND(S40=2,L40=5),"Risco Moderado",IF(AND(S40=3,L40=1),"Risco Baixo",IF(AND(S40=3,L40=2),"Risco Moderado",IF(AND(S40=3,L40=3),"Risco Moderado",IF(AND(S40=3,L40=4),"Risco Alto",IF(AND(S40=3,L40=5),"Risco Alto",IF(AND(S40=4,L40=1),"Risco Baixo",IF(AND(S40=4,L40=2),"Risco Moderado",IF(AND(S40=4,L40=3),"Risco Alto",IF(AND(S40=4,L40=4),"Risco Alto",IF(AND(S40=4,L40=5),"Risco Extremo",IF(AND(S40=5,L40=1),"Risco Moderado",IF(AND(S40=5,L40=2),"Risco Moderado",IF(AND(S40=5,L40=3),"Risco Alto",IF(AND(S40=5,L40=4),"Risco Extremo",IF(AND(S40=5,L40=5),"Risco Extremo",0))))))))))))))))))))))))) -> 0 | Y40: =IF(X40>0,X40,"") | AC40: =IF(AB40="Inexistente",5,IF(AB40="Fraco",4,IF(AB40="Mediano",3,IF(AB40="Satisfatório",2,IF(AB40="Forte",1))))) -> FALSE | AD40: =ROUNDUP((AVERAGE(K40,AC40)),0) -> 0 | AE40: =(AVERAGE(K40,AC40))*T40 -> 0 | AF40: =IF(AND(S40=1,AD40=1),"Risco Baixo",IF(AND(S40=1, AD40=2),"Risco Baixo",IF(AND(S40=1,AD40=3),"Risco Baixo",IF(AND(S40=1,AD40=4),"Risco Baixo",IF(AND(S40=1,AD40=5),"Risco Moderado",IF(AND(S40=2,AD40=1),"Risco Baixo",IF(AND(S40=2,AD40=2),"Risco Baixo",IF(AND(S40=2,AD40=3),"Risco Moderado",IF(AND(S40=2,AD40=4),"Risco Moderado",IF(AND(S40=2,AD40=5),"Risco Moderado",IF(AND(S40=3,AD40=1),"Risco Baixo",IF(AND(S40=3,AD40=2),"Risco Moderado",IF(AND(S40=3,AD40=3),"Risco Moderado",IF(AND(S40=3,AD40=4),"Risco Alto",IF(AND(S40=3,AD40=5),"Risco Alto",IF(AND(S40=4,AD40=1),"Risco Baixo",IF(AND(S40=4,AD40=2),"Risco Moderado",IF(AND(S40=4,AD40=3),"Risco Alto",IF(AND(S40=4,AD40=4),"Risco Alto",IF(AND(S40=4,AD40=5),"Risco Extremo",IF(AND(S40=5,AD40=1),"Risco Moderado",IF(AND(S40=5,AD40=2),"Risco Moderado",IF(AND(S40=5,AD40=3),"Risco Alto",IF(AND(S40=5,AD40=4),"Risco Extremo",IF(AND(S40=5,AD40=5),"Risco Extremo",0))))))))))))))))))))))))) -> 0 | AG40: =IF(AND(AF40>0,AB40>0),AF40,"")
A41: RC034 | K41: =IF(J41="1- Muito Baixa",1,IF(J41="2- Baixa",2,IF(J41="3- Média",3,IF(J41="4- Alta",4,IF(J41="5- Muito Alta",5,0))))) -> 0 | L41: =ROUNDUP(((K41+5)/2),0) -> 3 | S41: =ROUNDUP(((IF(M41="pequeno",2,IF(M41="insignificante",1,IF(M41="moderado",3,IF(M41="Grande",4,IF(M41="Muito Grande",5,0)))))+IF(N41="pequeno",2,IF(N41="insignificante",1,IF(N41="moderado",3,IF(N41="Grande",4,IF(N41="Muito Grande",5,0)))))+IF(O41="pequeno",2,IF(O41="insignificante",1,IF(O41="moderado",3,IF(O41="Grande",4,IF(O41="Muito Grande",5,0)))))+IF(P41="pequeno",2,IF(P41="insignificante",1,IF(P41="moderado",3,IF(P41="Grande",4,IF(P41="Muito Grande",5,0)))))+IF(Q41="pequeno",2,IF(Q41="insignificante",1,IF(Q41="moderado",3,IF(Q41="Grande",4,IF(Q41="Muito Grande",5,0)))))+IF(R41="pequeno",2,IF(R41="insignificante",1,IF(R41="moderado",3,IF(R41="Grande",4,IF(R41="Muito Grande",5,0))))))/6),0) -> 0 | T41: =ROUNDUP(S41,0) -> 0 | U41: =IF(T41=1,"1- Insignificante",IF(T41=2,"2- Pequeno",IF(T41=3,"3- Moderado",IF(T41=4,"4- Grande",IF(T41=5,"5- Muito Grande",""))))) | V41: =U41 | W41: =ROUNDUP((((K41+5)/2)*S41),0) -> 0 | X41: =IF(AND(T41=1,L41=1),"Risco Baixo",IF(AND(S41=1,L41=2),"Risco Baixo",IF(AND(S41=1,L41=3),"Risco Baixo",IF(AND(S41=1,L41=4),"Risco Baixo",IF(AND(S41=1,L41=5),"Risco Moderado",IF(AND(S41=2,L41=1),"Risco Baixo",IF(AND(S41=2,L41=2),"Risco Baixo",IF(AND(S41=2,L41=3),"Risco Moderado",IF(AND(S41=2,L41=4),"Risco Moderado",IF(AND(S41=2,L41=5),"Risco Moderado",IF(AND(S41=3,L41=1),"Risco Baixo",IF(AND(S41=3,L41=2),"Risco Moderado",IF(AND(S41=3,L41=3),"Risco Moderado",IF(AND(S41=3,L41=4),"Risco Alto",IF(AND(S41=3,L41=5),"Risco Alto",IF(AND(S41=4,L41=1),"Risco Baixo",IF(AND(S41=4,L41=2),"Risco Moderado",IF(AND(S41=4,L41=3),"Risco Alto",IF(AND(S41=4,L41=4),"Risco Alto",IF(AND(S41=4,L41=5),"Risco Extremo",IF(AND(S41=5,L41=1),"Risco Moderado",IF(AND(S41=5,L41=2),"Risco Moderado",IF(AND(S41=5,L41=3),"Risco Alto",IF(AND(S41=5,L41=4),"Risco Extremo",IF(AND(S41=5,L41=5),"Risco Extremo",0))))))))))))))))))))))))) -> 0 | Y41: =IF(X41>0,X41,"") | AC41: =IF(AB41="Inexistente",5,IF(AB41="Fraco",4,IF(AB41="Mediano",3,IF(AB41="Satisfatório",2,IF(AB41="Forte",1))))) -> FALSE | AD41: =ROUNDUP((AVERAGE(K41,AC41)),0) -> 0 | AE41: =(AVERAGE(K41,AC41))*T41 -> 0 | AF41: =IF(AND(S41=1,AD41=1),"Risco Baixo",IF(AND(S41=1, AD41=2),"Risco Baixo",IF(AND(S41=1,AD41=3),"Risco Baixo",IF(AND(S41=1,AD41=4),"Risco Baixo",IF(AND(S41=1,AD41=5),"Risco Moderado",IF(AND(S41=2,AD41=1),"Risco Baixo",IF(AND(S41=2,AD41=2),"Risco Baixo",IF(AND(S41=2,AD41=3),"Risco Moderado",IF(AND(S41=2,AD41=4),"Risco Moderado",IF(AND(S41=2,AD41=5),"Risco Moderado",IF(AND(S41=3,AD41=1),"Risco Baixo",IF(AND(S41=3,AD41=2),"Risco Moderado",IF(AND(S41=3,AD41=3),"Risco Moderado",IF(AND(S41=3,AD41=4),"Risco Alto",IF(AND(S41=3,AD41=5),"Risco Alto",IF(AND(S41=4,AD41=1),"Risco Baixo",IF(AND(S41=4,AD41=2),"Risco Moderado",IF(AND(S41=4,AD41=3),"Risco Alto",IF(AND(S41=4,AD41=4),"Risco Alto",IF(AND(S41=4,AD41=5),"Risco Extremo",IF(AND(S41=5,AD41=1),"Risco Moderado",IF(AND(S41=5,AD41=2),"Risco Moderado",IF(AND(S41=5,AD41=3),"Risco Alto",IF(AND(S41=5,AD41=4),"Risco Extremo",IF(AND(S41=5,AD41=5),"Risco Extremo",0))))))))))))))))))))))))) -> 0 | AG41: =IF(AND(AF41>0,AB41>0),AF41,"")
A42: RC035 | K42: =IF(J42="1- Muito Baixa",1,IF(J42="2- Baixa",2,IF(J42="3- Média",3,IF(J42="4- Alta",4,IF(J42="5- Muito Alta",5,0))))) -> 0 | L42: =ROUNDUP(((K42+5)/2),0) -> 3 | S42: =ROUNDUP(((IF(M42="pequeno",2,IF(M42="insignificante",1,IF(M42="moderado",3,IF(M42="Grande",4,IF(M42="Muito Grande",5,0)))))+IF(N42="pequeno",2,IF(N42="insignificante",1,IF(N42="moderado",3,IF(N42="Grande",4,IF(N42="Muito Grande",5,0)))))+IF(O42="pequeno",2,IF(O42="insignificante",1,IF(O42="moderado",3,IF(O42="Grande",4,IF(O42="Muito Grande",5,0)))))+IF(P42="pequeno",2,IF(P42="insignificante",1,IF(P42="moderado",3,IF(P42="Grande",4,IF(P42="Muito Grande",5,0)))))+IF(Q42="pequeno",2,IF(Q42="insignificante",1,IF(Q42="moderado",3,IF(Q42="Grande",4,IF(Q42="Muito Grande",5,0)))))+IF(R42="pequeno",2,IF(R42="insignificante",1,IF(R42="moderado",3,IF(R42="Grande",4,IF(R42="Muito Grande",5,0))))))/6),0) -> 0 | T42: =ROUNDUP(S42,0) -> 0 | U42: =IF(T42=1,"1- Insignificante",IF(T42=2,"2- Pequeno",IF(T42=3,"3- Moderado",IF(T42=4,"4- Grande",IF(T42=5,"5- Muito Grande",""))))) | V42: =U42 | W42: =ROUNDUP((((K42+5)/2)*S42),0) -> 0 | X42: =IF(AND(T42=1,L42=1),"Risco Baixo",IF(AND(S42=1,L42=2),"Risco Baixo",IF(AND(S42=1,L42=3),"Risco Baixo",IF(AND(S42=1,L42=4),"Risco Baixo",IF(AND(S42=1,L42=5),"Risco Moderado",IF(AND(S42=2,L42=1),"Risco Baixo",IF(AND(S42=2,L42=2),"Risco Baixo",IF(AND(S42=2,L42=3),"Risco Moderado",IF(AND(S42=2,L42=4),"Risco Moderado",IF(AND(S42=2,L42=5),"Risco Moderado",IF(AND(S42=3,L42=1),"Risco Baixo",IF(AND(S42=3,L42=2),"Risco Moderado",IF(AND(S42=3,L42=3),"Risco Moderado",IF(AND(S42=3,L42=4),"Risco Alto",IF(AND(S42=3,L42=5),"Risco Alto",IF(AND(S42=4,L42=1),"Risco Baixo",IF(AND(S42=4,L42=2),"Risco Moderado",IF(AND(S42=4,L42=3),"Risco Alto",IF(AND(S42=4,L42=4),"Risco Alto",IF(AND(S42=4,L42=5),"Risco Extremo",IF(AND(S42=5,L42=1),"Risco Moderado",IF(AND(S42=5,L42=2),"Risco Moderado",IF(AND(S42=5,L42=3),"Risco Alto",IF(AND(S42=5,L42=4),"Risco Extremo",IF(AND(S42=5,L42=5),"Risco Extremo",0))))))))))))))))))))))))) -> 0 | Y42: =IF(X42>0,X42,"") | AC42: =IF(AB42="Inexistente",5,IF(AB42="Fraco",4,IF(AB42="Mediano",3,IF(AB42="Satisfatório",2,IF(AB42="Forte",1))))) -> FALSE | AD42: =ROUNDUP((AVERAGE(K42,AC42)),0) -> 0 | AE42: =(AVERAGE(K42,AC42))*T42 -> 0 | AF42: =IF(AND(S42=1,AD42=1),"Risco Baixo",IF(AND(S42=1, AD42=2),"Risco Baixo",IF(AND(S42=1,AD42=3),"Risco Baixo",IF(AND(S42=1,AD42=4),"Risco Baixo",IF(AND(S42=1,AD42=5),"Risco Moderado",IF(AND(S42=2,AD42=1),"Risco Baixo",IF(AND(S42=2,AD42=2),"Risco Baixo",IF(AND(S42=2,AD42=3),"Risco Moderado",IF(AND(S42=2,AD42=4),"Risco Moderado",IF(AND(S42=2,AD42=5),"Risco Moderado",IF(AND(S42=3,AD42=1),"Risco Baixo",IF(AND(S42=3,AD42=2),"Risco Moderado",IF(AND(S42=3,AD42=3),"Risco Moderado",IF(AND(S42=3,AD42=4),"Risco Alto",IF(AND(S42=3,AD42=5),"Risco Alto",IF(AND(S42=4,AD42=1),"Risco Baixo",IF(AND(S42=4,AD42=2),"Risco Moderado",IF(AND(S42=4,AD42=3),"Risco Alto",IF(AND(S42=4,AD42=4),"Risco Alto",IF(AND(S42=4,AD42=5),"Risco Extremo",IF(AND(S42=5,AD42=1),"Risco Moderado",IF(AND(S42=5,AD42=2),"Risco Moderado",IF(AND(S42=5,AD42=3),"Risco Alto",IF(AND(S42=5,AD42=4),"Risco Extremo",IF(AND(S42=5,AD42=5),"Risco Extremo",0))))))))))))))))))))))))) -> 0 | AG42: =IF(AND(AF42>0,AB42>0),AF42,"")
A43: RC036 | K43: =IF(J43="1- Muito Baixa",1,IF(J43="2- Baixa",2,IF(J43="3- Média",3,IF(J43="4- Alta",4,IF(J43="5- Muito Alta",5,0))))) -> 0 | L43: =ROUNDUP(((K43+5)/2),0) -> 3 | S43: =ROUNDUP(((IF(M43="pequeno",2,IF(M43="insignificante",1,IF(M43="moderado",3,IF(M43="Grande",4,IF(M43="Muito Grande",5,0)))))+IF(N43="pequeno",2,IF(N43="insignificante",1,IF(N43="moderado",3,IF(N43="Grande",4,IF(N43="Muito Grande",5,0)))))+IF(O43="pequeno",2,IF(O43="insignificante",1,IF(O43="moderado",3,IF(O43="Grande",4,IF(O43="Muito Grande",5,0)))))+IF(P43="pequeno",2,IF(P43="insignificante",1,IF(P43="moderado",3,IF(P43="Grande",4,IF(P43="Muito Grande",5,0)))))+IF(Q43="pequeno",2,IF(Q43="insignificante",1,IF(Q43="moderado",3,IF(Q43="Grande",4,IF(Q43="Muito Grande",5,0)))))+IF(R43="pequeno",2,IF(R43="insignificante",1,IF(R43="moderado",3,IF(R43="Grande",4,IF(R43="Muito Grande",5,0))))))/6),0) -> 0 | T43: =ROUNDUP(S43,0) -> 0 | U43: =IF(T43=1,"1- Insignificante",IF(T43=2,"2- Pequeno",IF(T43=3,"3- Moderado",IF(T43=4,"4- Grande",IF(T43=5,"5- Muito Grande",""))))) | V43: =U43 | W43: =ROUNDUP((((K43+5)/2)*S43),0) -> 0 | X43: =IF(AND(T43=1,L43=1),"Risco Baixo",IF(AND(S43=1,L43=2),"Risco Baixo",IF(AND(S43=1,L43=3),"Risco Baixo",IF(AND(S43=1,L43=4),"Risco Baixo",IF(AND(S43=1,L43=5),"Risco Moderado",IF(AND(S43=2,L43=1),"Risco Baixo",IF(AND(S43=2,L43=2),"Risco Baixo",IF(AND(S43=2,L43=3),"Risco Moderado",IF(AND(S43=2,L43=4),"Risco Moderado",IF(AND(S43=2,L43=5),"Risco Moderado",IF(AND(S43=3,L43=1),"Risco Baixo",IF(AND(S43=3,L43=2),"Risco Moderado",IF(AND(S43=3,L43=3),"Risco Moderado",IF(AND(S43=3,L43=4),"Risco Alto",IF(AND(S43=3,L43=5),"Risco Alto",IF(AND(S43=4,L43=1),"Risco Baixo",IF(AND(S43=4,L43=2),"Risco Moderado",IF(AND(S43=4,L43=3),"Risco Alto",IF(AND(S43=4,L43=4),"Risco Alto",IF(AND(S43=4,L43=5),"Risco Extremo",IF(AND(S43=5,L43=1),"Risco Moderado",IF(AND(S43=5,L43=2),"Risco Moderado",IF(AND(S43=5,L43=3),"Risco Alto",IF(AND(S43=5,L43=4),"Risco Extremo",IF(AND(S43=5,L43=5),"Risco Extremo",0))))))))))))))))))))))))) -> 0 | Y43: =IF(X43>0,X43,"") | AC43: =IF(AB43="Inexistente",5,IF(AB43="Fraco",4,IF(AB43="Mediano",3,IF(AB43="Satisfatório",2,IF(AB43="Forte",1))))) -> FALSE | AD43: =ROUNDUP((AVERAGE(K43,AC43)),0) -> 0 | AE43: =(AVERAGE(K43,AC43))*T43 -> 0 | AF43: =IF(AND(S43=1,AD43=1),"Risco Baixo",IF(AND(S43=1, AD43=2),"Risco Baixo",IF(AND(S43=1,AD43=3),"Risco Baixo",IF(AND(S43=1,AD43=4),"Risco Baixo",IF(AND(S43=1,AD43=5),"Risco Moderado",IF(AND(S43=2,AD43=1),"Risco Baixo",IF(AND(S43=2,AD43=2),"Risco Baixo",IF(AND(S43=2,AD43=3),"Risco Moderado",IF(AND(S43=2,AD43=4),"Risco Moderado",IF(AND(S43=2,AD43=5),"Risco Moderado",IF(AND(S43=3,AD43=1),"Risco Baixo",IF(AND(S43=3,AD43=2),"Risco Moderado",IF(AND(S43=3,AD43=3),"Risco Moderado",IF(AND(S43=3,AD43=4),"Risco Alto",IF(AND(S43=3,AD43=5),"Risco Alto",IF(AND(S43=4,AD43=1),"Risco Baixo",IF(AND(S43=4,AD43=2),"Risco Moderado",IF(AND(S43=4,AD43=3),"Risco Alto",IF(AND(S43=4,AD43=4),"Risco Alto",IF(AND(S43=4,AD43=5),"Risco Extremo",IF(AND(S43=5,AD43=1),"Risco Moderado",IF(AND(S43=5,AD43=2),"Risco Moderado",IF(AND(S43=5,AD43=3),"Risco Alto",IF(AND(S43=5,AD43=4),"Risco Extremo",IF(AND(S43=5,AD43=5),"Risco Extremo",0))))))))))))))))))))))))) -> 0 | AG43: =IF(AND(AF43>0,AB43>0),AF43,"")
... A57: RC050 | K57: =IF(J57="1- Muito Baixa",1,IF(J57="2- Baixa",2,IF(J57="3- Média",3,IF(J57="4- Alta",4,IF(J57="5- Muito Alta",5,0))))) -> 0 | L57: =ROUNDUP(((K57+5)/2),0) -> 3 | S57: =ROUNDUP(((IF(M57="pequeno",2,IF(M57="insignificante",1,IF(M57="moderado",3,IF(M57="Grande",4,IF(M57="Muito Grande",5,0)))))+IF(N57="pequeno",2,IF(N57="insignificante",1,IF(N57="moderado",3,IF(N57="Grande",4,IF(N57="Muito Grande",5,0)))))+IF(O57="pequeno",2,IF(O57="insignificante",1,IF(O57="moderado",3,IF(O57="Grande",4,IF(O57="Muito Grande",5,0)))))+IF(P57="pequeno",2,IF(P57="insignificante",1,IF(P57="moderado",3,IF(P57="Grande",4,IF(P57="Muito Grande",5,0)))))+IF(Q57="pequeno",2,IF(Q57="insignificante",1,IF(Q57="moderado",3,IF(Q57="Grande",4,IF(Q57="Muito Grande",5,0)))))+IF(R57="pequeno",2,IF(R57="insignificante",1,IF(R57="moderado",3,IF(R57="Grande",4,IF(R57="Muito Grande",5,0))))))/6),0) -> 0 | T57: =ROUNDUP(S57,0) -> 0 | U57: =IF(T57=1,"1- Insignificante",IF(T57=2,"2- Pequeno",IF(T57=3,"3- Moderado",IF(T57=4,"4- Grande",IF(T57=5,"5- Muito Grande",""))))) | V57: =U57 | W57: =ROUNDUP((((K57+5)/2)*S57),0) -> 0 | X57: =IF(AND(T57=1,L57=1),"Risco Baixo",IF(AND(S57=1,L57=2),"Risco Baixo",IF(AND(S57=1,L57=3),"Risco Baixo",IF(AND(S57=1,L57=4),"Risco Baixo",IF(AND(S57=1,L57=5),"Risco Moderado",IF(AND(S57=2,L57=1),"Risco Baixo",IF(AND(S57=2,L57=2),"Risco Baixo",IF(AND(S57=2,L57=3),"Risco Moderado",IF(AND(S57=2,L57=4),"Risco Moderado",IF(AND(S57=2,L57=5),"Risco Moderado",IF(AND(S57=3,L57=1),"Risco Baixo",IF(AND(S57=3,L57=2),"Risco Moderado",IF(AND(S57=3,L57=3),"Risco Moderado",IF(AND(S57=3,L57=4),"Risco Alto",IF(AND(S57=3,L57=5),"Risco Alto",IF(AND(S57=4,L57=1),"Risco Baixo",IF(AND(S57=4,L57=2),"Risco Moderado",IF(AND(S57=4,L57=3),"Risco Alto",IF(AND(S57=4,L57=4),"Risco Alto",IF(AND(S57=4,L57=5),"Risco Extremo",IF(AND(S57=5,L57=1),"Risco Moderado",IF(AND(S57=5,L57=2),"Risco Moderado",IF(AND(S57=5,L57=3),"Risco Alto",IF(AND(S57=5,L57=4),"Risco Extremo",IF(AND(S57=5,L57=5),"Risco Extremo",0))))))))))))))))))))))))) -> 0 | Y57: =IF(X57>0,X57,"") | AC57: =IF(AB57="Inexistente",5,IF(AB57="Fraco",4,IF(AB57="Mediano",3,IF(AB57="Satisfatório",2,IF(AB57="Forte",1))))) -> FALSE | AD57: =ROUNDUP((AVERAGE(K57,AC57)),0) -> 0 | AE57: =(AVERAGE(K57,AC57))*T57 -> 0 | AF57: =IF(AND(S57=1,AD57=1),"Risco Baixo",IF(AND(S57=1, AD57=2),"Risco Baixo",IF(AND(S57=1,AD57=3),"Risco Baixo",IF(AND(S57=1,AD57=4),"Risco Baixo",IF(AND(S57=1,AD57=5),"Risco Moderado",IF(AND(S57=2,AD57=1),"Risco Baixo",IF(AND(S57=2,AD57=2),"Risco Baixo",IF(AND(S57=2,AD57=3),"Risco Moderado",IF(AND(S57=2,AD57=4),"Risco Moderado",IF(AND(S57=2,AD57=5),"Risco Moderado",IF(AND(S57=3,AD57=1),"Risco Baixo",IF(AND(S57=3,AD57=2),"Risco Moderado",IF(AND(S57=3,AD57=3),"Risco Moderado",IF(AND(S57=3,AD57=4),"Risco Alto",IF(AND(S57=3,AD57=5),"Risco Alto",IF(AND(S57=4,AD57=1),"Risco Baixo",IF(AND(S57=4,AD57=2),"Risco Moderado",IF(AND(S57=4,AD57=3),"Risco Alto",IF(AND(S57=4,AD57=4),"Risco Alto",IF(AND(S57=4,AD57=5),"Risco Extremo",IF(AND(S57=5,AD57=1),"Risco Moderado",IF(AND(S57=5,AD57=2),"Risco Moderado",IF(AND(S57=5,AD57=3),"Risco Alto",IF(AND(S57=5,AD57=4),"Risco Extremo",IF(AND(S57=5,AD57=5),"Risco Extremo",0))))))))))))))))))))))))) -> 0 | AG57: =IF(AND(AF57>0,AB57>0),AF57,"")

Sheet Matriz de Risco
D2: Ministério da Integração e do Desenvolvimento Regional
D3: Companhia de Desenvolvimento dos Vales do São Francisco e do Parnaíba
A5: PROCESSO: | D5: =Capa!C11 -> 59550.000508/2024-18
A6: =Capa!A12 -> OBJETO DA CONTRATAÇÃO: | D6: =Capa!C12 -> EXECUÇÃO DAS OBRAS DE PAVIMENTAÇÃO E DRENAGEM, DA RODOVIA DA AL- 485, QUE LIGA O MUNICÍPIO DE SÃO SEBASTIÃO/AL AO DE FEIRA GRANDE/AL.
A7: =Capa!A13 -> OBJETIVO DA CONTRATAÇÃO: | D7: =Capa!C13 -> A via, que atualmente é caracterizada como estrada vicinal, possui 14 quilômetros de extensão, e quando pavimentada trará inúmeros benefícios, entre eles o fato de encurtar a distância entre as duas cidades. Atualmente, para se deslocar de Feira Grande até São Sebastião por meio de rodovias asfaltadas é necessário trafegar por três rodovias: AL 485 até Arapiraca; a AL 115 dentro de Arapiraca e, por último, a rodovia AL 110 até a entrada de São Sebastião, totalizando 40 quilômetros de distância. Com a pavimentação da estrada vicinal de apenas 14km de extensão, haverá melhoria no escoamento da produção das duas cidades, como também o fortalecimento do livre comércio entre ambas. Além disso, haverá benefício na cidadania da população, uma vez que atualmente o Cartório Eleitoral que atende Feira Grande fica é localizado na cidade vizinha, São Sebastião.
A8: LOCAL DE EXECUÇÃO: | D8: =Capa!C14 -> Município de Feira Grande a São Sebastião, no estado de Alagoas.
A9: ÁREA/UNIDADE SUPRIDORA: | D9: =Capa!C15 -> Área de Desenvolvimento e Infraestrutura (AD)
A10: ÁREA/UNIDADE DEMANDANTE: | D10: =Capa!C16 -> Gerência de Qualificação Viária (AD/GQV)
A12: Cód* | B12: Etapa de Contratação | C12: Fator de Risco/Causa (devido a...) | D12: Evento de Risco/Incerteza (poderá ocorrer...) | E12: Consequência (Ocasionando) | F12: Responsável pelo Risco (Alocação) | G12: Probabilidade | H12: Impacto | I12: Nível de Risco (Residual) | J12: Resposta - Tipo de Tratamento | K12: Plano de Tratamento
A13: =IF(('Mapeamento de Riscos'!A8)>0,'Mapeamento de Riscos'!A8,"") -> RC001 | B13: =IF('Mapeamento de Riscos'!B8>0,'Mapeamento de Riscos'!B8,"") -> Fase preliminar da contratação - Planejamento | C13: =IF(('Mapeamento de Riscos'!E8)>0,('Mapeamento de Riscos'!E8),"") -> Não obtenção de licenças, permissões e autorizações relativas à execução do contrato e o cumprimento das condicionantes da licença ambiental e/ou dos requisitos técnicos dos órgãos envolvidos (Prefeitura, órgão ambiental, DNIT, IPHAN, DER, etc.) | D13: =IF(('Mapeamento de Riscos'!F8)>0,('Mapeamento de Riscos'!F8),"") -> Poderá ocorrer impossibilidade de início dos serviços | E13: =IF(('Mapeamento de Riscos'!H8)>0,('Mapeamento de Riscos'!H8),"") -> Inviabilidade na celebração do contrato. | F13: =IF(('Mapeamento de Riscos'!I8)>0,('Mapeamento de Riscos'!I8),"") -> Contratante | G13: =IF(('Mapeamento de Riscos'!J8)>0,('Mapeamento de Riscos'!J8),"") -> 1- Muito baixa | H13: =IF(('Mapeamento de Riscos'!U8)>0,('Mapeamento de Riscos'!U8),"") -> 3- Moderado | I13: =IF(('Mapeamento de Riscos'!AF8)>0,('Mapeamento de Riscos'!AF8),"") -> Risco Baixo | J13: =IF('Mapeamento de Riscos'!AH8>0,'Mapeamento de Riscos'!AH8,"") -> Evitar | K13: =IF('Mapeamento de Riscos'!AI8>0,(O54&" PREVENTIVO "&'Mapeamento de Riscos'!AI8&" ATENUANTE "&'Mapeamento de Riscos'!AK8&""""),"")
A14: =IF(('Mapeamento de Riscos'!A9)>0,'Mapeamento de Riscos'!A9,"") -> RC002 | B14: =IF('Mapeamento de Riscos'!B9>0,'Mapeamento de Riscos'!B9,"") -> Gestão e fiscalização do contrato | C14: =IF(('Mapeamento de Riscos'!E9)>0,('Mapeamento de Riscos'!E9),"") -> Não obtenção de licenças, permissões e autorizações relativas à execução do contrato e o cumprimento das condicionantes da licença ambiental e/ou dos requisitos técnicos dos órgãos envolvidos (Prefeitura, órgão ambiental, DNIT, IPHAN, DER, etc.) | D14: =IF(('Mapeamento de Riscos'!F9)>0,('Mapeamento de Riscos'!F9),"") -> Poderá ocorrer imprevisibilidade na aquisição ou/e entrega de bens e serviços | E14: =IF(('Mapeamento de Riscos'!H9)>0,('Mapeamento de Riscos'!H9),"") -> Inviabilidade ou atraso na execução da obra. | F14: =IF(('Mapeamento de Riscos'!I9)>0,('Mapeamento de Riscos'!I9),"") -> Contratada | G14: =IF(('Mapeamento de Riscos'!J9)>0,('Mapeamento de Riscos'!J9),"") -> 1- Muito baixa | H14: =IF(('Mapeamento de Riscos'!U9)>0,('Mapeamento de Riscos'!U9),"") -> 3- Moderado | I14: =IF(('Mapeamento de Riscos'!AF9)>0,('Mapeamento de Riscos'!AF9),"") -> Risco Moderado | J14: =IF('Mapeamento de Riscos'!AH9>0,'Mapeamento de Riscos'!AH9,"") -> Evitar | K14: =IF('Mapeamento de Riscos'!AI9>0,(O55&" PREVENTIVO "&'Mapeamento de Riscos'!AI9&" ATENUANTE "&'Mapeamento de Riscos'!AK9&""""),"")
A15: =IF(('Mapeamento de Riscos'!A10)>0,'Mapeamento de Riscos'!A10,"") -> RC003 | B15: =IF('Mapeamento de Riscos'!B10>0,'Mapeamento de Riscos'!B10,"") -> Gestão e fiscalização do contrato | C15: =IF(('Mapeamento de Riscos'!E10)>0,('Mapeamento de Riscos'!E10),"") -> Atrasos no cronograma devido à indisponibilidade de insumos necessários ao início ou continuidade da obra. | D15: =IF(('Mapeamento de Riscos'!F10)>0,('Mapeamento de Riscos'!F10),"") -> Poderá ocorrer imprevisibilidade na aquisição ou/e entrega de bens e serviços | E15: =IF(('Mapeamento de Riscos'!H10)>0,('Mapeamento de Riscos'!H10),"") -> Atraso na execução da obra. | F15: =IF(('Mapeamento de Riscos'!I10)>0,('Mapeamento de Riscos'!I10),"") -> Contratada | G15: =IF(('Mapeamento de Riscos'!J10)>0,('Mapeamento de Riscos'!J10),"") -> 2- Baixa | H15: =IF(('Mapeamento de Riscos'!U10)>0,('Mapeamento de Riscos'!U10),"") -> 2- Pequeno | I15: =IF(('Mapeamento de Riscos'!AF10)>0,('Mapeamento de Riscos'!AF10),"") -> Risco Moderado | J15: =IF('Mapeamento de Riscos'!AH10>0,'Mapeamento de Riscos'!AH10,"") -> Aceitar | K15: =IF('Mapeamento de Riscos'!AI10>0,(O56&" PREVENTIVO "&'Mapeamento de Riscos'!AI10&" ATENUANTE "&'Mapeamento de Riscos'!AK10&""""),"")
A16: =IF(('Mapeamento de Riscos'!A11)>0,'Mapeamento de Riscos'!A11,"") -> RC004 | B16: =IF('Mapeamento de Riscos'!B11>0,'Mapeamento de Riscos'!B11,"") -> Gestão e fiscalização do contrato | C16: =IF(('Mapeamento de Riscos'!E11)>0,('Mapeamento de Riscos'!E11),"") -> Refazer serviços danificados por chuva ou outro fenômeno da natureza que acarretem atraso no cronograma original e/ou aumento dos custos. | D16: =IF(('Mapeamento de Riscos'!F11)>0,('Mapeamento de Riscos'!F11),"") -> Poderá ocorrer acréscimo dos custos operacionais | E16: =IF(('Mapeamento de Riscos'!H11)>0,('Mapeamento de Riscos'!H11),"") -> Atraso na execução da obra. | F16: =IF(('Mapeamento de Riscos'!I11)>0,('Mapeamento de Riscos'!I11),"") -> Contratada | G16: =IF(('Mapeamento de Riscos'!J11)>0,('Mapeamento de Riscos'!J11),"") -> 2- Baixa | H16: =IF(('Mapeamento de Riscos'!U11)>0,('Mapeamento de Riscos'!U11),"") -> 2- Pequeno | I16: =IF(('Mapeamento de Riscos'!AF11)>0,('Mapeamento de Riscos'!AF11),"") -> Risco Baixo | J16: =IF('Mapeamento de Riscos'!AH11>0,'Mapeamento de Riscos'!AH11,"") -> Aceitar | K16: =IF('Mapeamento de Riscos'!AI11>0,(O57&" PREVENTIVO "&'Mapeamento de Riscos'!AI11&" ATENUANTE "&'Mapeamento de Riscos'!AK11&""""),"")
A17: =IF(('Mapeamento de Riscos'!A12)>0,'Mapeamento de Riscos'!A12,"") -> RC005 | B17: =IF('Mapeamento de Riscos'!B12>0,'Mapeamento de Riscos'!B12,"") -> Gestão e fiscalização do contrato | C17: =IF(('Mapeamento de Riscos'!E12)>0,('Mapeamento de Riscos'!E12),"") -> Custos e atrasos decorrentes de pesquisas e descobertas arqueológicas ou outras interferências com o patrimônio histórico, artístico e cultural de quaisquer tipos. | D17: =IF(('Mapeamento de Riscos'!F12)>0,('Mapeamento de Riscos'!F12),"") -> Poderá ocorrer imprevisibilidade na aquisição ou/e entrega de bens e serviços | E17: =IF(('Mapeamento de Riscos'!H12)>0,('Mapeamento de Riscos'!H12),"") -> Atraso na execução da obra; Impossibilidade de execução; Aditivo ao contrato. | F17: =IF(('Mapeamento de Riscos'!I12)>0,('Mapeamento de Riscos'!I12),"") -> Contratante | G17: =IF(('Mapeamento de Riscos'!J12)>0,('Mapeamento de Riscos'!J12),"") -> 1- Muito baixa | H17: =IF(('Mapeamento de Riscos'!U12)>0,('Mapeamento de Riscos'!U12),"") -> 4- Grande | I17: =IF(('Mapeamento de Riscos'!AF12)>0,('Mapeamento de Riscos'!AF12),"") -> Risco Moderado | J17: =IF('Mapeamento de Riscos'!AH12>0,'Mapeamento de Riscos'!AH12,"") -> Aceitar | K17: =IF('Mapeamento de Riscos'!AI12>0,(O58&" PREVENTIVO "&'Mapeamento de Riscos'!AI12&" ATENUANTE "&'Mapeamento de Riscos'!AK12&""""),"") -> PREVENTIVO Regularização fundiária prévia à execução da obra. ATENUANTE Possibilidade de alteração contratual (excepcional), novo cronograma físico-financeiro, aditivo de prazo e/ou suspensão temporária do contrato por parte da Contratante."
A18: =IF(('Mapeamento de Riscos'!A13)>0,'Mapeamento de Riscos'!A13,"") -> RC006 | B18: =IF('Mapeamento de Riscos'!B13>0,'Mapeamento de Riscos'!B13,"") -> Gestão e fiscalização do contrato | C18: =IF(('Mapeamento de Riscos'!E13)>0,('Mapeamento de Riscos'!E13),"") -> Atos de vandalismo, roubos e furtos que causem danos às instalações ou aos equipamentos/materiais, antes do recebimento definitivo pela Contratante. | D18: =IF(('Mapeamento de Riscos'!F13)>0,('Mapeamento de Riscos'!F13),"") -> Poderá ocorrer acréscimo dos custos operacionais | E18: =IF(('Mapeamento de Riscos'!H13)>0,('Mapeamento de Riscos'!H13),"") -> Atraso na execução da obra. | F18: =IF(('Mapeamento de Riscos'!I13)>0,('Mapeamento de Riscos'!I13),"") -> Contratada | G18: =IF(('Mapeamento de Riscos'!J13)>0,('Mapeamento de Riscos'!J13),"") -> 2- Baixa | H18: =IF(('Mapeamento de Riscos'!U13)>0,('Mapeamento de Riscos'!U13),"") -> 2- Pequeno | I18: =IF(('Mapeamento de Riscos'!AF13)>0,('Mapeamento de Riscos'!AF13),"") -> Risco Moderado | J18: =IF('Mapeamento de Riscos'!AH13>0,'Mapeamento de Riscos'!AH13,"") -> Aceitar | K18: =IF('Mapeamento de Riscos'!AI13>0,(O59&" PREVENTIVO "&'Mapeamento de Riscos'!AI13&" ATENUANTE "&'Mapeamento de Riscos'!AK13&""""),"")
A19: =IF(('Mapeamento de Riscos'!A14)>0,'Mapeamento de Riscos'!A14,"") -> RC007 | B19: =IF('Mapeamento de Riscos'!B14>0,'Mapeamento de Riscos'!B14,"") -> Gestão e fiscalização do contrato | C19: =IF(('Mapeamento de Riscos'!E14)>0,('Mapeamento de Riscos'!E14),"") -> Restrições de horário de trabalho que impactem no cronograma, como a impossibilidade de trabalho noturno, em finais de semana ou outros horários determinados. | D19: =IF(('Mapeamento de Riscos'!F14)>0,('Mapeamento de Riscos'!F14),"") -> Poderá ocorrer atraso na execução do serviço | E19: =IF(('Mapeamento de Riscos'!H14)>0,('Mapeamento de Riscos'!H14),"") -> Aumento do prazo necessário para a execução dos serviços | F19: =IF(('Mapeamento de Riscos'!I14)>0,('Mapeamento de Riscos'!I14),"") -> Contratada | G19: =IF(('Mapeamento de Riscos'!J14)>0,('Mapeamento de Riscos'!J14),"") -> 1- Muito baixa | H19: =IF(('Mapeamento de Riscos'!U14)>0,('Mapeamento de Riscos'!U14),"") -> 2- Pequeno | I19: =IF(('Mapeamento de Riscos'!AF14)>0,('Mapeamento de Riscos'!AF14),"") -> Risco Moderado | J19: =IF('Mapeamento de Riscos'!AH14>0,'Mapeamento de Riscos'!AH14,"") -> Aceitar | K19: =IF('Mapeamento de Riscos'!AI14>0,(O60&" PREVENTIVO "&'Mapeamento de Riscos'!AI14&" ATENUANTE "&'Mapeamento de Riscos'!AK14&""""),"")
A20: =IF(('Mapeamento de Riscos'!A15)>0,'Mapeamento de Riscos'!A15,"") -> RC008 | B20: =IF('Mapeamento de Riscos'!B15>0,'Mapeamento de Riscos'!B15,"") -> Gestão e fiscalização do contrato | C20: =IF(('Mapeamento de Riscos'!E15)>0,('Mapeamento de Riscos'!E15),"") -> Custos adicionais para manutenção e operação de desvios de tráfego necessários a continuidade do fluxo de veículos na região da realização da pavimentação. | D20: =IF(('Mapeamento de Riscos'!F15)>0,('Mapeamento de Riscos'!F15),"") -> Poderá ocorrer acréscimo dos custos operacionais | E20: =IF(('Mapeamento de Riscos'!H15)>0,('Mapeamento de Riscos'!H15),"") -> Aumento nos custos dos serviços | F20: =IF(('Mapeamento de Riscos'!I15)>0,('Mapeamento de Riscos'!I15),"") -> Contratada | G20: =IF(('Mapeamento de Riscos'!J15)>0,('Mapeamento de Riscos'!J15),"") -> 2- Baixa | H20: =IF(('Mapeamento de Riscos'!U15)>0,('Mapeamento de Riscos'!U15),"") -> 2- Pequeno | I20: =IF(('Mapeamento de Riscos'!AF15)>0,('Mapeamento de Riscos'!AF15),"") -> Risco Moderado | J20: =IF('Mapeamento de Riscos'!AH15>0,'Mapeamento de Riscos'!AH15,"") -> Aceitar | K20: =IF('Mapeamento de Riscos'!AI15>0,(O61&" PREVENTIVO "&'Mapeamento de Riscos'!AI15&" ATENUANTE "&'Mapeamento de Riscos'!AK15&""""),"")
A21: =IF(('Mapeamento de Riscos'!A16)>0,'Mapeamento de Riscos'!A16,"") -> RC009 | B21: =IF('Mapeamento de Riscos'!B16>0,'Mapeamento de Riscos'!B16,"") -> Gestão e fiscalização do contrato | C21: =IF(('Mapeamento de Riscos'!E16)>0,('Mapeamento de Riscos'!E16),"") -> Custos associados ao remanejamento de elementos interferentes, como linhas de energia (redes de alta e baixa tensão) telecomunicações e saneamento, Dutos e Tubulações de Gás ou petróleo. | D21: =IF(('Mapeamento de Riscos'!F16)>0,('Mapeamento de Riscos'!F16),"") -> Poderá ocorrer acréscimo dos custos operacionais | E21: =IF(('Mapeamento de Riscos'!H16)>0,('Mapeamento de Riscos'!H16),"") -> Necessidade de celebração de aditivos contratuais | F21: =IF(('Mapeamento de Riscos'!I16)>0,('Mapeamento de Riscos'!I16),"") -> Contratante | G21: =IF(('Mapeamento de Riscos'!J16)>0,('Mapeamento de Riscos'!J16),"") -> 3- Média | H21: =IF(('Mapeamento de Riscos'!U16)>0,('Mapeamento de Riscos'!U16),"") -> 3- Moderado | I21: =IF(('Mapeamento de Riscos'!AF16)>0,('Mapeamento de Riscos'!AF16),"") -> Risco Moderado | J21: =IF('Mapeamento de Riscos'!AH16>0,'Mapeamento de Riscos'!AH16,"") -> Aceitar | K21: =IF('Mapeamento de Riscos'!AI16>0,(O62&" PREVENTIVO "&'Mapeamento de Riscos'!AI16&" ATENUANTE "&'Mapeamento de Riscos'!AK16&""""),"")
A22: =IF(('Mapeamento de Riscos'!A17)>0,'Mapeamento de Riscos'!A17,"") -> RC010 | B22: =IF('Mapeamento de Riscos'!B17>0,'Mapeamento de Riscos'!B17,"") -> Gestão e fiscalização do contrato | C22: =IF(('Mapeamento de Riscos'!E17)>0,('Mapeamento de Riscos'!E17),"") -> Decisão arbitral, judicial ou administrativa que impeça ou impossibilite a CONTRATADA de executar fielmente suas obrigações contratuais, exceto nos casos em que a CONTRATADA houver dado causa a tal decisão. | D22: =IF(('Mapeamento de Riscos'!F17)>0,('Mapeamento de Riscos'!F17),"") -> Poderá ocorrer descumprimento de instrumentos contratuais | E22: =IF(('Mapeamento de Riscos'!H17)>0,('Mapeamento de Riscos'!H17),"") -> Impossibilidade do cumprimento contratual, possível paralisação e rescisão contratual, | F22: =IF(('Mapeamento de Riscos'!I17)>0,('Mapeamento de Riscos'!I17),"") -> Contratada | G22: =IF(('Mapeamento de Riscos'!J17)>0,('Mapeamento de Riscos'!J17),"") -> 2- Baixa | H22: =IF(('Mapeamento de Riscos'!U17)>0,('Mapeamento de Riscos'!U17),"") -> 4- Grande | I22: =IF(('Mapeamento de Riscos'!AF17)>0,('Mapeamento de Riscos'!AF17),"") -> Risco Alto | J22: =IF('Mapeamento de Riscos'!AH17>0,'Mapeamento de Riscos'!AH17,"") -> Aceitar | K22: =IF('Mapeamento de Riscos'!AI17>0,(O63&" PREVENTIVO "&'Mapeamento de Riscos'!AI17&" ATENUANTE "&'Mapeamento de Riscos'!AK17&""""),"")
A23: =IF(('Mapeamento de Riscos'!A18)>0,'Mapeamento de Riscos'!A18,"") -> RC011 | B23: =IF('Mapeamento de Riscos'!B18>0,'Mapeamento de Riscos'!B18,"") -> Fase preliminar da contratação - Planejamento | C23: =IF(('Mapeamento de Riscos'!E18)>0,('Mapeamento de Riscos'!E18),"") -> Indisponibilidade orçamentária para realização de licitação. | D23: =IF(('Mapeamento de Riscos'!F18)>0,('Mapeamento de Riscos'!F18),"") -> Poderá ocorrer morosidade no processo e/ou atividade | E23: =IF(('Mapeamento de Riscos'!H18)>0,('Mapeamento de Riscos'!H18),"") -> Impossibilidade da contratação; Compromentimento do orçamento com outras contratações e aditivos. | F23: =IF(('Mapeamento de Riscos'!I18)>0,('Mapeamento de Riscos'!I18),"") -> Contratante | G23: =IF(('Mapeamento de Riscos'!J18)>0,('Mapeamento de Riscos'!J18),"") -> 2- Baixa | H23: =IF(('Mapeamento de Riscos'!U18)>0,('Mapeamento de Riscos'!U18),"") -> 3- Moderado | I23: =IF(('Mapeamento de Riscos'!AF18)>0,('Mapeamento de Riscos'!AF18),"") -> Risco Moderado | J23: =IF('Mapeamento de Riscos'!AH18>0,'Mapeamento de Riscos'!AH18,"") -> Aceitar | K23: =IF('Mapeamento de Riscos'!AI18>0,(O65&" PREVENTIVO "&'Mapeamento de Riscos'!AI18&" ATENUANTE "&'Mapeamento de Riscos'!AK18&""""),"")
A24: =IF(('Mapeamento de Riscos'!A19)>0,'Mapeamento de Riscos'!A19,"") -> RC012 | B24: =IF('Mapeamento de Riscos'!B19>0,'Mapeamento de Riscos'!B19,"") -> Gestão e fiscalização do contrato | C24: =IF(('Mapeamento de Riscos'!E19)>0,('Mapeamento de Riscos'!E19),"") -> Divergências qualitativas inerentes à categoria de solos, verificadas durante a execução dos serviços, que ensejem a alteração na distribuição das estimativas de volumes escavados para cada categoria de solo, sem alteração do volume final escavado. | D24: =IF(('Mapeamento de Riscos'!F19)>0,('Mapeamento de Riscos'!F19),"") -> Poderá ocorrer acréscimo dos custos operacionais | E24: =IF(('Mapeamento de Riscos'!H19)>0,('Mapeamento de Riscos'!H19),"") -> Atraso na execução da obra; Aumento nos custos dos serviços - necessidade de complementação orçamentária; Aditivo ao contrato. | F24: =IF(('Mapeamento de Riscos'!I19)>0,('Mapeamento de Riscos'!I19),"") -> Contratante | G24: =IF(('Mapeamento de Riscos'!J19)>0,('Mapeamento de Riscos'!J19),"") -> 3- Média | H24: =IF(('Mapeamento de Riscos'!U19)>0,('Mapeamento de Riscos'!U19),"") -> 3- Moderado | I24: =IF(('Mapeamento de Riscos'!AF19)>0,('Mapeamento de Riscos'!AF19),"") -> Risco Moderado | J24: =IF('Mapeamento de Riscos'!AH19>0,'Mapeamento de Riscos'!AH19,"") -> Aceitar | K24: =IF('Mapeamento de Riscos'!AI19>0,(O66&" PREVENTIVO "&'Mapeamento de Riscos'!AI19&" ATENUANTE "&'Mapeamento de Riscos'!AK19&""""),"")
A25: =IF(('Mapeamento de Riscos'!A20)>0,'Mapeamento de Riscos'!A20,"") -> RC013 | B25: =IF('Mapeamento de Riscos'!B20>0,'Mapeamento de Riscos'!B20,"") -> Gestão e fiscalização do contrato | C25: =IF(('Mapeamento de Riscos'!E20)>0,('Mapeamento de Riscos'!E20),"") -> Divergências no transporte e bota-fora de materiais escavados (solos). | D25: =IF(('Mapeamento de Riscos'!F20)>0,('Mapeamento de Riscos'!F20),"") -> Poderá ocorrer imprevisibilidade na aquisição ou/e entrega de bens e serviços | E25: =IF(('Mapeamento de Riscos'!H20)>0,('Mapeamento de Riscos'!H20),"") -> Aumento nos custos dos serviços - necessidade de complementação orçamentária; Aditivo ao contrato. | F25: =IF(('Mapeamento de Riscos'!I20)>0,('Mapeamento de Riscos'!I20),"") -> Contratada | G25: =IF(('Mapeamento de Riscos'!J20)>0,('Mapeamento de Riscos'!J20),"") -> 3- Média | H25: =IF(('Mapeamento de Riscos'!U20)>0,('Mapeamento de Riscos'!U20),"") -> 2- Pequeno | I25: =IF(('Mapeamento de Riscos'!AF20)>0,('Mapeamento de Riscos'!AF20),"") -> Risco Moderado | J25: =IF('Mapeamento de Riscos'!AH20>0,'Mapeamento de Riscos'!AH20,"") -> Aceitar | K25: =IF('Mapeamento de Riscos'!AI20>0,(O67&" PREVENTIVO "&'Mapeamento de Riscos'!AI20&" ATENUANTE "&'Mapeamento de Riscos'!AK20&""""),"")
A26: =IF(('Mapeamento de Riscos'!A21)>0,'Mapeamento de Riscos'!A21,"") -> RC014 | B26: =IF('Mapeamento de Riscos'!B21>0,'Mapeamento de Riscos'!B21,"") -> Gestão e fiscalização do contrato | C26: =IF(('Mapeamento de Riscos'!E21)>0,('Mapeamento de Riscos'!E21),"") -> Divergências nos quantitativos estimados inerentes às distâncias médias de transporte entre jazidas, bota-foras e/ou áreas de depósito de materiais escavados (solos). | D26: =IF(('Mapeamento de Riscos'!F21)>0,('Mapeamento de Riscos'!F21),"") -> Poderá ocorrer acréscimo dos custos operacionais | E26: =IF(('Mapeamento de Riscos'!H21)>0,('Mapeamento de Riscos'!H21),"") -> Aumento nos custos dos serviços - necessidade de complementação orçamentária; Aditivo ao contrato. | F26: =IF(('Mapeamento de Riscos'!I21)>0,('Mapeamento de Riscos'!I21),"") -> Contratante | G26: =IF(('Mapeamento de Riscos'!J21)>0,('Mapeamento de Riscos'!J21),"") -> 3- Média | H26: =IF(('Mapeamento de Riscos'!U21)>0,('Mapeamento de Riscos'!U21),"") -> 2- Pequeno | I26: =IF(('Mapeamento de Riscos'!AF21)>0,('Mapeamento de Riscos'!AF21),"") -> Risco Moderado | J26: =IF('Mapeamento de Riscos'!AH21>0,'Mapeamento de Riscos'!AH21,"") -> Aceitar | K26: =IF('Mapeamento de Riscos'!AI21>0,(O68&" PREVENTIVO "&'Mapeamento de Riscos'!AI21&" ATENUANTE "&'Mapeamento de Riscos'!AK21&""""),"")
A27: =IF(('Mapeamento de Riscos'!A22)>0,'Mapeamento de Riscos'!A22,"") -> RC015 | B27: =IF('Mapeamento de Riscos'!B22>0,'Mapeamento de Riscos'!B22,"") -> Fase preliminar da contratação - Planejamento | C27: =IF(('Mapeamento de Riscos'!E22)>0,('Mapeamento de Riscos'!E22),"") -> Revisão de normas técnicas que gerem alterações nas estimativas de custo do(s) serviço(s). | D27: =IF(('Mapeamento de Riscos'!F22)>0,('Mapeamento de Riscos'!F22),"") -> Poderá ocorrer acréscimo dos custos operacionais | E27: =IF(('Mapeamento de Riscos'!H22)>0,('Mapeamento de Riscos'!H22),"") -> Aumento nos custos dos serviços - necessidade de complementação orçamentária; Aditivo ao contrato. | F27: =IF(('Mapeamento de Riscos'!I22)>0,('Mapeamento de Riscos'!I22),"") -> Contratante | G27: =IF(('Mapeamento de Riscos'!J22)>0,('Mapeamento de Riscos'!J22),"") -> 1- Muito baixa | H27: =IF(('Mapeamento de Riscos'!U22)>0,('Mapeamento de Riscos'!U22),"") -> 2- Pequeno | I27: =IF(('Mapeamento de Riscos'!AF22)>0,('Mapeamento de Riscos'!AF22),"") -> Risco Baixo | J27: =IF('Mapeamento de Riscos'!AH22>0,'Mapeamento de Riscos'!AH22,"") -> Aceitar | K27: =IF('Mapeamento de Riscos'!AI22>0,(O69&" PREVENTIVO "&'Mapeamento de Riscos'!AI22&" ATENUANTE "&'Mapeamento de Riscos'!AK22&""""),"")
A28: =IF(('Mapeamento de Riscos'!A23)>0,'Mapeamento de Riscos'!A23,"") -> RC016 | B28: =IF('Mapeamento de Riscos'!B23>0,'Mapeamento de Riscos'!B23,"") -> Seleção de fornecedores e contratação | C28: =IF(('Mapeamento de Riscos'!E23)>0,('Mapeamento de Riscos'!E23),"") -> Não atendimento das condições de aceitação dos serviços ou irregularidade cometida nos casos de subcontratação de serviços. | D28: =IF(('Mapeamento de Riscos'!F23)>0,('Mapeamento de Riscos'!F23),"") -> Poderá ocorrer atraso na execução do serviço | E28: =IF(('Mapeamento de Riscos'!H23)>0,('Mapeamento de Riscos'!H23),"") -> Possibilidade de não aceite e não medição do serviço pela Contratante. Atraso na execução da obra; Aditivo ao contrato. | F28: =IF(('Mapeamento de Riscos'!I23)>0,('Mapeamento de Riscos'!I23),"") -> Contratada | G28: =IF(('Mapeamento de Riscos'!J23)>0,('Mapeamento de Riscos'!J23),"") -> 4- Alta | H28: =IF(('Mapeamento de Riscos'!U23)>0,('Mapeamento de Riscos'!U23),"") -> 3- Moderado | I28: =IF(('Mapeamento de Riscos'!AF23)>0,('Mapeamento de Riscos'!AF23),"") -> Risco Alto | J28: =IF('Mapeamento de Riscos'!AH23>0,'Mapeamento de Riscos'!AH23,"") -> Mitigar | K28: =IF('Mapeamento de Riscos'!AI23>0,(O70&" PREVENTIVO "&'Mapeamento de Riscos'!AI23&" ATENUANTE "&'Mapeamento de Riscos'!AK23&""""),"") -> PREVENTIVO Contratar equipes de apoio à fiscalização ATENUANTE A contratada assumirá os custos inerentes e garantirá a correta execução dos serviços. Possibilidade de aplicação de penalidades previstas no contrato."
A29: =IF(('Mapeamento de Riscos'!A24)>0,'Mapeamento de Riscos'!A24,"") -> RC017 | B29: =IF('Mapeamento de Riscos'!B24>0,'Mapeamento de Riscos'!B24,"") -> Gestão e fiscalização do contrato | C29: =IF(('Mapeamento de Riscos'!E24)>0,('Mapeamento de Riscos'!E24),"") -> Vícios ocultos nos insumos e equipamentos utilizados na execução da obra, sem prejuízo do direito de regresso contra fornecedores durante a execução. | D29: =IF(('Mapeamento de Riscos'!F24)>0,('Mapeamento de Riscos'!F24),"") -> Poderá ocorrer atraso na execução do serviço | E29: =IF(('Mapeamento de Riscos'!H24)>0,('Mapeamento de Riscos'!H24),"") -> Atraso na execução da obra; Aditivo ao contrato. | F29: =IF(('Mapeamento de Riscos'!I24)>0,('Mapeamento de Riscos'!I24),"") -> Contratada | G29: =IF(('Mapeamento de Riscos'!J24)>0,('Mapeamento de Riscos'!J24),"") -> 3- Média | H29: =IF(('Mapeamento de Riscos'!U24)>0,('Mapeamento de Riscos'!U24),"") -> 2- Pequeno | I29: =IF(('Mapeamento de Riscos'!AF24)>0,('Mapeamento de Riscos'!AF24),"") -> Risco Moderado | J29: =IF('Mapeamento de Riscos'!AH24>0,'Mapeamento de Riscos'!AH24,"") -> Aceitar | K29: =IF('Mapeamento de Riscos'!AI24>0,(O71&" PREVENTIVO "&'Mapeamento de Riscos'!AI24&" ATENUANTE "&'Mapeamento de Riscos'!AK24&""""),"")
A30: =IF(('Mapeamento de Riscos'!A25)>0,'Mapeamento de Riscos'!A25,"") -> RC018 | B30: =IF('Mapeamento de Riscos'!B25>0,'Mapeamento de Riscos'!B25,"") -> Fase preliminar da contratação - Planejamento | C30: =IF(('Mapeamento de Riscos'!E25)>0,('Mapeamento de Riscos'!E25),"") -> Atrasos/falhas na regularização fundiária e/ou atrasos nas liberações das áreas para execução dos serviços, desde que não haja responsabilidade da Contratada. | D30: =IF(('Mapeamento de Riscos'!F25)>0,('Mapeamento de Riscos'!F25),"") -> Poderá ocorrer atraso na execução do serviço | E30: =IF(('Mapeamento de Riscos'!H25)>0,('Mapeamento de Riscos'!H25),"") -> Dificuldade na regularização fundiária; Alterações no projeto | F30: =IF(('Mapeamento de Riscos'!I25)>0,('Mapeamento de Riscos'!I25),"") -> Contratante | G30: =IF(('Mapeamento de Riscos'!J25)>0,('Mapeamento de Riscos'!J25),"") -> 4- Alta | H30: =IF(('Mapeamento de Riscos'!U25)>0,('Mapeamento de Riscos'!U25),"") -> 4- Grande | I30: =IF(('Mapeamento de Riscos'!AF25)>0,('Mapeamento de Riscos'!AF25),"") -> Risco Alto | J30: =IF('Mapeamento de Riscos'!AH25>0,'Mapeamento de Riscos'!AH25,"") -> Mitigar | K30: =IF('Mapeamento de Riscos'!AI25>0,(O72&" PREVENTIVO "&'Mapeamento de Riscos'!AI25&" ATENUANTE "&'Mapeamento de Riscos'!AK25&""""),"") -> PREVENTIVO Regularização fundiária prévia à execução da obra. ATENUANTE Possibilidade de alteração contratual (excepcional), novo cronograma físico-financeiro, aditivo de prazo e/ou suspensão temporária do contrato por parte da Contratante."
A31: =IF(('Mapeamento de Riscos'!A26)>0,'Mapeamento de Riscos'!A26,"") -> RC019 | B31: =IF('Mapeamento de Riscos'!B26>0,'Mapeamento de Riscos'!B26,"") -> Gestão e fiscalização do contrato | C31: =IF(('Mapeamento de Riscos'!E26)>0,('Mapeamento de Riscos'!E26),"") -> Ocorrência de precipitações médias mensais que excedam em mais de 20% média mensal dos últimos 5 anos | D31: =IF(('Mapeamento de Riscos'!F26)>0,('Mapeamento de Riscos'!F26),"") -> Poderá ocorrer atraso na execução do serviço | E31: =IF(('Mapeamento de Riscos'!H26)>0,('Mapeamento de Riscos'!H26),"") -> Atraso na execução da obra; Aditivo ao contrato. | F31: =IF(('Mapeamento de Riscos'!I26)>0,('Mapeamento de Riscos'!I26),"") -> Contratante | G31: =IF(('Mapeamento de Riscos'!J26)>0,('Mapeamento de Riscos'!J26),"") -> 4- Alta | H31: =IF(('Mapeamento de Riscos'!U26)>0,('Mapeamento de Riscos'!U26),"") -> 3- Moderado | I31: =IF(('Mapeamento de Riscos'!AF26)>0,('Mapeamento de Riscos'!AF26),"") -> Risco Alto | J31: =IF('Mapeamento de Riscos'!AH26>0,'Mapeamento de Riscos'!AH26,"") -> Mitigar | K31: =IF('Mapeamento de Riscos'!AI26>0,(O73&" PREVENTIVO "&'Mapeamento de Riscos'!AI26&" ATENUANTE "&'Mapeamento de Riscos'!AK26&""""),"")
A32: =IF(('Mapeamento de Riscos'!A27)>0,'Mapeamento de Riscos'!A27,"") -> RC020 | B32: =IF('Mapeamento de Riscos'!B27>0,'Mapeamento de Riscos'!B27,"") -> Gestão e fiscalização do contrato | C32: =IF(('Mapeamento de Riscos'!E27)>0,('Mapeamento de Riscos'!E27),"") -> Ocorrência de precipitações médias mensais até 20% acima da média mensal dos últimos 5 anos | D32: =IF(('Mapeamento de Riscos'!F27)>0,('Mapeamento de Riscos'!F27),"") -> Poderá ocorrer atraso na execução do serviço | E32: =IF(('Mapeamento de Riscos'!H27)>0,('Mapeamento de Riscos'!H27),"") -> Atraso na execução da obra; Aditivo ao contrato. | F32: =IF(('Mapeamento de Riscos'!I27)>0,('Mapeamento de Riscos'!I27),"") -> Contratada | G32: =IF(('Mapeamento de Riscos'!J27)>0,('Mapeamento de Riscos'!J27),"") -> 3- Média | H32: =IF(('Mapeamento de Riscos'!U27)>0,('Mapeamento de Riscos'!U27),"") -> 3- Moderado | I32: =IF(('Mapeamento de Riscos'!AF27)>0,('Mapeamento de Riscos'!AF27),"") -> Risco Moderado | J32: =IF('Mapeamento de Riscos'!AH27>0,'Mapeamento de Riscos'!AH27,"") -> Aceitar | K32: =IF('Mapeamento de Riscos'!AI27>0,(O74&" PREVENTIVO "&'Mapeamento de Riscos'!AI27&" ATENUANTE "&'Mapeamento de Riscos'!AK27&""""),"")
A33: =IF(('Mapeamento de Riscos'!A28)>0,'Mapeamento de Riscos'!A28,"") -> RC021 | B33: =IF('Mapeamento de Riscos'!B28>0,'Mapeamento de Riscos'!B28,"") -> Seleção de fornecedores e contratação | C33: =IF(('Mapeamento de Riscos'!E28)>0,('Mapeamento de Riscos'!E28),"") -> Ocorrência de eventos relacionados à saúde financeira da Contratada. | D33: =IF(('Mapeamento de Riscos'!F28)>0,('Mapeamento de Riscos'!F28),"") -> Poderá ocorrer imprevisibilidade na aquisição ou/e entrega de bens e serviços | E33: =IF(('Mapeamento de Riscos'!H28)>0,('Mapeamento de Riscos'!H28),"") -> Atraso na execução da obra; Impossibilidade de execução; Aditivo ao contrato. | F33: =IF(('Mapeamento de Riscos'!I28)>0,('Mapeamento de Riscos'!I28),"") -> Contratada | G33: =IF(('Mapeamento de Riscos'!J28)>0,('Mapeamento de Riscos'!J28),"") -> 1- Muito baixa | H33: =IF(('Mapeamento de Riscos'!U28)>0,('Mapeamento de Riscos'!U28),"") -> 3- Moderado | I33: =IF(('Mapeamento de Riscos'!AF28)>0,('Mapeamento de Riscos'!AF28),"") -> Risco Moderado | J33: =IF('Mapeamento de Riscos'!AH28>0,'Mapeamento de Riscos'!AH28,"") -> Aceitar | K33: =IF('Mapeamento de Riscos'!AI28>0,(O75&" PREVENTIVO "&'Mapeamento de Riscos'!AI28&" ATENUANTE "&'Mapeamento de Riscos'!AK28&""""),"")
A34: =IF(('Mapeamento de Riscos'!A29)>0,'Mapeamento de Riscos'!A29,"") -> RC022 | B34: =IF('Mapeamento de Riscos'!B29>0,'Mapeamento de Riscos'!B29,"") -> Gestão e fiscalização do contrato | C34: =IF(('Mapeamento de Riscos'!E29)>0,('Mapeamento de Riscos'!E29),"") -> Ocorrência de epidemia/pandemia durante a execução contratual que ocasionem impactos ao andamento do(s) serviço(s) devidamente comprovados. | D34: =IF(('Mapeamento de Riscos'!F29)>0,('Mapeamento de Riscos'!F29),"") -> Poderá ocorrer imprevisibilidade na aquisição ou/e entrega de bens e serviços | E34: =IF(('Mapeamento de Riscos'!H29)>0,('Mapeamento de Riscos'!H29),"") -> Atraso na execução da obra; Impossibilidade de execução; Aditivo ao contrato. | F34: =IF(('Mapeamento de Riscos'!I29)>0,('Mapeamento de Riscos'!I29),"") -> Contratante | G34: =IF(('Mapeamento de Riscos'!J29)>0,('Mapeamento de Riscos'!J29),"") -> 2- Baixa | H34: =IF(('Mapeamento de Riscos'!U29)>0,('Mapeamento de Riscos'!U29),"") -> 3- Moderado | I34: =IF(('Mapeamento de Riscos'!AF29)>0,('Mapeamento de Riscos'!AF29),"") -> Risco Moderado | J34: =IF('Mapeamento de Riscos'!AH29>0,'Mapeamento de Riscos'!AH29,"") -> Mitigar | K34: =IF('Mapeamento de Riscos'!AI29>0,(O76&" PREVENTIVO "&'Mapeamento de Riscos'!AI29&" ATENUANTE "&'Mapeamento de Riscos'!AK29&""""),"") -> PREVENTIVO Não há. ATENUANTE Possibilidade de aditivo de prazo e/ou suspensão temporária do contrato. Possibilidade de revisão contratual mediante a apresentação de justificativas e documentos comprobatórios."
... A62: =IF(('Mapeamento de Riscos'!A57)>0,'Mapeamento de Riscos'!A57,"") -> RC050 | B62: =IF('Mapeamento de Riscos'!B57>0,'Mapeamento de Riscos'!B57,"") | C62: =IF(('Mapeamento de Riscos'!E57)>0,('Mapeamento de Riscos'!E57),"") | D62: =IF(('Mapeamento de Riscos'!F57)>0,('Mapeamento de Riscos'!F57),"") | E62: =IF(('Mapeamento de Riscos'!H57)>0,('Mapeamento de Riscos'!H57),"") | F62: =IF(('Mapeamento de Riscos'!I57)>0,('Mapeamento de Riscos'!I57),"") | G62: =IF(('Mapeamento de Riscos'!J57)>0,('Mapeamento de Riscos'!J57),"") | H62: =IF(('Mapeamento de Riscos'!U57)>0,('Mapeamento de Riscos'!U57),"") | I62: =IF(('Mapeamento de Riscos'!AF57)>0,('Mapeamento de Riscos'!AF57),"") | J62: =IF('Mapeamento de Riscos'!AH57>0,'Mapeamento de Riscos'!AH57,"") | K62: =IF('Mapeamento de Riscos'!AI57>0,(O104&" PREVENTIVO "&'Mapeamento de Riscos'!AI57&" ATENUANTE "&'Mapeamento de Riscos'!AK57&""""),"")
A63: * Ocultar as linhas que não forem utilizadas.
A65: =Capa!A20 -> COORDENADOR DO PROJETO OBJETO DA CONTRATAÇÃO - DEMANDANTE
A66: Nome: | B66: =IF(Capa!B21>0,Capa!B21,"") -> Roberto Hiroshi Barros Kubo | E66: Lotação: | F66: =IF(Capa!G21>0,Capa!G21,"") -> AD/GQV
A68: =Capa!A22 -> ANALISTAS RESPONSÁVEIS PELO MAPEAMENTO DOS RISCOS DA CONTRATAÇÃO - DEMANDANTE
A69: Nome: | B69: =IF(Capa!B23>0,Capa!B23,"") -> Ramon Gonçalves de Lima | E69: Lotação: | F69: =IF(Capa!G23>0,Capa!G23,"") -> AD/GQV/UGV
A70: Nome: | B70: =IF(Capa!B24>0,Capa!B24,"") -> Thiago Freitas De Porfírio Sousa | E70: Lotação: | F70: =IF(Capa!G24>0,Capa!G24,"") -> AD/GQV/UIO
A71: Nome: | B71: =IF(Capa!B25>0,Capa!B25,"") | E71: Lotação: | F71: =IF(Capa!G25>0,Capa!G25,"")
A72: Nome: | B72: =IF(Capa!B26>0,Capa!B26,"") | E72: Lotação: | F72: =IF(Capa!G26>0,Capa!G26,"")
A73: Nome: | B73: =IF(Capa!B27>0,Capa!B27,"") | E73: Lotação: | F73: =IF(Capa!G27>0,Capa!G27,"")
A75: =Capa!A17 -> LOCAL/DATA: | C75: =Capa!C17 -> 45433

Sheet BD - RISCOS
A3: Fator de Risco/Causa (devido a) | C3: Risco/Incerteza (Poderá ocorrer) | E3: Consequência (Ocasionando) | G3: Controles Preventivos
A4: Acúmulo excessivo de despesas inscritas em Restos a Pagar a cada exercício, por falha no planejamento das áreas executoras quanto à utilização desses créditos | C4: Poderá ocorrer inconsistências nas análises processuais | E4: =IF('Lista de Riscos Normalizados'!E2>0,'Lista de Riscos Normalizados'!E2,"")
A5: Alta rotatividade (Gestores e pontos focais) | C5: Poderá ocorrer inconsistência na interpretação de dados e informações | E5: =IF('Lista de Riscos Normalizados'!E3>0,'Lista de Riscos Normalizados'!E3,"") | G5: Definição | H5: Controles que atuam a priori e sobre a probabilidade de ocorrência de um evento de risco.
A6: Alteração de Portaria ou de posicionamento do analista do órgão ambiental durante a elaboração do estudo e/ou acompanhamento ineficaz do andamento dos estudos por parte do fiscal de gestão do contrato para elaboração do estudo ambiental | C6: Poderá ocorrer imprevisibilidade nos pagamentos | E6: =IF('Lista de Riscos Normalizados'!E4>0,'Lista de Riscos Normalizados'!E4,"") | G6: Tipo | H6: Critérios/Definições
A7: Alteração, por parte do Ministério da Economia, das datas limites para alterações orçamentárias | C7: Poderá ocorrer perda de dados | E7: =IF('Lista de Riscos Normalizados'!E5>0,'Lista de Riscos Normalizados'!E5,"") | G7: Acompanhamento da programação orçamentária.
A8: Alterações de padrão de envio das informações pela Receita Federal | C8: Poderá ocorrer descumprimento de instrumentos contratuais | E8: =IF('Lista de Riscos Normalizados'!E6>0,'Lista de Riscos Normalizados'!E6,"") | G8: Acompanhamento da segurança do trabalho.
A9: Aprovação incompatível da LOA com as necessidades orçamentárias planejadas pela AI a presidência | C9: Poderá ocorrer imprevisibilidade na aquisição ou/e entrega de bens e serviços | E9: =IF('Lista de Riscos Normalizados'!E7>0,'Lista de Riscos Normalizados'!E7,"") | G9: Acompanhamento de leis orçamentárias.
A10: Atraso no envio dos relatórios de fechamento para lançamento das informações no SIAFI | C10: Poderá ocorrer inconsistência na análise de dados e informações | E10: =IF('Lista de Riscos Normalizados'!E8>0,'Lista de Riscos Normalizados'!E8,"") | G10: Acompanhamento dos pagamentos críticos.
A11: Aumento de projetos pela expansão da empresa | C11: Poderá ocorrer perda oportunidade na obtenção de créditos/receitas | E11: =IF('Lista de Riscos Normalizados'!E9>0,'Lista de Riscos Normalizados'!E9,"") | G11: Acompanhamento médico.
A12: Ausência de ações estruturadas a partir dos resultados das pesquisas de opinião para o clima organizacional | C12: Poderá ocorrer ineficiência nas atividades operacionais | E12: =IF('Lista de Riscos Normalizados'!E10>0,'Lista de Riscos Normalizados'!E10,"") | G12: Acompanhamento psicossocial.
A13: Ausência de dados de produção agropecuária dos novos PPIs e das novas áreas de atuação da empresa | C13: Poderá ocorrer ineficiência no atendimento de demandas | E13: =IF('Lista de Riscos Normalizados'!E11>0,'Lista de Riscos Normalizados'!E11,"") | G13: Acompanhar diagnóstico.
A14: Ausência de dimensionamento de quadro de pessoal | C14: Poderá ocorrer clientelismo, nepotismo ou favorecimento indevido | E14: =IF('Lista de Riscos Normalizados'!E12>0,'Lista de Riscos Normalizados'!E12,"") | G14: Adequação da operação.
A15: Ausência de diretrizes da política de indicação e do plano sucessório e alta rotatividade na gestão da GPE | C15: Poderá ocorrer inconsistência na elaboração/cumprimento de planos, políticas e programas | E15: =IF('Lista de Riscos Normalizados'!E13>0,'Lista de Riscos Normalizados'!E13,"") | G15: Ajuste na programação para cobertura orçamentária total da despesa.
A16: Ausência de diretrizes estabelecidas para implementação das obras de pavimentação e de pontes modulares | C16: Poderá ocorrer adoecimento de funcionários e/ou acidente de trabalho | E16: =IF('Lista de Riscos Normalizados'!E14>0,'Lista de Riscos Normalizados'!E14,"") | G16: Análise de conformidade.
A17: Ausência de documentos técnicos padrões para projetos estruturantes | C17: Poderá ocorrer insatisfação dos demandantes | E17: =IF('Lista de Riscos Normalizados'!E15>0,'Lista de Riscos Normalizados'!E15,"") | G17: Análise de viabilidade.
A18: Ausência de estrutura de unidades na gerência | C18: Poderá ocorrer baixa confiabilidade da integridade dos dados disponibilizados e da segurança das informações | E18: =IF('Lista de Riscos Normalizados'!E16>0,'Lista de Riscos Normalizados'!E16,"") | G18: Análise jurídica.
... A44: Ausência de um processo para disponibilização e atualização de perfis de competência centrados em habilidades cognitivas, técnicas e comportamentais para ocupações críticas | C44: Poderá ocorrer inconsistências nas análises jurídicas | E44: =IF('Lista de Riscos Normalizados'!E42>0,'Lista de Riscos Normalizados'!E42,"") | G44: Elaboração de recursos processuais.
A45: Ausência de um sistema que garanta o cumprimento da Lei Geral de Proteção de Dados (LGPD) | C45: =IF('Lista de Riscos Normalizados'!C2>0,'Lista de Riscos Normalizados'!C2,"") | E45: =IF('Lista de Riscos Normalizados'!E43>0,'Lista de Riscos Normalizados'!E43,"") | G45: Elaboração do plano operativo anual.
A46: Ausência de uma política de backup alinhada às necessidades do negócio com informações e parâmetros de sistemas de suporte em conformidade com as necessidades do negócio | C46: =IF('Lista de Riscos Normalizados'!C3>0,'Lista de Riscos Normalizados'!C3,"") | E46: =IF('Lista de Riscos Normalizados'!E44>0,'Lista de Riscos Normalizados'!E44,"") | G46: Exigências em editais de licitação.
A47: Ausência de unidades regionais (rebatimento) | C47: =IF('Lista de Riscos Normalizados'!C4>0,'Lista de Riscos Normalizados'!C4,"") | E47: =IF('Lista de Riscos Normalizados'!E45>0,'Lista de Riscos Normalizados'!E45,"") | G47: Formalização de ocupação.
A48: Ausência de uniformidade na interpretação da legislação Agrário e normativos da Codevasf entre setores da Codevasf | C48: =IF('Lista de Riscos Normalizados'!C5>0,'Lista de Riscos Normalizados'!C5,"") | E48: =IF('Lista de Riscos Normalizados'!E46>0,'Lista de Riscos Normalizados'!E46,"") | G48: Gerador para energia de emergência.
A49: Ausência ou desatualização de um processo estabelecido e padronizado para atendimento a demandas externas e internas | C49: =IF('Lista de Riscos Normalizados'!C6>0,'Lista de Riscos Normalizados'!C6,"") | E49: =IF('Lista de Riscos Normalizados'!E47>0,'Lista de Riscos Normalizados'!E47,"") | G49: Gestão de fiscalização dos Contratos.
A50: Ausência ou ineficácia de método/sistema de levantamento dos dados de produção agropecuária dos PPIs | C50: =IF('Lista de Riscos Normalizados'!C7>0,'Lista de Riscos Normalizados'!C7,"") | E50: =IF('Lista de Riscos Normalizados'!E48>0,'Lista de Riscos Normalizados'!E48,"") | G50: Gestão de ocorrência de imprevistos.
A51: Baixa integração de sistemas legados, ausência de sistemas integrados e ineficiência dos sistemas | C51: =IF('Lista de Riscos Normalizados'!C8>0,'Lista de Riscos Normalizados'!C8,"") | E51: =IF('Lista de Riscos Normalizados'!E49>0,'Lista de Riscos Normalizados'!E49,"") | G51: Gestões prévias e durante o andamento do processo junto ao órgão ambiental.
A52: Baixa maturidade institucional em atuações transversais e desinteresse em atuar de forma orientada a métodos | C52: =IF('Lista de Riscos Normalizados'!C9>0,'Lista de Riscos Normalizados'!C9,"") | E52: =IF('Lista de Riscos Normalizados'!E50>0,'Lista de Riscos Normalizados'!E50,"") | G52: Integração e alinhamentos com áreas internas e Superintendências da codevasf.
A53: Capacitação insuficiente | C53: =IF('Lista de Riscos Normalizados'!C10>0,'Lista de Riscos Normalizados'!C10,"") | E53: =IF('Lista de Riscos Normalizados'!E51>0,'Lista de Riscos Normalizados'!E51,"") | G53: Justificativas aos órgãos ordenadores da necessidade de aplicação de recursos.
A54: Capacitação insuficiente dos profissionais dos Centros de Recursos Pesqueiros e sobrecarga de atribuições para o chefe do Centro | C54: =IF('Lista de Riscos Normalizados'!C11>0,'Lista de Riscos Normalizados'!C11,"") | E54: =IF('Lista de Riscos Normalizados'!E52>0,'Lista de Riscos Normalizados'!E52,"") | G54: Levantamento de necessidades de treinamento com os gestores.
A55: Capacitação insuficiente em ferramentas de monitoramento e em acompanhamento de políticas públicas | C55: =IF('Lista de Riscos Normalizados'!C12>0,'Lista de Riscos Normalizados'!C12,"") | E55: =IF('Lista de Riscos Normalizados'!E53>0,'Lista de Riscos Normalizados'!E53,"") | G55: Levantamento dos valores bloqueados e cancelados e encaminhamento às Áreas para regularização dos saldos invertidos.
A56: Capacitação insuficiente em gestão de contratos (macroprocesso) | C56: =IF('Lista de Riscos Normalizados'!C13>0,'Lista de Riscos Normalizados'!C13,"") | E56: =IF('Lista de Riscos Normalizados'!E54>0,'Lista de Riscos Normalizados'!E54,"") | G56: Manutenção de alinhamento prévio com MDR (Planilha, e-mail, telefone).
... A96: Falta de divulgação do material digitalizado e pouco acesso dos usuários ao Repositório Digital | C96: =IF('Lista de Riscos Normalizados'!C53>0,'Lista de Riscos Normalizados'!C53,"") | E96: =IF('Lista de Riscos Normalizados'!E94>0,'Lista de Riscos Normalizados'!E94,"") | G96: Verificação das iniciativas aprovadas.
A97: Falta de gestão de manutenção preventiva, com a identificação de possíveis falhas e quedas de desempenho ou defeitos em estágio inicial | C97: =IF('Lista de Riscos Normalizados'!C54>0,'Lista de Riscos Normalizados'!C54,"") | E97: =IF('Lista de Riscos Normalizados'!E95>0,'Lista de Riscos Normalizados'!E95,"")
A98: Falta de implementação de mecanismos de gestão e governança e não atendimento de boa parte das orientações de gestão e governança dos órgãos de controle | C98: =IF('Lista de Riscos Normalizados'!C55>0,'Lista de Riscos Normalizados'!C55,"") | E98: =IF('Lista de Riscos Normalizados'!E96>0,'Lista de Riscos Normalizados'!E96,"")
A99: Falta de informações das áreas pertinentes sobre os dados solicitados para análise | C99: =IF('Lista de Riscos Normalizados'!C56>0,'Lista de Riscos Normalizados'!C56,"") | E99: =IF('Lista de Riscos Normalizados'!E97>0,'Lista de Riscos Normalizados'!E97,"")
A100: Falta de integração da Plataforma + Brasil com o módulo do sistema SIGEO | C100: =IF('Lista de Riscos Normalizados'!C57>0,'Lista de Riscos Normalizados'!C57,"") | E100: =IF('Lista de Riscos Normalizados'!E98>0,'Lista de Riscos Normalizados'!E98,"")
A101: Falta de mecanismos e procedimentos adequados para o controle efetivo do acesso, concessão de perfis de acesso a sistemas de informação e a outros recursos a funcionários da contratada | C101: =IF('Lista de Riscos Normalizados'!C58>0,'Lista de Riscos Normalizados'!C58,"") | E101: =IF('Lista de Riscos Normalizados'!E99>0,'Lista de Riscos Normalizados'!E99,"")
A102: Falta de motivação concreta compatível com responsabilização da função | C102: =IF('Lista de Riscos Normalizados'!C59>0,'Lista de Riscos Normalizados'!C59,"") | E102: =IF('Lista de Riscos Normalizados'!E100>0,'Lista de Riscos Normalizados'!E100,"")
A103: Falta de padronização dos procedimentos | C103: =IF('Lista de Riscos Normalizados'!C60>0,'Lista de Riscos Normalizados'!C60,"") | E103: =IF('Lista de Riscos Normalizados'!E101>0,'Lista de Riscos Normalizados'!E101,"")
A104: Falta de padronização dos procedimentos e processos | C104: =IF('Lista de Riscos Normalizados'!C61>0,'Lista de Riscos Normalizados'!C61,"") | E104: =IF('Lista de Riscos Normalizados'!E102>0,'Lista de Riscos Normalizados'!E102,"")
A105: Falta de planejamento da operacionalização e manutenção das infraestruturas | C105: =IF('Lista de Riscos Normalizados'!C62>0,'Lista de Riscos Normalizados'!C62,"") | E105: =IF('Lista de Riscos Normalizados'!E103>0,'Lista de Riscos Normalizados'!E103,"")
A106: Falta de planejamento por parte da contratante e intempestividade da contratante para adequação de infraestrutura básica de TI | C106: =IF('Lista de Riscos Normalizados'!C63>0,'Lista de Riscos Normalizados'!C63,"") | E106: =IF('Lista de Riscos Normalizados'!E104>0,'Lista de Riscos Normalizados'!E104,"")
A107: Falta de prioridade na destinação de recursos orçamentários e financeiros | C107: =IF('Lista de Riscos Normalizados'!C64>0,'Lista de Riscos Normalizados'!C64,"") | E107: =IF('Lista de Riscos Normalizados'!E105>0,'Lista de Riscos Normalizados'!E105,"")
A108: Falta de priorização da área no levantamento das informações necessárias para alegação do direito | C108: =IF('Lista de Riscos Normalizados'!C65>0,'Lista de Riscos Normalizados'!C65,"") -> Inserir novo Risco: | E108: =IF('Lista de Riscos Normalizados'!E106>0,'Lista de Riscos Normalizados'!E106,"")
... A169: Utilização inadequada da rubrica de produção para custeio administrativo | C169: =IF('Lista de Riscos Normalizados'!C126>0,'Lista de Riscos Normalizados'!C126,"") | E169: =IF('Lista de Riscos Normalizados'!E167>0,'Lista de Riscos Normalizados'!E167,"")
